Workbook

Sheet Natijalar
A1: Botanica BC — moliyaviy model: sotish · ijara · gibrid
A2: Baholanayotgan tomon: MULKDOR (developer). Xaridor-investor va biznes operatori — alohida varaqlarda. Hisob davri: 2026-yil oktabrdan, qurilish + 10 yil ekspluatatsiya. USD, QQSsiz, foyda solig'idan keyin, qarz mablag'isiz.
A4: Ko'rsatkich | B4: A · Kons | C4: A · Baza | D4: A · Opt | E4: B · Kons | F4: B · Baza | G4: B · Opt | H4: C · Kons | I4: C · Baza | J4: C · Opt
A5: Jami investitsiya (yer + qurilish + tayyorlash), $ | B5: =Hisob_A_Sotish!$C$19+Hisob_A_Sotish!$C$16+Hisob_A_Sotish!$C$18 -> 4677603 | C5: =Hisob_A_Sotish!$C$52+Hisob_A_Sotish!$C$49+Hisob_A_Sotish!$C$51 -> 3940478.8 | D5: =Hisob_A_Sotish!$C$85+Hisob_A_Sotish!$C$82+Hisob_A_Sotish!$C$84 -> 3380273.5 | E5: =Hisob_B_Ijara!$C$19+Hisob_B_Ijara!$C$16+Hisob_B_Ijara!$C$18 -> 5063913 | F5: =Hisob_B_Ijara!$C$52+Hisob_B_Ijara!$C$49+Hisob_B_Ijara!$C$51 -> 4275280.8 | G5: =Hisob_B_Ijara!$C$85+Hisob_B_Ijara!$C$82+Hisob_B_Ijara!$C$84 -> 3637813.5 | H5: =Hisob_C_Gibrid!$C$19+Hisob_C_Gibrid!$C$16+Hisob_C_Gibrid!$C$18 -> 4759803 | I5: =Hisob_C_Gibrid!$C$52+Hisob_C_Gibrid!$C$49+Hisob_C_Gibrid!$C$51 -> 4011718.8 | J5: =Hisob_C_Gibrid!$C$85+Hisob_C_Gibrid!$C$82+Hisob_C_Gibrid!$C$84 -> 3435073.5
A6: Eng katta moliyalashtirish ehtiyoji, $ | B6: =MAX(0,-MIN(Hisob_A_Sotish!$D$37:$FP$37)) -> 1825772.5 | C6: =MAX(0,-MIN(Hisob_A_Sotish!$D$70:$FP$70)) -> 925056 | D6: =MAX(0,-MIN(Hisob_A_Sotish!$D$103:$FP$103)) -> 822544.9 | E6: =MAX(0,-MIN(Hisob_B_Ijara!$D$37:$FP$37)) -> 5250740 | F6: =MAX(0,-MIN(Hisob_B_Ijara!$D$70:$FP$70)) -> 4342207.2 | G6: =MAX(0,-MIN(Hisob_B_Ijara!$D$103:$FP$103)) -> 3671132 | H6: =MAX(0,-MIN(Hisob_C_Gibrid!$D$37:$FP$37)) -> 2455632.8 | I6: =MAX(0,-MIN(Hisob_C_Gibrid!$D$70:$FP$70)) -> 1030786.5 | J6: =MAX(0,-MIN(Hisob_C_Gibrid!$D$103:$FP$103)) -> 873563.19
A7: Sotuvdan tushum (QQSsiz), $ | B7: =Hisob_A_Sotish!$C$13 -> 3523223.9 | C7: =Hisob_A_Sotish!$C$46 -> 4156679.4 | D7: =Hisob_A_Sotish!$C$79 -> 4790726.6 | E7: =Hisob_B_Ijara!$C$13 -> 0 | F7: =Hisob_B_Ijara!$C$46 -> 0 | G7: =Hisob_B_Ijara!$C$79 -> 0 | H7: =Hisob_C_Gibrid!$C$13 -> 2856413.4 | I7: =Hisob_C_Gibrid!$C$46 -> 3362142.8 | J7: =Hisob_C_Gibrid!$C$79 -> 3839815.8
A8: Ijaradan NOI (butun davr), $ | B8: =Hisob_A_Sotish!$C$30 -> 0 | C8: =Hisob_A_Sotish!$C$63 -> 0 | D8: =Hisob_A_Sotish!$C$96 -> 0 | E8: =Hisob_B_Ijara!$C$30 -> 967902.96 | F8: =Hisob_B_Ijara!$C$63 -> 2813402.1 | G8: =Hisob_B_Ijara!$C$96 -> 5091363.6 | H8: =Hisob_C_Gibrid!$C$30 -> 112442.54 | I8: =Hisob_C_Gibrid!$C$63 -> 493898.71 | J8: =Hisob_C_Gibrid!$C$96 -> 942877.43
A9: Terminal qiymat (soliqdan keyin), $ | B9: =Hisob_A_Sotish!$C$35 -> 0 | C9: =Hisob_A_Sotish!$C$68 -> 0 | D9: =Hisob_A_Sotish!$C$101 -> 0 | E9: =Hisob_B_Ijara!$C$35 -> 3007862.1 | F9: =Hisob_B_Ijara!$C$68 -> 4968020.7 | G9: =Hisob_B_Ijara!$C$101 -> 8231726.4 | H9: =Hisob_C_Gibrid!$C$35 -> 565942.35 | I9: =Hisob_C_Gibrid!$C$68 -> 972289.04 | J9: =Hisob_C_Gibrid!$C$101 -> 1604844
A10: Foyda solig'i jami, $ | B10: =Hisob_A_Sotish!$C$15+Hisob_A_Sotish!$C$32 -> 0 | C10: =Hisob_A_Sotish!$C$48+Hisob_A_Sotish!$C$65 -> 9107.5235 | D10: =Hisob_A_Sotish!$C$81+Hisob_A_Sotish!$C$98 -> 185366.66 | E10: =Hisob_B_Ijara!$C$15+Hisob_B_Ijara!$C$32 -> 0 | F10: =Hisob_B_Ijara!$C$48+Hisob_B_Ijara!$C$65 -> 191548.87 | G10: =Hisob_B_Ijara!$C$81+Hisob_B_Ijara!$C$98 -> 562058.34 | H10: =Hisob_C_Gibrid!$C$15+Hisob_C_Gibrid!$C$32 -> 0 | I10: =Hisob_C_Gibrid!$C$48+Hisob_C_Gibrid!$C$65 -> 53015.248 | J10: =Hisob_C_Gibrid!$C$81+Hisob_C_Gibrid!$C$98 -> 260427.54
A11: Qurilish davridagi soliqlar, $ | B11: =Hisob_A_Sotish!$C$17 -> 41839.908 | C11: =Hisob_A_Sotish!$C$50 -> 10000 | D11: =Hisob_A_Sotish!$C$83 -> 7000 | E11: =Hisob_B_Ijara!$C$17 -> 41839.908 | F11: =Hisob_B_Ijara!$C$50 -> 10000 | G11: =Hisob_B_Ijara!$C$83 -> 7000 | H11: =Hisob_C_Gibrid!$C$17 -> 41839.908 | I11: =Hisob_C_Gibrid!$C$50 -> 10000 | J11: =Hisob_C_Gibrid!$C$83 -> 7000
A12: Sof foyda (barcha oqimlar yig'indisi), $ | B12: =Hisob_A_Sotish!$C$36 -> -1319531.9 | C12: =Hisob_A_Sotish!$C$69 -> 51609.3 | D12: =Hisob_A_Sotish!$C$102 -> 1050411.1 | E12: =Hisob_B_Ijara!$C$36 -> -1129987.9 | F12: =Hisob_B_Ijara!$C$69 -> 3304593.2 | G12: =Hisob_B_Ijara!$C$102 -> 9116218.1 | H12: =Hisob_C_Gibrid!$C$36 -> -1366819.1 | I12: =Hisob_C_Gibrid!$C$69 -> 635921.47 | J12: =Hisob_C_Gibrid!$C$102 -> 2550642.7
A13: NPV (diskont stavkasida), $ | B13: =Hisob_A_Sotish!$C$38 -> -1330171.4 | C13: =Hisob_A_Sotish!$C$71 -> -88568.369 | D13: =Hisob_A_Sotish!$C$104 -> 894919.84 | E13: =Hisob_B_Ijara!$C$38 -> -3501490.9 | F13: =Hisob_B_Ijara!$C$71 -> -1614508.3 | G13: =Hisob_B_Ijara!$C$104 -> 752876.12 | H13: =Hisob_C_Gibrid!$C$38 -> -1779493.6 | I13: =Hisob_C_Gibrid!$C$71 -> -415936.77 | J13: =Hisob_C_Gibrid!$C$104 -> 816263.94
A14: IRR, yillik (>100% — kapital deyarli kiritilmaydi) | B14: =IFERROR(IF((1+IRR(Hisob_A_Sotish!$D$36:$FP$36,0.01))^12-1>1,">100%",(1+IRR(Hisob_A_Sotish!$D$36:$FP$36,0.01))^12-1),"—") -> -0.54105503 | C14: =IFERROR(IF((1+IRR(Hisob_A_Sotish!$D$69:$FP$69,0.01))^12-1>1,">100%",(1+IRR(Hisob_A_Sotish!$D$69:$FP$69,0.01))^12-1),"—") -> 0.043382494 | D14: =IFERROR(IF((1+IRR(Hisob_A_Sotish!$D$102:$FP$102,0.01))^12-1>1,">100%",(1+IRR(Hisob_A_Sotish!$D$102:$FP$102,0.01))^12-1),"—") -> >100% | E14: =IFERROR(IF((1+IRR(Hisob_B_Ijara!$D$36:$FP$36,0.01))^12-1>1,">100%",(1+IRR(Hisob_B_Ijara!$D$36:$FP$36,0.01))^12-1),"—") -> -0.023752997 | F14: =IFERROR(IF((1+IRR(Hisob_B_Ijara!$D$69:$FP$69,0.01))^12-1>1,">100%",(1+IRR(Hisob_B_Ijara!$D$69:$FP$69,0.01))^12-1),"—") -> 0.063725247 | G14: =IFERROR(IF((1+IRR(Hisob_B_Ijara!$D$102:$FP$102,0.01))^12-1>1,">100%",(1+IRR(Hisob_B_Ijara!$D$102:$FP$102,0.01))^12-1),"—") -> 0.15861829 | H14: =IFERROR(IF((1+IRR(Hisob_C_Gibrid!$D$36:$FP$36,0.01))^12-1>1,">100%",(1+IRR(Hisob_C_Gibrid!$D$36:$FP$36,0.01))^12-1),"—") -> -0.091971084 | I14: =IFERROR(IF((1+IRR(Hisob_C_Gibrid!$D$69:$FP$69,0.01))^12-1>1,">100%",(1+IRR(Hisob_C_Gibrid!$D$69:$FP$69,0.01))^12-1),"—") -> 0.056549406 | J14: =IFERROR(IF((1+IRR(Hisob_C_Gibrid!$D$102:$FP$102,0.01))^12-1>1,">100%",(1+IRR(Hisob_C_Gibrid!$D$102:$FP$102,0.01))^12-1),"—") -> 0.46339656
A15: Kumulyativ oqim oxirgi marta manfiy bo'lgan oy | B15: =MAX(Hisob_A_Sotish!$D$39:$FP$39) -> 168 | C15: =MAX(Hisob_A_Sotish!$D$72:$FP$72) -> 22 | D15: =MAX(Hisob_A_Sotish!$D$105:$FP$105) -> 7 | E15: =MAX(Hisob_B_Ijara!$D$39:$FP$39) -> 168 | F15: =MAX(Hisob_B_Ijara!$D$72:$FP$72) -> 139 | G15: =MAX(Hisob_B_Ijara!$D$105:$FP$105) -> 115 | H15: =MAX(Hisob_C_Gibrid!$D$39:$FP$39) -> 168 | I15: =MAX(Hisob_C_Gibrid!$D$72:$FP$72) -> 139 | J15: =MAX(Hisob_C_Gibrid!$D$105:$FP$105) -> 14
A16: Qoplanish muddati, oy (hisob boshidan) | B16: =IF(Natijalar!$B$15<0,0,IF(Natijalar!$B$15>=168,"—",Natijalar!$B$15+(-INDEX(Hisob_A_Sotish!$D$37:$FP$37,1,Natijalar!$B$15+1))/INDEX(Hisob_A_Sotish!$D$36:$FP$36,1,Natijalar!$B$15+2))) -> — | C16: =IF(Natijalar!$C$15<0,0,IF(Natijalar!$C$15>=168,"—",Natijalar!$C$15+(-INDEX(Hisob_A_Sotish!$D$70:$FP$70,1,Natijalar!$C$15+1))/INDEX(Hisob_A_Sotish!$D$69:$FP$69,1,Natijalar!$C$15+2))) -> 22.575048 | D16: =IF(Natijalar!$D$15<0,0,IF(Natijalar!$D$15>=168,"—",Natijalar!$D$15+(-INDEX(Hisob_A_Sotish!$D$103:$FP$103,1,Natijalar!$D$15+1))/INDEX(Hisob_A_Sotish!$D$102:$FP$102,1,Natijalar!$D$15+2))) -> 7.4533828 | E16: =IF(Natijalar!$E$15<0,0,IF(Natijalar!$E$15>=168,"—",Natijalar!$E$15+(-INDEX(Hisob_B_Ijara!$D$37:$FP$37,1,Natijalar!$E$15+1))/INDEX(Hisob_B_Ijara!$D$36:$FP$36,1,Natijalar!$E$15+2))) -> — | F16: =IF(Natijalar!$F$15<0,0,IF(Natijalar!$F$15>=168,"—",Natijalar!$F$15+(-INDEX(Hisob_B_Ijara!$D$70:$FP$70,1,Natijalar!$F$15+1))/INDEX(Hisob_B_Ijara!$D$69:$FP$69,1,Natijalar!$F$15+2))) -> 139.33843 | G16: =IF(Natijalar!$G$15<0,0,IF(Natijalar!$G$15>=168,"—",Natijalar!$G$15+(-INDEX(Hisob_B_Ijara!$D$103:$FP$103,1,Natijalar!$G$15+1))/INDEX(Hisob_B_Ijara!$D$102:$FP$102,1,Natijalar!$G$15+2))) -> 115.19776 | H16: =IF(Natijalar!$H$15<0,0,IF(Natijalar!$H$15>=168,"—",Natijalar!$H$15+(-INDEX(Hisob_C_Gibrid!$D$37:$FP$37,1,Natijalar!$H$15+1))/INDEX(Hisob_C_Gibrid!$D$36:$FP$36,1,Natijalar!$H$15+2))) -> — | I16: =IF(Natijalar!$I$15<0,0,IF(Natijalar!$I$15>=168,"—",Natijalar!$I$15+(-INDEX(Hisob_C_Gibrid!$D$70:$FP$70,1,Natijalar!$I$15+1))/INDEX(Hisob_C_Gibrid!$D$69:$FP$69,1,Natijalar!$I$15+2))) -> 139.34926 | J16: =IF(Natijalar!$J$15<0,0,IF(Natijalar!$J$15>=168,"—",Natijalar!$J$15+(-INDEX(Hisob_C_Gibrid!$D$103:$FP$103,1,Natijalar!$J$15+1))/INDEX(Hisob_C_Gibrid!$D$102:$FP$102,1,Natijalar!$J$15+2))) -> 14.330065
A17: Qoplanish muddati, yil (hisob boshidan) | B17: =IF(ISNUMBER(Natijalar!$B$16),Natijalar!$B$16/12,"—") -> — | C17: =IF(ISNUMBER(Natijalar!$C$16),Natijalar!$C$16/12,"—") -> 1.881254 | D17: =IF(ISNUMBER(Natijalar!$D$16),Natijalar!$D$16/12,"—") -> 0.62111524 | E17: =IF(ISNUMBER(Natijalar!$E$16),Natijalar!$E$16/12,"—") -> — | F17: =IF(ISNUMBER(Natijalar!$F$16),Natijalar!$F$16/12,"—") -> 11.611536 | G17: =IF(ISNUMBER(Natijalar!$G$16),Natijalar!$G$16/12,"—") -> 9.599813 | H17: =IF(ISNUMBER(Natijalar!$H$16),Natijalar!$H$16/12,"—") -> — | I17: =IF(ISNUMBER(Natijalar!$I$16),Natijalar!$I$16/12,"—") -> 11.612438 | J17: =IF(ISNUMBER(Natijalar!$J$16),Natijalar!$J$16/12,"—") -> 1.1941721
A18: Qoplanish muddati, yil (foydalanishga topshirilgandan) | B18: =IF(ISNUMBER(Natijalar!$B$16),MAX(0,Natijalar!$B$16-Parametrlar!$B$4)/12,"—") -> — | C18: =IF(ISNUMBER(Natijalar!$C$16),MAX(0,Natijalar!$C$16-Parametrlar!$C$4)/12,"—") -> 0.2145873 | D18: =IF(ISNUMBER(Natijalar!$D$16),MAX(0,Natijalar!$D$16-Parametrlar!$D$4)/12,"—") -> 0 | E18: =IF(ISNUMBER(Natijalar!$E$16),MAX(0,Natijalar!$E$16-Parametrlar!$E$4)/12,"—") -> — | F18: =IF(ISNUMBER(Natijalar!$F$16),MAX(0,Natijalar!$F$16-Parametrlar!$F$4)/12,"—") -> 9.9448693 | G18: =IF(ISNUMBER(Natijalar!$G$16),MAX(0,Natijalar!$G$16-Parametrlar!$G$4)/12,"—") -> 8.4331463 | H18: =IF(ISNUMBER(Natijalar!$H$16),MAX(0,Natijalar!$H$16-Parametrlar!$H$4)/12,"—") -> — | I18: =IF(ISNUMBER(Natijalar!$I$16),MAX(0,Natijalar!$I$16-Parametrlar!$I$4)/12,"—") -> 9.9457717 | J18: =IF(ISNUMBER(Natijalar!$J$16),MAX(0,Natijalar!$J$16-Parametrlar!$J$4)/12,"—") -> 0.027505429
A19: Barqaror yil NOI, $ | B19: =SUMIFS(Hisob_A_Sotish!$D$30:$FP$30,Hisob_A_Sotish!$D$4:$FP$4,">="&(Parametrlar!$B$4+Kirish!$B$51+2),Hisob_A_Sotish!$D$4:$FP$4,"<="&(Parametrlar!$B$4+Kirish!$B$51+13)) -> 0 | C19: =SUMIFS(Hisob_A_Sotish!$D$63:$FP$63,Hisob_A_Sotish!$D$4:$FP$4,">="&(Parametrlar!$C$4+Kirish!$C$51+2),Hisob_A_Sotish!$D$4:$FP$4,"<="&(Parametrlar!$C$4+Kirish!$C$51+13)) -> 0 | D19: =SUMIFS(Hisob_A_Sotish!$D$96:$FP$96,Hisob_A_Sotish!$D$4:$FP$4,">="&(Parametrlar!$D$4+Kirish!$D$51+2),Hisob_A_Sotish!$D$4:$FP$4,"<="&(Parametrlar!$D$4+Kirish!$D$51+13)) -> 0 | E19: =SUMIFS(Hisob_B_Ijara!$D$30:$FP$30,Hisob_B_Ijara!$D$4:$FP$4,">="&(Parametrlar!$E$4+Kirish!$B$51+2),Hisob_B_Ijara!$D$4:$FP$4,"<="&(Parametrlar!$E$4+Kirish!$B$51+13)) -> 135974.39 | F19: =SUMIFS(Hisob_B_Ijara!$D$63:$FP$63,Hisob_B_Ijara!$D$4:$FP$4,">="&(Parametrlar!$F$4+Kirish!$C$51+2),Hisob_B_Ijara!$D$4:$FP$4,"<="&(Parametrlar!$F$4+Kirish!$C$51+13)) -> 290889.77 | G19: =SUMIFS(Hisob_B_Ijara!$D$96:$FP$96,Hisob_B_Ijara!$D$4:$FP$4,">="&(Parametrlar!$G$4+Kirish!$D$51+2),Hisob_B_Ijara!$D$4:$FP$4,"<="&(Parametrlar!$G$4+Kirish!$D$51+13)) -> 452598.53 | H19: =SUMIFS(Hisob_C_Gibrid!$D$30:$FP$30,Hisob_C_Gibrid!$D$4:$FP$4,">="&(Parametrlar!$H$4+Kirish!$B$51+2),Hisob_C_Gibrid!$D$4:$FP$4,"<="&(Parametrlar!$H$4+Kirish!$B$51+13)) -> 18581.71 | I19: =SUMIFS(Hisob_C_Gibrid!$D$63:$FP$63,Hisob_C_Gibrid!$D$4:$FP$4,">="&(Parametrlar!$I$4+Kirish!$C$51+2),Hisob_C_Gibrid!$D$4:$FP$4,"<="&(Parametrlar!$I$4+Kirish!$C$51+13)) -> 51343.564 | J19: =SUMIFS(Hisob_C_Gibrid!$D$96:$FP$96,Hisob_C_Gibrid!$D$4:$FP$4,">="&(Parametrlar!$J$4+Kirish!$D$51+2),Hisob_C_Gibrid!$D$4:$FP$4,"<="&(Parametrlar!$J$4+Kirish!$D$51+13)) -> 83588.176
A20: Yield on cost (barqaror NOI / ijaradagi qism qiymati) | B20: =IF(Parametrlar!$B$23>0,Natijalar!$B$19/Parametrlar!$B$23,0) -> 0 | C20: =IF(Parametrlar!$C$23>0,Natijalar!$C$19/Parametrlar!$C$23,0) -> 0 | D20: =IF(Parametrlar!$D$23>0,Natijalar!$D$19/Parametrlar!$D$23,0) -> 0 | E20: =IF(Parametrlar!$E$23>0,Natijalar!$E$19/Parametrlar!$E$23,0) -> 0.026631603 | F20: =IF(Parametrlar!$F$23>0,Natijalar!$F$19/Parametrlar!$F$23,0) -> 0.067881146 | G20: =IF(Parametrlar!$G$23>0,Natijalar!$G$19/Parametrlar!$G$23,0) -> 0.12417605 | H20: =IF(Parametrlar!$H$23>0,Natijalar!$H$19/Parametrlar!$H$23,0) -> 0.015872114 | I20: =IF(Parametrlar!$I$23>0,Natijalar!$I$19/Parametrlar!$I$23,0) -> 0.05226357 | J20: =IF(Parametrlar!$J$23>0,Natijalar!$J$19/Parametrlar!$J$23,0) -> 0.099979097
A21: Kapital multiplikatori (qaytgan / kiritilgan) | B21: =IF(Natijalar!$B$5>0,(Natijalar!$B$12+Natijalar!$B$5)/Natijalar!$B$5,0) -> 0.71790426 | C21: =IF(Natijalar!$C$5>0,(Natijalar!$C$12+Natijalar!$C$5)/Natijalar!$C$5,0) -> 1.0130972 | D21: =IF(Natijalar!$D$5>0,(Natijalar!$D$12+Natijalar!$D$5)/Natijalar!$D$5,0) -> 1.3107474 | E21: =IF(Natijalar!$E$5>0,(Natijalar!$E$12+Natijalar!$E$5)/Natijalar!$E$5,0) -> 0.7768548 | F21: =IF(Natijalar!$F$5>0,(Natijalar!$F$12+Natijalar!$F$5)/Natijalar!$F$5,0) -> 1.7729535 | G21: =IF(Natijalar!$G$5>0,(Natijalar!$G$12+Natijalar!$G$5)/Natijalar!$G$5,0) -> 3.5059608 | H21: =IF(Natijalar!$H$5>0,(Natijalar!$H$12+Natijalar!$H$5)/Natijalar!$H$5,0) -> 0.71284125 | I21: =IF(Natijalar!$I$5>0,(Natijalar!$I$12+Natijalar!$I$5)/Natijalar!$I$5,0) -> 1.158516 | J21: =IF(Natijalar!$J$5>0,(Natijalar!$J$12+Natijalar!$J$5)/Natijalar!$J$5,0) -> 1.7425293
A22: Sotuv marjasi (tannarxdan keyin) | B22: =Parametrlar!$B$26 -> -0.374524 | C22: =Parametrlar!$C$26 -> 0.01460705 | D22: =Parametrlar!$D$26 -> 0.25795204 | E22: =Parametrlar!$E$26 -> 0 | F22: =Parametrlar!$F$26 -> 0 | G22: =Parametrlar!$G$26 -> 0 | H22: =Parametrlar!$H$26 -> -0.30614956 | I22: =Parametrlar!$I$26 -> 0.061016379 | J22: =Parametrlar!$J$26 -> 0.2863172
A25: Yillik pul oqimi — tanlangan ssenariy: | C25: 2 | D25: ← 1 = Konservativ, 2 = Bazaviy, 3 = Optimistik
A26: Yil | B26: A · sof oqim | C26: A · kumulyativ | D26: B · sof oqim | E26: B · kumulyativ | F26: C · sof oqim | G26: C · kumulyativ
A27: 2026 | B27: =CHOOSE(Natijalar!$C$25,SUMIF(Hisob_A_Sotish!$D$6:$FP$6,2026,Hisob_A_Sotish!$D$36:$FP$36),SUMIF(Hisob_A_Sotish!$D$6:$FP$6,2026,Hisob_A_Sotish!$D$69:$FP$69),SUMIF(Hisob_A_Sotish!$D$6:$FP$6,2026,Hisob_A_Sotish!$D$102:$FP$102)) -> -907947.34 | C27: =B27 -> -907947.34 | D27: =CHOOSE(Natijalar!$C$25,SUMIF(Hisob_B_Ijara!$D$6:$FP$6,2026,Hisob_B_Ijara!$D$36:$FP$36),SUMIF(Hisob_B_Ijara!$D$6:$FP$6,2026,Hisob_B_Ijara!$D$69:$FP$69),SUMIF(Hisob_B_Ijara!$D$6:$FP$6,2026,Hisob_B_Ijara!$D$102:$FP$102)) -> -1110404.2 | E27: =D27 -> -1110404.2 | F27: =CHOOSE(Natijalar!$C$25,SUMIF(Hisob_C_Gibrid!$D$6:$FP$6,2026,Hisob_C_Gibrid!$D$36:$FP$36),SUMIF(Hisob_C_Gibrid!$D$6:$FP$6,2026,Hisob_C_Gibrid!$D$69:$FP$69),SUMIF(Hisob_C_Gibrid!$D$6:$FP$6,2026,Hisob_C_Gibrid!$D$102:$FP$102)) -> -947864.86 | G27: =F27 -> -947864.86
A28: 2027 | B28: =CHOOSE(Natijalar!$C$25,SUMIF(Hisob_A_Sotish!$D$6:$FP$6,2027,Hisob_A_Sotish!$D$36:$FP$36),SUMIF(Hisob_A_Sotish!$D$6:$FP$6,2027,Hisob_A_Sotish!$D$69:$FP$69),SUMIF(Hisob_A_Sotish!$D$6:$FP$6,2027,Hisob_A_Sotish!$D$102:$FP$102)) -> 381319.92 | C28: =C27+B28 -> -526627.42 | D28: =CHOOSE(Natijalar!$C$25,SUMIF(Hisob_B_Ijara!$D$6:$FP$6,2027,Hisob_B_Ijara!$D$36:$FP$36),SUMIF(Hisob_B_Ijara!$D$6:$FP$6,2027,Hisob_B_Ijara!$D$69:$FP$69),SUMIF(Hisob_B_Ijara!$D$6:$FP$6,2027,Hisob_B_Ijara!$D$102:$FP$102)) -> -1884024 | E28: =E27+D28 -> -2994428.2 | F28: =CHOOSE(Natijalar!$C$25,SUMIF(Hisob_C_Gibrid!$D$6:$FP$6,2027,Hisob_C_Gibrid!$D$36:$FP$36),SUMIF(Hisob_C_Gibrid!$D$6:$FP$6,2027,Hisob_C_Gibrid!$D$69:$FP$69),SUMIF(Hisob_C_Gibrid!$D$6:$FP$6,2027,Hisob_C_Gibrid!$D$102:$FP$102)) -> -64961.773 | G28: =G27+F28 -> -1012826.6
A29: 2028 | B29: =CHOOSE(Natijalar!$C$25,SUMIF(Hisob_A_Sotish!$D$6:$FP$6,2028,Hisob_A_Sotish!$D$36:$FP$36),SUMIF(Hisob_A_Sotish!$D$6:$FP$6,2028,Hisob_A_Sotish!$D$69:$FP$69),SUMIF(Hisob_A_Sotish!$D$6:$FP$6,2028,Hisob_A_Sotish!$D$102:$FP$102)) -> 578236.72 | C29: =C28+B29 -> 51609.3 | D29: =CHOOSE(Natijalar!$C$25,SUMIF(Hisob_B_Ijara!$D$6:$FP$6,2028,Hisob_B_Ijara!$D$36:$FP$36),SUMIF(Hisob_B_Ijara!$D$6:$FP$6,2028,Hisob_B_Ijara!$D$69:$FP$69),SUMIF(Hisob_B_Ijara!$D$6:$FP$6,2028,Hisob_B_Ijara!$D$102:$FP$102)) -> -1347779 | E29: =E28+D29 -> -4342207.2 | F29: =CHOOSE(Natijalar!$C$25,SUMIF(Hisob_C_Gibrid!$D$6:$FP$6,2028,Hisob_C_Gibrid!$D$36:$FP$36),SUMIF(Hisob_C_Gibrid!$D$6:$FP$6,2028,Hisob_C_Gibrid!$D$69:$FP$69),SUMIF(Hisob_C_Gibrid!$D$6:$FP$6,2028,Hisob_C_Gibrid!$D$102:$FP$102)) -> 191531.06 | G29: =G28+F29 -> -821295.58
A30: 2029 | B30: =CHOOSE(Natijalar!$C$25,SUMIF(Hisob_A_Sotish!$D$6:$FP$6,2029,Hisob_A_Sotish!$D$36:$FP$36),SUMIF(Hisob_A_Sotish!$D$6:$FP$6,2029,Hisob_A_Sotish!$D$69:$FP$69),SUMIF(Hisob_A_Sotish!$D$6:$FP$6,2029,Hisob_A_Sotish!$D$102:$FP$102)) -> 0 | C30: =C29+B30 -> 51609.3 | D30: =CHOOSE(Natijalar!$C$25,SUMIF(Hisob_B_Ijara!$D$6:$FP$6,2029,Hisob_B_Ijara!$D$36:$FP$36),SUMIF(Hisob_B_Ijara!$D$6:$FP$6,2029,Hisob_B_Ijara!$D$69:$FP$69),SUMIF(Hisob_B_Ijara!$D$6:$FP$6,2029,Hisob_B_Ijara!$D$102:$FP$102)) -> 137650.12 | E30: =E29+D30 -> -4204557.1 | F30: =CHOOSE(Natijalar!$C$25,SUMIF(Hisob_C_Gibrid!$D$6:$FP$6,2029,Hisob_C_Gibrid!$D$36:$FP$36),SUMIF(Hisob_C_Gibrid!$D$6:$FP$6,2029,Hisob_C_Gibrid!$D$69:$FP$69),SUMIF(Hisob_C_Gibrid!$D$6:$FP$6,2029,Hisob_C_Gibrid!$D$102:$FP$102)) -> 22336.169 | G30: =G29+F30 -> -798959.41
A31: 2030 | B31: =CHOOSE(Natijalar!$C$25,SUMIF(Hisob_A_Sotish!$D$6:$FP$6,2030,Hisob_A_Sotish!$D$36:$FP$36),SUMIF(Hisob_A_Sotish!$D$6:$FP$6,2030,Hisob_A_Sotish!$D$69:$FP$69),SUMIF(Hisob_A_Sotish!$D$6:$FP$6,2030,Hisob_A_Sotish!$D$102:$FP$102)) -> 0 | C31: =C30+B31 -> 51609.3 | D31: =CHOOSE(Natijalar!$C$25,SUMIF(Hisob_B_Ijara!$D$6:$FP$6,2030,Hisob_B_Ijara!$D$36:$FP$36),SUMIF(Hisob_B_Ijara!$D$6:$FP$6,2030,Hisob_B_Ijara!$D$69:$FP$69),SUMIF(Hisob_B_Ijara!$D$6:$FP$6,2030,Hisob_B_Ijara!$D$102:$FP$102)) -> 274361.57 | E31: =E30+D31 -> -3930195.5 | F31: =CHOOSE(Natijalar!$C$25,SUMIF(Hisob_C_Gibrid!$D$6:$FP$6,2030,Hisob_C_Gibrid!$D$36:$FP$36),SUMIF(Hisob_C_Gibrid!$D$6:$FP$6,2030,Hisob_C_Gibrid!$D$69:$FP$69),SUMIF(Hisob_C_Gibrid!$D$6:$FP$6,2030,Hisob_C_Gibrid!$D$102:$FP$102)) -> 49804.25 | G31: =G30+F31 -> -749155.16
A32: 2031 | B32: =CHOOSE(Natijalar!$C$25,SUMIF(Hisob_A_Sotish!$D$6:$FP$6,2031,Hisob_A_Sotish!$D$36:$FP$36),SUMIF(Hisob_A_Sotish!$D$6:$FP$6,2031,Hisob_A_Sotish!$D$69:$FP$69),SUMIF(Hisob_A_Sotish!$D$6:$FP$6,2031,Hisob_A_Sotish!$D$102:$FP$102)) -> 0 | C32: =C31+B32 -> 51609.3 | D32: =CHOOSE(Natijalar!$C$25,SUMIF(Hisob_B_Ijara!$D$6:$FP$6,2031,Hisob_B_Ijara!$D$36:$FP$36),SUMIF(Hisob_B_Ijara!$D$6:$FP$6,2031,Hisob_B_Ijara!$D$69:$FP$69),SUMIF(Hisob_B_Ijara!$D$6:$FP$6,2031,Hisob_B_Ijara!$D$102:$FP$102)) -> 280667.95 | E32: =E31+D32 -> -3649527.6 | F32: =CHOOSE(Natijalar!$C$25,SUMIF(Hisob_C_Gibrid!$D$6:$FP$6,2031,Hisob_C_Gibrid!$D$36:$FP$36),SUMIF(Hisob_C_Gibrid!$D$6:$FP$6,2031,Hisob_C_Gibrid!$D$69:$FP$69),SUMIF(Hisob_C_Gibrid!$D$6:$FP$6,2031,Hisob_C_Gibrid!$D$102:$FP$102)) -> 50988.437 | G32: =G31+F32 -> -698166.73
A33: 2032 | B33: =CHOOSE(Natijalar!$C$25,SUMIF(Hisob_A_Sotish!$D$6:$FP$6,2032,Hisob_A_Sotish!$D$36:$FP$36),SUMIF(Hisob_A_Sotish!$D$6:$FP$6,2032,Hisob_A_Sotish!$D$69:$FP$69),SUMIF(Hisob_A_Sotish!$D$6:$FP$6,2032,Hisob_A_Sotish!$D$102:$FP$102)) -> 0 | C33: =C32+B33 -> 51609.3 | D33: =CHOOSE(Natijalar!$C$25,SUMIF(Hisob_B_Ijara!$D$6:$FP$6,2032,Hisob_B_Ijara!$D$36:$FP$36),SUMIF(Hisob_B_Ijara!$D$6:$FP$6,2032,Hisob_B_Ijara!$D$69:$FP$69),SUMIF(Hisob_B_Ijara!$D$6:$FP$6,2032,Hisob_B_Ijara!$D$102:$FP$102)) -> 287100.47 | E33: =E32+D33 -> -3362427.1 | F33: =CHOOSE(Natijalar!$C$25,SUMIF(Hisob_C_Gibrid!$D$6:$FP$6,2032,Hisob_C_Gibrid!$D$36:$FP$36),SUMIF(Hisob_C_Gibrid!$D$6:$FP$6,2032,Hisob_C_Gibrid!$D$69:$FP$69),SUMIF(Hisob_C_Gibrid!$D$6:$FP$6,2032,Hisob_C_Gibrid!$D$102:$FP$102)) -> 52196.308 | G33: =G32+F33 -> -645970.42
A34: 2033 | B34: =CHOOSE(Natijalar!$C$25,SUMIF(Hisob_A_Sotish!$D$6:$FP$6,2033,Hisob_A_Sotish!$D$36:$FP$36),SUMIF(Hisob_A_Sotish!$D$6:$FP$6,2033,Hisob_A_Sotish!$D$69:$FP$69),SUMIF(Hisob_A_Sotish!$D$6:$FP$6,2033,Hisob_A_Sotish!$D$102:$FP$102)) -> 0 | C34: =C33+B34 -> 51609.3 | D34: =CHOOSE(Natijalar!$C$25,SUMIF(Hisob_B_Ijara!$D$6:$FP$6,2033,Hisob_B_Ijara!$D$36:$FP$36),SUMIF(Hisob_B_Ijara!$D$6:$FP$6,2033,Hisob_B_Ijara!$D$69:$FP$69),SUMIF(Hisob_B_Ijara!$D$6:$FP$6,2033,Hisob_B_Ijara!$D$102:$FP$102)) -> 293661.63 | E34: =E33+D34 -> -3068765.5 | F34: =CHOOSE(Natijalar!$C$25,SUMIF(Hisob_C_Gibrid!$D$6:$FP$6,2033,Hisob_C_Gibrid!$D$36:$FP$36),SUMIF(Hisob_C_Gibrid!$D$6:$FP$6,2033,Hisob_C_Gibrid!$D$69:$FP$69),SUMIF(Hisob_C_Gibrid!$D$6:$FP$6,2033,Hisob_C_Gibrid!$D$102:$FP$102)) -> 53428.336 | G34: =G33+F34 -> -592542.08
A35: 2034 | B35: =CHOOSE(Natijalar!$C$25,SUMIF(Hisob_A_Sotish!$D$6:$FP$6,2034,Hisob_A_Sotish!$D$36:$FP$36),SUMIF(Hisob_A_Sotish!$D$6:$FP$6,2034,Hisob_A_Sotish!$D$69:$FP$69),SUMIF(Hisob_A_Sotish!$D$6:$FP$6,2034,Hisob_A_Sotish!$D$102:$FP$102)) -> 0 | C35: =C34+B35 -> 51609.3 | D35: =CHOOSE(Natijalar!$C$25,SUMIF(Hisob_B_Ijara!$D$6:$FP$6,2034,Hisob_B_Ijara!$D$36:$FP$36),SUMIF(Hisob_B_Ijara!$D$6:$FP$6,2034,Hisob_B_Ijara!$D$69:$FP$69),SUMIF(Hisob_B_Ijara!$D$6:$FP$6,2034,Hisob_B_Ijara!$D$102:$FP$102)) -> 300354.02 | E35: =E34+D35 -> -2768411.4 | F35: =CHOOSE(Natijalar!$C$25,SUMIF(Hisob_C_Gibrid!$D$6:$FP$6,2034,Hisob_C_Gibrid!$D$36:$FP$36),SUMIF(Hisob_C_Gibrid!$D$6:$FP$6,2034,Hisob_C_Gibrid!$D$69:$FP$69),SUMIF(Hisob_C_Gibrid!$D$6:$FP$6,2034,Hisob_C_Gibrid!$D$102:$FP$102)) -> 54685.005 | G35: =G34+F35 -> -537857.08
A36: 2035 | B36: =CHOOSE(Natijalar!$C$25,SUMIF(Hisob_A_Sotish!$D$6:$FP$6,2035,Hisob_A_Sotish!$D$36:$FP$36),SUMIF(Hisob_A_Sotish!$D$6:$FP$6,2035,Hisob_A_Sotish!$D$69:$FP$69),SUMIF(Hisob_A_Sotish!$D$6:$FP$6,2035,Hisob_A_Sotish!$D$102:$FP$102)) -> 0 | C36: =C35+B36 -> 51609.3 | D36: =CHOOSE(Natijalar!$C$25,SUMIF(Hisob_B_Ijara!$D$6:$FP$6,2035,Hisob_B_Ijara!$D$36:$FP$36),SUMIF(Hisob_B_Ijara!$D$6:$FP$6,2035,Hisob_B_Ijara!$D$69:$FP$69),SUMIF(Hisob_B_Ijara!$D$6:$FP$6,2035,Hisob_B_Ijara!$D$102:$FP$102)) -> 307180.25 | E36: =E35+D36 -> -2461231.2 | F36: =CHOOSE(Natijalar!$C$25,SUMIF(Hisob_C_Gibrid!$D$6:$FP$6,2035,Hisob_C_Gibrid!$D$36:$FP$36),SUMIF(Hisob_C_Gibrid!$D$6:$FP$6,2035,Hisob_C_Gibrid!$D$69:$FP$69),SUMIF(Hisob_C_Gibrid!$D$6:$FP$6,2035,Hisob_C_Gibrid!$D$102:$FP$102)) -> 55966.808 | G36: =G35+F36 -> -481890.27
A37: 2036 | B37: =CHOOSE(Natijalar!$C$25,SUMIF(Hisob_A_Sotish!$D$6:$FP$6,2036,Hisob_A_Sotish!$D$36:$FP$36),SUMIF(Hisob_A_Sotish!$D$6:$FP$6,2036,Hisob_A_Sotish!$D$69:$FP$69),SUMIF(Hisob_A_Sotish!$D$6:$FP$6,2036,Hisob_A_Sotish!$D$102:$FP$102)) -> 0 | C37: =C36+B37 -> 51609.3 | D37: =CHOOSE(Natijalar!$C$25,SUMIF(Hisob_B_Ijara!$D$6:$FP$6,2036,Hisob_B_Ijara!$D$36:$FP$36),SUMIF(Hisob_B_Ijara!$D$6:$FP$6,2036,Hisob_B_Ijara!$D$69:$FP$69),SUMIF(Hisob_B_Ijara!$D$6:$FP$6,2036,Hisob_B_Ijara!$D$102:$FP$102)) -> 314143.01 | E37: =E36+D37 -> -2147088.2 | F37: =CHOOSE(Natijalar!$C$25,SUMIF(Hisob_C_Gibrid!$D$6:$FP$6,2036,Hisob_C_Gibrid!$D$36:$FP$36),SUMIF(Hisob_C_Gibrid!$D$6:$FP$6,2036,Hisob_C_Gibrid!$D$69:$FP$69),SUMIF(Hisob_C_Gibrid!$D$6:$FP$6,2036,Hisob_C_Gibrid!$D$102:$FP$102)) -> 57274.246 | G37: =G36+F37 -> -424616.02
A38: 2037 | B38: =CHOOSE(Natijalar!$C$25,SUMIF(Hisob_A_Sotish!$D$6:$FP$6,2037,Hisob_A_Sotish!$D$36:$FP$36),SUMIF(Hisob_A_Sotish!$D$6:$FP$6,2037,Hisob_A_Sotish!$D$69:$FP$69),SUMIF(Hisob_A_Sotish!$D$6:$FP$6,2037,Hisob_A_Sotish!$D$102:$FP$102)) -> 0 | C38: =C37+B38 -> 51609.3 | D38: =CHOOSE(Natijalar!$C$25,SUMIF(Hisob_B_Ijara!$D$6:$FP$6,2037,Hisob_B_Ijara!$D$36:$FP$36),SUMIF(Hisob_B_Ijara!$D$6:$FP$6,2037,Hisob_B_Ijara!$D$69:$FP$69),SUMIF(Hisob_B_Ijara!$D$6:$FP$6,2037,Hisob_B_Ijara!$D$102:$FP$102)) -> 321245.02 | E38: =E37+D38 -> -1825843.2 | F38: =CHOOSE(Natijalar!$C$25,SUMIF(Hisob_C_Gibrid!$D$6:$FP$6,2037,Hisob_C_Gibrid!$D$36:$FP$36),SUMIF(Hisob_C_Gibrid!$D$6:$FP$6,2037,Hisob_C_Gibrid!$D$69:$FP$69),SUMIF(Hisob_C_Gibrid!$D$6:$FP$6,2037,Hisob_C_Gibrid!$D$102:$FP$102)) -> 58607.833 | G38: =G37+F38 -> -366008.19
A39: 2038 | B39: =CHOOSE(Natijalar!$C$25,SUMIF(Hisob_A_Sotish!$D$6:$FP$6,2038,Hisob_A_Sotish!$D$36:$FP$36),SUMIF(Hisob_A_Sotish!$D$6:$FP$6,2038,Hisob_A_Sotish!$D$69:$FP$69),SUMIF(Hisob_A_Sotish!$D$6:$FP$6,2038,Hisob_A_Sotish!$D$102:$FP$102)) -> 0 | C39: =C38+B39 -> 51609.3 | D39: =CHOOSE(Natijalar!$C$25,SUMIF(Hisob_B_Ijara!$D$6:$FP$6,2038,Hisob_B_Ijara!$D$36:$FP$36),SUMIF(Hisob_B_Ijara!$D$6:$FP$6,2038,Hisob_B_Ijara!$D$69:$FP$69),SUMIF(Hisob_B_Ijara!$D$6:$FP$6,2038,Hisob_B_Ijara!$D$102:$FP$102)) -> 5130436.3 | E39: =E38+D39 -> 3304593.2 | F39: =CHOOSE(Natijalar!$C$25,SUMIF(Hisob_C_Gibrid!$D$6:$FP$6,2038,Hisob_C_Gibrid!$D$36:$FP$36),SUMIF(Hisob_C_Gibrid!$D$6:$FP$6,2038,Hisob_C_Gibrid!$D$69:$FP$69),SUMIF(Hisob_C_Gibrid!$D$6:$FP$6,2038,Hisob_C_Gibrid!$D$102:$FP$102)) -> 1001929.7 | G39: =G38+F39 -> 635921.47
A40: 2039 | B40: =CHOOSE(Natijalar!$C$25,SUMIF(Hisob_A_Sotish!$D$6:$FP$6,2039,Hisob_A_Sotish!$D$36:$FP$36),SUMIF(Hisob_A_Sotish!$D$6:$FP$6,2039,Hisob_A_Sotish!$D$69:$FP$69),SUMIF(Hisob_A_Sotish!$D$6:$FP$6,2039,Hisob_A_Sotish!$D$102:$FP$102)) -> 0 | C40: =C39+B40 -> 51609.3 | D40: =CHOOSE(Natijalar!$C$25,SUMIF(Hisob_B_Ijara!$D$6:$FP$6,2039,Hisob_B_Ijara!$D$36:$FP$36),SUMIF(Hisob_B_Ijara!$D$6:$FP$6,2039,Hisob_B_Ijara!$D$69:$FP$69),SUMIF(Hisob_B_Ijara!$D$6:$FP$6,2039,Hisob_B_Ijara!$D$102:$FP$102)) -> 0 | E40: =E39+D40 -> 3304593.2 | F40: =CHOOSE(Natijalar!$C$25,SUMIF(Hisob_C_Gibrid!$D$6:$FP$6,2039,Hisob_C_Gibrid!$D$36:$FP$36),SUMIF(Hisob_C_Gibrid!$D$6:$FP$6,2039,Hisob_C_Gibrid!$D$69:$FP$69),SUMIF(Hisob_C_Gibrid!$D$6:$FP$6,2039,Hisob_C_Gibrid!$D$102:$FP$102)) -> 0 | G40: =G39+F40 -> 635921.47
A41: 2040 | B41: =CHOOSE(Natijalar!$C$25,SUMIF(Hisob_A_Sotish!$D$6:$FP$6,2040,Hisob_A_Sotish!$D$36:$FP$36),SUMIF(Hisob_A_Sotish!$D$6:$FP$6,2040,Hisob_A_Sotish!$D$69:$FP$69),SUMIF(Hisob_A_Sotish!$D$6:$FP$6,2040,Hisob_A_Sotish!$D$102:$FP$102)) -> 0 | C41: =C40+B41 -> 51609.3 | D41: =CHOOSE(Natijalar!$C$25,SUMIF(Hisob_B_Ijara!$D$6:$FP$6,2040,Hisob_B_Ijara!$D$36:$FP$36),SUMIF(Hisob_B_Ijara!$D$6:$FP$6,2040,Hisob_B_Ijara!$D$69:$FP$69),SUMIF(Hisob_B_Ijara!$D$6:$FP$6,2040,Hisob_B_Ijara!$D$102:$FP$102)) -> 0 | E41: =E40+D41 -> 3304593.2 | F41: =CHOOSE(Natijalar!$C$25,SUMIF(Hisob_C_Gibrid!$D$6:$FP$6,2040,Hisob_C_Gibrid!$D$36:$FP$36),SUMIF(Hisob_C_Gibrid!$D$6:$FP$6,2040,Hisob_C_Gibrid!$D$69:$FP$69),SUMIF(Hisob_C_Gibrid!$D$6:$FP$6,2040,Hisob_C_Gibrid!$D$102:$FP$102)) -> 0 | G41: =G40+F41 -> 635921.47

Sheet Kirish
A1: Botanica BC — kirish ma'lumotlari (barcha taxminlar shu yerda)
A2: Ko'k shrift = qo'lda kiritiladigan qiymat · sariq fon = asosiy taxmin (buyurtmachi/rieltor tasdiqlashi kerak) · qora = formula · yashil = boshqa varaqdan havola. Barcha summalar USD, QQSsiz (agar boshqacha ko'rsatilmagan bo'lsa).
A4: A. Umumiy kirishlar
A5: Parametr | B5: Qiymat | E5: Birlik | F5: Manba / izoh
A6: Hisob boshlanish yili | B6: 2026 | E6: yil | F6: Hisob davri: qurilish + 10 yil ekspluatatsiya. 0-oy = 2026-yil oktabr.
A7: Hisob boshlanish oyi | B7: 10 | E7: oy
A8: Ijara strategiyasida ushlab turish muddati | B8: 10 | E8: yil | F8: Muddat oxirida obyekt kapitalizatsiya stavkasi bo'yicha sotiladi deb olinadi (terminal qiymat).
A9: Loyihalash, ruxsatnomalar, texnik nazorat | B9: 0.09 | E9: % qurilishdan | F9: TAXMIN: loyihalash va mualliflik nazorati 4–6% + ekspertiza, texnik nazorat, ulanishlar 3–5% = 8–10%. Ochiq manbada Toshkent uchun me'yor topilmadi.
A10: Yer va shu kungacha sarflangan mablag' | B10: 800000 | E10: $ | F10: TAXMIN — buyurtmachi balansidan tasdiqlanishi kerak. Strategiyalarni solishtirishga ta'sir qilmaydi (barcha variantlarda bir xil), lekin mutlaq foyda va IRRga ta'sir qiladi.
A11: Yer/sarflangan mablag'ni investitsiyaga qo'shish (1=ha, 0=yo'q) | B11: 1 | E11: 1/0 | F11: 0 — hisob «bugundan»: o'tgan xarajatlar strategiya tanlashga ta'sir qilmaydi.
A12: Sotuv narxlari QQS bilan ko'rsatilgan (1=ha) | B12: 1 | E12: 1/0 | F12: CASE modeli: «$1 400 за м² с НДС».
A13: QQS stavkasi | B13: 0.12 | E13: % | F13: Soliq kodeksi 258-modda: 12%. Noturar joyni sotish va ijaraga berish QQSdan ozod emas (243-modda).
A14: Sotuv boshlanadigan oy | B14: 1 | E14: oy
A15: Xaridor uchun bo'lib to'lash muddati | B15: 4 | E15: oy | F15: CASE jadvali: 50% imzolashda, 25% 2 oydan, 25% yana 2 oydan keyin (≈4 oy).
A16: Boshlang'ich to'lov | B16: 0.5 | E16: % | F16: CASE investitsiya modeli bo'yicha 50%.
A17: Rieltor komissiyasi (sotuv) | B17: 0.025 | E17: % shartnomadan | F17: Sotuvda 2–3% (sotuvchi to'laydi) — bozor amaliyoti; modelda 2,5%.
A18: Marketing | B18: 0.01 | E18: % shartnomadan | F18: Taxmin.
A19: Birinchi oydagi bandlik | B19: 0.2 | E19: % | F19: Oldindan ijara shartnomalari (pre-lease) hisobiga.
A20: Ijaraga berish komissiyasi | B20: 0.0625 | E20: % yillik ijaradan | F20: 1 oylik ijara = 8,33%.
A21: Avtoturargoh va boshqa daromad (to'liq bandlikda) | B21: 1500 | E21: $/oy | F21: CMWP (2025-yil oktabr): B klassda ochiq avtoturargoh odatda ijarachilarga biriktiriladi; pullik bo'lsa ≈ $100/joy/oy. Taxmin: 30 joyning yarmi pullik.
A22: Boshqaruv | B22: 0.03 | E22: % daromaddan
A23: Ta'mir zaxirasi | B23: 0.02 | E23: % daromaddan
A24: Mol-mulk solig'i | B24: 0.015 | E24: %/yil | F24: Soliq kodeksi 411–415-moddalar: yuridik shaxslar 1,5% (o'rtacha yillik qoldiq qiymatdan; Toshkentda baza 3,53 mln so'm/m² dan kam emas). Me'yoriy muddatda tugallanmagan obyekt — 3%.
A25: Sug'urta | B25: 0.002 | E25: %/yil
A26: Yer solig'i | B26: 6000 | E26: $/yil | F26: TAXMIN: uchastka ≈ 2 000 m² × 2-zona 25 420 so'm/m² × Kengash koeffitsiyenti ~1,4 ≈ $6 000/yil. Uchastka maydoni va Yunusobod Kengashi koeffitsiyenti tasdiqlanmagan.
A27: Soliq amortizatsiyasi (bino; yer amortizatsiya qilinmaydi) | B27: 0.05 | E27: %/yil | F27: Soliq kodeksi 306-modda: binolar uchun chegaraviy norma 5%/yil (inshootlar 10%). Yer amortizatsiya qilinmaydi — baza faqat qurilish qiymati. Manba: buxgalter.uz/publish/doc/text210748
A28: Foyda solig'i | B28: 0.15 | E28: % | F28: Soliq kodeksi 337-modda: 15%. Aylanmadan soliq (4%) qo'llanilmaydi — daromad 1 mlrd so'mdan yuqori.
A29: Chiqishdagi sotuv xarajatlari | B29: 0.025 | E29: %
A30: Me'yoriy qurilish muddati (ruxsatnomadan) | B30: 24 | E30: oy | F30: Soliq kodeksi 411-modda: loyiha hujjatlaridagi me'yoriy muddat, u belgilanmagan bo'lsa — ruxsatnoma olingan oydan 24 oy. Undan keyin: tugallanmagan qurilishga 3% mol-mulk solig'i, yer solig'i 2 baravar (429-modda).
A31: Muddatida tugallanmagan qurilishga mol-mulk solig'i | B31: 0.03 | E31: %/yil | F31: Soliq kodeksi 411-modda: 3%. Baza — tugallanmagan qurilish qiymati.
A32: Diskont stavkasi (USD) | B32: 0.13 | E32: % yillik | F32: Tuzilishi: suveren USD obligatsiya ~6–7% + ko'chmas mulk va likvidlik mukofoti 5–7% = 11–15%; CMWP: «real daromadlilik ≈ 12%, 14% dan yuqori emas». Baza 13%.
A34: B. Ssenariyga bog'liq kirishlar
A35: Parametr | B35: Konservativ | C35: Bazaviy | D35: Optimistik | E35: Birlik | F35: Manba / izoh
A36: Qurilish tugashigacha muddat | B36: 27 | C36: 20 | D36: 14 | E36: oy | F36: Bino loyihalash bosqichida (CASE sayti). Baza: ruxsatnomalar 2–4 oy + qurilish 16–18 oy. CASE investitsiya modeli 2027-yil 3-chorakni (~12–14 oy) ko'zda tutadi — bu optimistik ssenariy. 24 oydan oshsa: mol-mulk solig'i 3%, yer solig'i 2 baravar.
A37: Qurilish qiymati (shell & core, fasad, muhandislik) | B37: 800 | C37: 680 | D37: 580 | E37: $/m² GBA, QQSsiz | F37: TAXMIN (triangulyatsiya): uy-joy tannarxi $383–466/m² (SSP, Spot 17.12.2025) < ofis B+ < A klass minoralar $1 326+/m²; quruq ombor $667/m² (IBC Global, 04.2026). Pudratchi takliflari bilan almashtirilishi kerak.
A38: Qurilish narxining yillik o'sishi (USD) | B38: 0.04 | C38: 0.02 | D38: 0 | E38: %/yil | F38: USD da qurilish narxining yillik o'sishi 0–4% (03-fayl: USD xarajatlarni 0–3%/yil indeksatsiya qilish tavsiya etilgan). Kechikishda qurilish qimmatlashadi.
A39: Kutilmagan xarajatlar zaxirasi | B39: 0.1 | C39: 0.075 | D39: 0.05 | E39: % qurilishdan | F39: TAXMIN: 5 / 7,5 / 10%.
A40: Ijaradagi maydonni tayyorlash (mulkdor hissasi) | B40: 150 | C40: 130 | D40: 100 | E40: $/m² GLA | F40: White box (pol, shift, yoritish, elektr tarmog'i) ≈ $100–150/m² GLA — TAXMIN. CMWP: «hatto bazaviy pardoz ham ijaraga berish ehtimolini sezilarli oshiradi».
A41: Sotuv narxi: 2–7-qavatlar (hozir, oldindan sotuv) | B41: 1100 | C41: 1250 | D41: 1400 | E41: $/m² sotiladigan maydon | F41: 2-bo'lim tuzatishlar setkasi: tayyor binolardagi shell ofis qavatlari (n=7) → topshirish paytidagi bitim qiymati ≈ $1 470/m²; loyiha bosqichi chegirmasi −20% → hozir ≈ $1 180 (100% to'lov) … $1 300 (bo'lib to'lash bilan). Baza $1 250. Optimistik = CASE so'rayotgan $1 400. QQS bilan, sotiladigan m² uchun.
A42: Sotuv narxi: 1-qavat | B42: 1450 | C42: 1650 | D42: 1950 | E42: $/m² sotiladigan maydon | F42: 2-bo'lim: 1-qavat analoglari (n=10) tuzatishlardan keyin topshirish paytida ≈ $1 950/m²; loyiha bosqichida −15…−25%. Tavsiya: 1-qavatni topshirishdan oldin sotmaslik.
A43: Sotuv narxi: podval | B43: 550 | C43: 650 | D43: 750 | E43: $/m² sotiladigan maydon | F43: Daromad yondashuvi: 9 $/m² × 253,9 m² GLA × 12 × 1,12 QQS ÷ 11% yalpi daromadlilik ÷ 363,93 m² = topshirishda ≈ $767/m²; hozir ÷ 1,18 ≈ $650. E'lonlarda podval 1-qavat narxining 50–70% i (C34, C37), lekin Botanica podvali derazasiz va chuqur.
A44: Narx o'sishi: hozirdan foydalanishga topshirishgacha | B44: 0.1 | C44: 0.18 | D44: 0.25 | E44: % | F44: Hisob: loyiha bosqichidagi $1 250 → topshirishdagi $1 470 = +18%. Tijorat maydonlari uchun ochiq statistika yo'q; CMWP (12.2025): «spekulyativ o'sish salohiyati tugadi». CASE modeli +78,6% ni ko'zda tutadi — analoglar bilan tasdiqlanmadi.
A45: Topshirilgandan keyingi narx o'sishi | B45: 0 | C45: 0.02 | D45: 0.04 | E45: %/yil | F45: USD ekvivalentida 0–4%/yil. 2026-yilda B klass stavkalari 2023-yil darajasiga qaytdi (CMWP).
A46: Barcha lotlarni sotish muddati | B46: 30 | C46: 20 | D46: 12 | E46: oy | F46: TAXMIN: 8 lot, bozordagi ekspozitsiya muddatlari 8–17 oy (Yunusobod e'lonlari).
A47: Ijara stavkasi: 2–7-qavatlar | B47: 14 | C47: 17 | D47: 21 | E47: $/m² GLA/oy, QQSsiz | F47: 2-bo'lim tuzatishlar setkasi (n=10): white box, all-in, bitim darajasi — mediana $16,7 ($11,8–20,7). E'lonlar: obyektdan ≤3 km mediana $15; Bog'ishamol bo'ylab tayyor ofis $20–22; IT Park klasteri $22–30; CMWP B klass shahar o'rtachasi $26,8 (markaz ustun).
... A55: Mulkdor zimmasidagi ekspluatatsiya xarajati (all-in ijarada) | B55: 4 | C55: 3 | D55: 2.5 | E55: $/m² GLA/oy | F55: All-in ijarada mulkdor zimmasidagi ekspluatatsiya: B klassda ≈ $2 (2024), eng yaxshi binolarda $4–5 (CMWP). Baza $3/m² GLA/oy.
A57: C. Sathlar va strategiyalar (1 = sotiladi, 0 = ijarada qoladi)
A58: Sath | B58: GBA, m² | C58: Sotiladigan, m² | D58: GLA, m² | E58: Guruh | F58: A. Sotish | G58: B. Ijara | H58: C. Gibrid
A59: Podval | B59: 438.92 | C59: 363.93 | D59: 253.9 | E59: b | F59: 1 | G59: 0 | H59: 0
A60: 1-qavat | B60: 461.15 | C60: 349.39 | D60: 294.1 | E60: f1 | F60: 1 | G60: 0 | H60: 0
A61: 2-qavat | B61: 500.39 | C61: 458.73 | D61: 337.9 | E61: of | F61: 1 | G61: 0 | H61: 1
A62: 3-qavat | B62: 500.39 | C62: 458.73 | D62: 337.9 | E62: of | F62: 1 | G62: 0 | H62: 1
A63: 4-qavat | B63: 500.39 | C63: 458.73 | D63: 337.9 | E63: of | F63: 1 | G63: 0 | H63: 1
A64: 5-qavat | B64: 500.39 | C64: 458.73 | D64: 337.9 | E64: of | F64: 1 | G64: 0 | H64: 1
A65: 6-qavat | B65: 500.39 | C65: 458.73 | D65: 337.9 | E65: of | F65: 1 | G65: 0 | H65: 1
A66: 7-qavat | B66: 500.39 | C66: 458.73 | D66: 337.9 | E66: of | F66: 1 | G66: 0 | H66: 1
A67: Jami | B67: =SUM(B59:B66) -> 3902.41 | C67: =SUM(C59:C66) -> 3465.7 | D67: =SUM(D59:D66) -> 2575.4
A68: Guruhlar: b = podval, f1 = 1-qavat, of = 2–7-qavatlar. GBA — reja eksplikatsiyasi jami; «sotiladigan» = GBA minus umumiy yadro (lift xolli, vestibyul, texnik xonalar) — CASE investitsiya modelidagi 458,73 m² bilan bir xil baza; GLA — CASE taqdimoti bo'yicha (eksplikatsiya bo'yicha tipik qavat 340,49 m² — «Tekshiruv» varag'iga qarang). C strategiya bayroqlarini o'zgartirib, istalgan kombinatsiyani sinash mumkin.

Sheet Parametrlar
A1: Hosila parametrlar — 3 strategiya × 3 ssenariy (formulalar, o'zgartirilmaydi)
A3: Parametr | B3: A · Kons | C3: A · Baza | D3: A · Opt | E3: B · Kons | F3: B · Baza | G3: B · Opt | H3: C · Kons | I3: C · Baza | J3: C · Opt
A4: Qurilish muddati, oy | B4: =MAX(1,ROUND(Kirish!$B$36,0)) -> 27 | C4: =MAX(1,ROUND(Kirish!$C$36,0)) -> 20 | D4: =MAX(1,ROUND(Kirish!$D$36,0)) -> 14 | E4: =MAX(1,ROUND(Kirish!$B$36,0)) -> 27 | F4: =MAX(1,ROUND(Kirish!$C$36,0)) -> 20 | G4: =MAX(1,ROUND(Kirish!$D$36,0)) -> 14 | H4: =MAX(1,ROUND(Kirish!$B$36,0)) -> 27 | I4: =MAX(1,ROUND(Kirish!$C$36,0)) -> 20 | J4: =MAX(1,ROUND(Kirish!$D$36,0)) -> 14
A5: Sotuv muddati, oy | B5: =MAX(1,ROUND(Kirish!$B$46,0)) -> 30 | C5: =MAX(1,ROUND(Kirish!$C$46,0)) -> 20 | D5: =MAX(1,ROUND(Kirish!$D$46,0)) -> 12 | E5: =MAX(1,ROUND(Kirish!$B$46,0)) -> 30 | F5: =MAX(1,ROUND(Kirish!$C$46,0)) -> 20 | G5: =MAX(1,ROUND(Kirish!$D$46,0)) -> 12 | H5: =MAX(1,ROUND(Kirish!$B$46,0)) -> 30 | I5: =MAX(1,ROUND(Kirish!$C$46,0)) -> 20 | J5: =MAX(1,ROUND(Kirish!$D$46,0)) -> 12
A6: Bo'lib to'lash, oy | B6: =MAX(0,ROUND(Kirish!$B$15,0)) -> 4 | C6: =MAX(0,ROUND(Kirish!$B$15,0)) -> 4 | D6: =MAX(0,ROUND(Kirish!$B$15,0)) -> 4 | E6: =MAX(0,ROUND(Kirish!$B$15,0)) -> 4 | F6: =MAX(0,ROUND(Kirish!$B$15,0)) -> 4 | G6: =MAX(0,ROUND(Kirish!$B$15,0)) -> 4 | H6: =MAX(0,ROUND(Kirish!$B$15,0)) -> 4 | I6: =MAX(0,ROUND(Kirish!$B$15,0)) -> 4 | J6: =MAX(0,ROUND(Kirish!$B$15,0)) -> 4
A7: Sotuv boshlanishi, oy | B7: =MAX(0,ROUND(Kirish!$B$14,0)) -> 1 | C7: =MAX(0,ROUND(Kirish!$B$14,0)) -> 1 | D7: =MAX(0,ROUND(Kirish!$B$14,0)) -> 1 | E7: =MAX(0,ROUND(Kirish!$B$14,0)) -> 1 | F7: =MAX(0,ROUND(Kirish!$B$14,0)) -> 1 | G7: =MAX(0,ROUND(Kirish!$B$14,0)) -> 1 | H7: =MAX(0,ROUND(Kirish!$B$14,0)) -> 1 | I7: =MAX(0,ROUND(Kirish!$B$14,0)) -> 1 | J7: =MAX(0,ROUND(Kirish!$B$14,0)) -> 1
A8: Chiqish oyi (ijara) | B8: =MIN(168,Parametrlar!$B$4+ROUND(Kirish!$B$8,0)*12) -> 147 | C8: =MIN(168,Parametrlar!$C$4+ROUND(Kirish!$B$8,0)*12) -> 140 | D8: =MIN(168,Parametrlar!$D$4+ROUND(Kirish!$B$8,0)*12) -> 134 | E8: =MIN(168,Parametrlar!$E$4+ROUND(Kirish!$B$8,0)*12) -> 147 | F8: =MIN(168,Parametrlar!$F$4+ROUND(Kirish!$B$8,0)*12) -> 140 | G8: =MIN(168,Parametrlar!$G$4+ROUND(Kirish!$B$8,0)*12) -> 134 | H8: =MIN(168,Parametrlar!$H$4+ROUND(Kirish!$B$8,0)*12) -> 147 | I8: =MIN(168,Parametrlar!$I$4+ROUND(Kirish!$B$8,0)*12) -> 140 | J8: =MIN(168,Parametrlar!$J$4+ROUND(Kirish!$B$8,0)*12) -> 134
A9: Samarali boshlang'ich to'lov | B9: =IF(Parametrlar!$B$6>0,Kirish!$B$16,1) -> 0.5 | C9: =IF(Parametrlar!$C$6>0,Kirish!$B$16,1) -> 0.5 | D9: =IF(Parametrlar!$D$6>0,Kirish!$B$16,1) -> 0.5 | E9: =IF(Parametrlar!$E$6>0,Kirish!$B$16,1) -> 0.5 | F9: =IF(Parametrlar!$F$6>0,Kirish!$B$16,1) -> 0.5 | G9: =IF(Parametrlar!$G$6>0,Kirish!$B$16,1) -> 0.5 | H9: =IF(Parametrlar!$H$6>0,Kirish!$B$16,1) -> 0.5 | I9: =IF(Parametrlar!$I$6>0,Kirish!$B$16,1) -> 0.5 | J9: =IF(Parametrlar!$J$6>0,Kirish!$B$16,1) -> 0.5
A10: QQS bo'luvchisi | B10: =IF(Kirish!$B$12=1,1+Kirish!$B$13,1) -> 1.12 | C10: =IF(Kirish!$B$12=1,1+Kirish!$B$13,1) -> 1.12 | D10: =IF(Kirish!$B$12=1,1+Kirish!$B$13,1) -> 1.12 | E10: =IF(Kirish!$B$12=1,1+Kirish!$B$13,1) -> 1.12 | F10: =IF(Kirish!$B$12=1,1+Kirish!$B$13,1) -> 1.12 | G10: =IF(Kirish!$B$12=1,1+Kirish!$B$13,1) -> 1.12 | H10: =IF(Kirish!$B$12=1,1+Kirish!$B$13,1) -> 1.12 | I10: =IF(Kirish!$B$12=1,1+Kirish!$B$13,1) -> 1.12 | J10: =IF(Kirish!$B$12=1,1+Kirish!$B$13,1) -> 1.12
A11: Ijarada qoladigan GBA, m² | B11: =SUMPRODUCT(Kirish!$B$59:$B$66*(1-Kirish!$F$59:$F$66)) -> 0 | C11: =SUMPRODUCT(Kirish!$B$59:$B$66*(1-Kirish!$F$59:$F$66)) -> 0 | D11: =SUMPRODUCT(Kirish!$B$59:$B$66*(1-Kirish!$F$59:$F$66)) -> 0 | E11: =SUMPRODUCT(Kirish!$B$59:$B$66*(1-Kirish!$G$59:$G$66)) -> 3902.41 | F11: =SUMPRODUCT(Kirish!$B$59:$B$66*(1-Kirish!$G$59:$G$66)) -> 3902.41 | G11: =SUMPRODUCT(Kirish!$B$59:$B$66*(1-Kirish!$G$59:$G$66)) -> 3902.41 | H11: =SUMPRODUCT(Kirish!$B$59:$B$66*(1-Kirish!$H$59:$H$66)) -> 900.07 | I11: =SUMPRODUCT(Kirish!$B$59:$B$66*(1-Kirish!$H$59:$H$66)) -> 900.07 | J11: =SUMPRODUCT(Kirish!$B$59:$B$66*(1-Kirish!$H$59:$H$66)) -> 900.07
A12: Ijarada qoladigan GLA, m² | B12: =SUMPRODUCT(Kirish!$D$59:$D$66*(1-Kirish!$F$59:$F$66)) -> 0 | C12: =SUMPRODUCT(Kirish!$D$59:$D$66*(1-Kirish!$F$59:$F$66)) -> 0 | D12: =SUMPRODUCT(Kirish!$D$59:$D$66*(1-Kirish!$F$59:$F$66)) -> 0 | E12: =SUMPRODUCT(Kirish!$D$59:$D$66*(1-Kirish!$G$59:$G$66)) -> 2575.4 | F12: =SUMPRODUCT(Kirish!$D$59:$D$66*(1-Kirish!$G$59:$G$66)) -> 2575.4 | G12: =SUMPRODUCT(Kirish!$D$59:$D$66*(1-Kirish!$G$59:$G$66)) -> 2575.4 | H12: =SUMPRODUCT(Kirish!$D$59:$D$66*(1-Kirish!$H$59:$H$66)) -> 548 | I12: =SUMPRODUCT(Kirish!$D$59:$D$66*(1-Kirish!$H$59:$H$66)) -> 548 | J12: =SUMPRODUCT(Kirish!$D$59:$D$66*(1-Kirish!$H$59:$H$66)) -> 548
A13: Sotiladigan maydon, m² | B13: =SUMPRODUCT(Kirish!$C$59:$C$66*Kirish!$F$59:$F$66) -> 3465.7 | C13: =SUMPRODUCT(Kirish!$C$59:$C$66*Kirish!$F$59:$F$66) -> 3465.7 | D13: =SUMPRODUCT(Kirish!$C$59:$C$66*Kirish!$F$59:$F$66) -> 3465.7 | E13: =SUMPRODUCT(Kirish!$C$59:$C$66*Kirish!$G$59:$G$66) -> 0 | F13: =SUMPRODUCT(Kirish!$C$59:$C$66*Kirish!$G$59:$G$66) -> 0 | G13: =SUMPRODUCT(Kirish!$C$59:$C$66*Kirish!$G$59:$G$66) -> 0 | H13: =SUMPRODUCT(Kirish!$C$59:$C$66*Kirish!$H$59:$H$66) -> 2752.38 | I13: =SUMPRODUCT(Kirish!$C$59:$C$66*Kirish!$H$59:$H$66) -> 2752.38 | J13: =SUMPRODUCT(Kirish!$C$59:$C$66*Kirish!$H$59:$H$66) -> 2752.38
A14: Ijara ulushi (GBA bo'yicha) | B14: =Parametrlar!$B$11/Kirish!$B$67 -> 0 | C14: =Parametrlar!$C$11/Kirish!$B$67 -> 0 | D14: =Parametrlar!$D$11/Kirish!$B$67 -> 0 | E14: =Parametrlar!$E$11/Kirish!$B$67 -> 1 | F14: =Parametrlar!$F$11/Kirish!$B$67 -> 1 | G14: =Parametrlar!$G$11/Kirish!$B$67 -> 1 | H14: =Parametrlar!$H$11/Kirish!$B$67 -> 0.23064465 | I14: =Parametrlar!$I$11/Kirish!$B$67 -> 0.23064465 | J14: =Parametrlar!$J$11/Kirish!$B$67 -> 0.23064465
A15: Sotuv bazasi (hozirgi narxda, QQSsiz), $ | B15: =(SUMPRODUCT((Kirish!$E$59:$E$66="b")*Kirish!$C$59:$C$66*Kirish!$F$59:$F$66)*Kirish!$B$43+SUMPRODUCT((Kirish!$E$59:$E$66="f1")*Kirish!$C$59:$C$66*Kirish!$F$59:$F$66)*Kirish!$B$42+SUMPRODUCT((Kirish!$E$59:$E$66="of")*Kirish!$C$59:$C$66*Kirish!$F$59:$F$66)*Kirish!$B$41)/Parametrlar!$B$10 -> 3334281.2 | C15: =(SUMPRODUCT((Kirish!$E$59:$E$66="b")*Kirish!$C$59:$C$66*Kirish!$F$59:$F$66)*Kirish!$C$43+SUMPRODUCT((Kirish!$E$59:$E$66="f1")*Kirish!$C$59:$C$66*Kirish!$F$59:$F$66)*Kirish!$C$42+SUMPRODUCT((Kirish!$E$59:$E$66="of")*Kirish!$C$59:$C$66*Kirish!$F$59:$F$66)*Kirish!$C$41)/Parametrlar!$C$10 -> 3797788.4 | D15: =(SUMPRODUCT((Kirish!$E$59:$E$66="b")*Kirish!$C$59:$C$66*Kirish!$F$59:$F$66)*Kirish!$D$43+SUMPRODUCT((Kirish!$E$59:$E$66="f1")*Kirish!$C$59:$C$66*Kirish!$F$59:$F$66)*Kirish!$D$42+SUMPRODUCT((Kirish!$E$59:$E$66="of")*Kirish!$C$59:$C$66*Kirish!$F$59:$F$66)*Kirish!$D$41)/Parametrlar!$D$10 -> 4292491.1 | E15: =(SUMPRODUCT((Kirish!$E$59:$E$66="b")*Kirish!$C$59:$C$66*Kirish!$G$59:$G$66)*Kirish!$B$43+SUMPRODUCT((Kirish!$E$59:$E$66="f1")*Kirish!$C$59:$C$66*Kirish!$G$59:$G$66)*Kirish!$B$42+SUMPRODUCT((Kirish!$E$59:$E$66="of")*Kirish!$C$59:$C$66*Kirish!$G$59:$G$66)*Kirish!$B$41)/Parametrlar!$E$10 -> 0 | F15: =(SUMPRODUCT((Kirish!$E$59:$E$66="b")*Kirish!$C$59:$C$66*Kirish!$G$59:$G$66)*Kirish!$C$43+SUMPRODUCT((Kirish!$E$59:$E$66="f1")*Kirish!$C$59:$C$66*Kirish!$G$59:$G$66)*Kirish!$C$42+SUMPRODUCT((Kirish!$E$59:$E$66="of")*Kirish!$C$59:$C$66*Kirish!$G$59:$G$66)*Kirish!$C$41)/Parametrlar!$F$10 -> 0 | G15: =(SUMPRODUCT((Kirish!$E$59:$E$66="b")*Kirish!$C$59:$C$66*Kirish!$G$59:$G$66)*Kirish!$D$43+SUMPRODUCT((Kirish!$E$59:$E$66="f1")*Kirish!$C$59:$C$66*Kirish!$G$59:$G$66)*Kirish!$D$42+SUMPRODUCT((Kirish!$E$59:$E$66="of")*Kirish!$C$59:$C$66*Kirish!$G$59:$G$66)*Kirish!$D$41)/Parametrlar!$G$10 -> 0 | H15: =(SUMPRODUCT((Kirish!$E$59:$E$66="b")*Kirish!$C$59:$C$66*Kirish!$H$59:$H$66)*Kirish!$B$43+SUMPRODUCT((Kirish!$E$59:$E$66="f1")*Kirish!$C$59:$C$66*Kirish!$H$59:$H$66)*Kirish!$B$42+SUMPRODUCT((Kirish!$E$59:$E$66="of")*Kirish!$C$59:$C$66*Kirish!$H$59:$H$66)*Kirish!$B$41)/Parametrlar!$H$10 -> 2703230.4 | I15: =(SUMPRODUCT((Kirish!$E$59:$E$66="b")*Kirish!$C$59:$C$66*Kirish!$H$59:$H$66)*Kirish!$C$43+SUMPRODUCT((Kirish!$E$59:$E$66="f1")*Kirish!$C$59:$C$66*Kirish!$H$59:$H$66)*Kirish!$C$42+SUMPRODUCT((Kirish!$E$59:$E$66="of")*Kirish!$C$59:$C$66*Kirish!$H$59:$H$66)*Kirish!$C$41)/Parametrlar!$I$10 -> 3071852.7 | J15: =(SUMPRODUCT((Kirish!$E$59:$E$66="b")*Kirish!$C$59:$C$66*Kirish!$H$59:$H$66)*Kirish!$D$43+SUMPRODUCT((Kirish!$E$59:$E$66="f1")*Kirish!$C$59:$C$66*Kirish!$H$59:$H$66)*Kirish!$D$42+SUMPRODUCT((Kirish!$E$59:$E$66="of")*Kirish!$C$59:$C$66*Kirish!$H$59:$H$66)*Kirish!$D$41)/Parametrlar!$J$10 -> 3440475
A16: Ijara salohiyati (100% bandlik), $/oy | B16: =SUMPRODUCT((Kirish!$E$59:$E$66="b")*Kirish!$D$59:$D$66*(1-Kirish!$F$59:$F$66))*Kirish!$B$49+SUMPRODUCT((Kirish!$E$59:$E$66="f1")*Kirish!$D$59:$D$66*(1-Kirish!$F$59:$F$66))*Kirish!$B$48+SUMPRODUCT((Kirish!$E$59:$E$66="of")*Kirish!$D$59:$D$66*(1-Kirish!$F$59:$F$66))*Kirish!$B$47 -> 0 | C16: =SUMPRODUCT((Kirish!$E$59:$E$66="b")*Kirish!$D$59:$D$66*(1-Kirish!$F$59:$F$66))*Kirish!$C$49+SUMPRODUCT((Kirish!$E$59:$E$66="f1")*Kirish!$D$59:$D$66*(1-Kirish!$F$59:$F$66))*Kirish!$C$48+SUMPRODUCT((Kirish!$E$59:$E$66="of")*Kirish!$D$59:$D$66*(1-Kirish!$F$59:$F$66))*Kirish!$C$47 -> 0 | D16: =SUMPRODUCT((Kirish!$E$59:$E$66="b")*Kirish!$D$59:$D$66*(1-Kirish!$F$59:$F$66))*Kirish!$D$49+SUMPRODUCT((Kirish!$E$59:$E$66="f1")*Kirish!$D$59:$D$66*(1-Kirish!$F$59:$F$66))*Kirish!$D$48+SUMPRODUCT((Kirish!$E$59:$E$66="of")*Kirish!$D$59:$D$66*(1-Kirish!$F$59:$F$66))*Kirish!$D$47 -> 0 | E16: =SUMPRODUCT((Kirish!$E$59:$E$66="b")*Kirish!$D$59:$D$66*(1-Kirish!$G$59:$G$66))*Kirish!$B$49+SUMPRODUCT((Kirish!$E$59:$E$66="f1")*Kirish!$D$59:$D$66*(1-Kirish!$G$59:$G$66))*Kirish!$B$48+SUMPRODUCT((Kirish!$E$59:$E$66="of")*Kirish!$D$59:$D$66*(1-Kirish!$G$59:$G$66))*Kirish!$B$47 -> 34866.5 | F16: =SUMPRODUCT((Kirish!$E$59:$E$66="b")*Kirish!$D$59:$D$66*(1-Kirish!$G$59:$G$66))*Kirish!$C$49+SUMPRODUCT((Kirish!$E$59:$E$66="f1")*Kirish!$D$59:$D$66*(1-Kirish!$G$59:$G$66))*Kirish!$C$48+SUMPRODUCT((Kirish!$E$59:$E$66="of")*Kirish!$D$59:$D$66*(1-Kirish!$G$59:$G$66))*Kirish!$C$47 -> 42632.9 | G16: =SUMPRODUCT((Kirish!$E$59:$E$66="b")*Kirish!$D$59:$D$66*(1-Kirish!$G$59:$G$66))*Kirish!$D$49+SUMPRODUCT((Kirish!$E$59:$E$66="f1")*Kirish!$D$59:$D$66*(1-Kirish!$G$59:$G$66))*Kirish!$D$48+SUMPRODUCT((Kirish!$E$59:$E$66="of")*Kirish!$D$59:$D$66*(1-Kirish!$G$59:$G$66))*Kirish!$D$47 -> 52720.8 | H16: =SUMPRODUCT((Kirish!$E$59:$E$66="b")*Kirish!$D$59:$D$66*(1-Kirish!$H$59:$H$66))*Kirish!$B$49+SUMPRODUCT((Kirish!$E$59:$E$66="f1")*Kirish!$D$59:$D$66*(1-Kirish!$H$59:$H$66))*Kirish!$B$48+SUMPRODUCT((Kirish!$E$59:$E$66="of")*Kirish!$D$59:$D$66*(1-Kirish!$H$59:$H$66))*Kirish!$B$47 -> 6482.9 | I16: =SUMPRODUCT((Kirish!$E$59:$E$66="b")*Kirish!$D$59:$D$66*(1-Kirish!$H$59:$H$66))*Kirish!$C$49+SUMPRODUCT((Kirish!$E$59:$E$66="f1")*Kirish!$D$59:$D$66*(1-Kirish!$H$59:$H$66))*Kirish!$C$48+SUMPRODUCT((Kirish!$E$59:$E$66="of")*Kirish!$D$59:$D$66*(1-Kirish!$H$59:$H$66))*Kirish!$C$47 -> 8167.1 | J16: =SUMPRODUCT((Kirish!$E$59:$E$66="b")*Kirish!$D$59:$D$66*(1-Kirish!$H$59:$H$66))*Kirish!$D$49+SUMPRODUCT((Kirish!$E$59:$E$66="f1")*Kirish!$D$59:$D$66*(1-Kirish!$H$59:$H$66))*Kirish!$D$48+SUMPRODUCT((Kirish!$E$59:$E$66="of")*Kirish!$D$59:$D$66*(1-Kirish!$H$59:$H$66))*Kirish!$D$47 -> 10145.4
A17: Qurilish jami (soft va zaxira bilan), $ | B17: =Kirish!$B$37*Kirish!$B$67*(1+Kirish!$B$9+Kirish!$B$39) -> 3715094.3 | C17: =Kirish!$C$37*Kirish!$B$67*(1+Kirish!$B$9+Kirish!$C$39) -> 3091489.2 | D17: =Kirish!$D$37*Kirish!$B$67*(1+Kirish!$B$9+Kirish!$D$39) -> 2580273.5 | E17: =Kirish!$B$37*Kirish!$B$67*(1+Kirish!$B$9+Kirish!$B$39) -> 3715094.3 | F17: =Kirish!$C$37*Kirish!$B$67*(1+Kirish!$B$9+Kirish!$C$39) -> 3091489.2 | G17: =Kirish!$D$37*Kirish!$B$67*(1+Kirish!$B$9+Kirish!$D$39) -> 2580273.5 | H17: =Kirish!$B$37*Kirish!$B$67*(1+Kirish!$B$9+Kirish!$B$39) -> 3715094.3 | I17: =Kirish!$C$37*Kirish!$B$67*(1+Kirish!$B$9+Kirish!$C$39) -> 3091489.2 | J17: =Kirish!$D$37*Kirish!$B$67*(1+Kirish!$B$9+Kirish!$D$39) -> 2580273.5
A18: Ijaradagi maydonni tayyorlash jami, $ | B18: =Kirish!$B$40*Parametrlar!$B$12 -> 0 | C18: =Kirish!$C$40*Parametrlar!$C$12 -> 0 | D18: =Kirish!$D$40*Parametrlar!$D$12 -> 0 | E18: =Kirish!$B$40*Parametrlar!$E$12 -> 386310 | F18: =Kirish!$C$40*Parametrlar!$F$12 -> 334802 | G18: =Kirish!$D$40*Parametrlar!$G$12 -> 257540 | H18: =Kirish!$B$40*Parametrlar!$H$12 -> 82200 | I18: =Kirish!$C$40*Parametrlar!$I$12 -> 71240 | J18: =Kirish!$D$40*Parametrlar!$J$12 -> 54800
A19: Tayyorlash ishlari, oy | B19: =MIN(3,Parametrlar!$B$4) -> 3 | C19: =MIN(3,Parametrlar!$C$4) -> 3 | D19: =MIN(3,Parametrlar!$D$4) -> 3 | E19: =MIN(3,Parametrlar!$E$4) -> 3 | F19: =MIN(3,Parametrlar!$F$4) -> 3 | G19: =MIN(3,Parametrlar!$G$4) -> 3 | H19: =MIN(3,Parametrlar!$H$4) -> 3 | I19: =MIN(3,Parametrlar!$I$4) -> 3 | J19: =MIN(3,Parametrlar!$J$4) -> 3
A20: Qurilish, indeksatsiya bilan (nominal), $ | B20: =Hisob_A_Sotish!$C$16 -> 3877603 | C20: =Hisob_A_Sotish!$C$49 -> 3140478.8 | D20: =Hisob_A_Sotish!$C$82 -> 2580273.5 | E20: =Hisob_B_Ijara!$C$16 -> 3877603 | F20: =Hisob_B_Ijara!$C$49 -> 3140478.8 | G20: =Hisob_B_Ijara!$C$82 -> 2580273.5 | H20: =Hisob_C_Gibrid!$C$16 -> 3877603 | I20: =Hisob_C_Gibrid!$C$49 -> 3140478.8 | J20: =Hisob_C_Gibrid!$C$82 -> 2580273.5
A21: Qurilish davridagi yer va mol-mulk soliqlari, $ | B21: =Hisob_A_Sotish!$C$17 -> 41839.908 | C21: =Hisob_A_Sotish!$C$50 -> 10000 | D21: =Hisob_A_Sotish!$C$83 -> 7000 | E21: =Hisob_B_Ijara!$C$17 -> 41839.908 | F21: =Hisob_B_Ijara!$C$50 -> 10000 | G21: =Hisob_B_Ijara!$C$83 -> 7000 | H21: =Hisob_C_Gibrid!$C$17 -> 41839.908 | I21: =Hisob_C_Gibrid!$C$50 -> 10000 | J21: =Hisob_C_Gibrid!$C$83 -> 7000
A22: Sotilgan qismga to'g'ri keladigan tannarx, $ | B22: =(Kirish!$B$10+Parametrlar!$B$20+Parametrlar!$B$21)*(1-Parametrlar!$B$14) -> 4719442.9 | C22: =(Kirish!$B$10+Parametrlar!$C$20+Parametrlar!$C$21)*(1-Parametrlar!$C$14) -> 3950478.8 | D22: =(Kirish!$B$10+Parametrlar!$D$20+Parametrlar!$D$21)*(1-Parametrlar!$D$14) -> 3387273.5 | E22: =(Kirish!$B$10+Parametrlar!$E$20+Parametrlar!$E$21)*(1-Parametrlar!$E$14) -> 0 | F22: =(Kirish!$B$10+Parametrlar!$F$20+Parametrlar!$F$21)*(1-Parametrlar!$F$14) -> 0 | G22: =(Kirish!$B$10+Parametrlar!$G$20+Parametrlar!$G$21)*(1-Parametrlar!$G$14) -> 0 | H22: =(Kirish!$B$10+Parametrlar!$H$20+Parametrlar!$H$21)*(1-Parametrlar!$H$14) -> 3630928.7 | I22: =(Kirish!$B$10+Parametrlar!$I$20+Parametrlar!$I$21)*(1-Parametrlar!$I$14) -> 3039322 | J22: =(Kirish!$B$10+Parametrlar!$J$20+Parametrlar!$J$21)*(1-Parametrlar!$J$14) -> 2606017
A23: Ijaradagi qismning balans qiymati, $ | B23: =(Kirish!$B$10+Parametrlar!$B$20+Parametrlar!$B$21)*Parametrlar!$B$14+Parametrlar!$B$18 -> 0 | C23: =(Kirish!$B$10+Parametrlar!$C$20+Parametrlar!$C$21)*Parametrlar!$C$14+Parametrlar!$C$18 -> 0 | D23: =(Kirish!$B$10+Parametrlar!$D$20+Parametrlar!$D$21)*Parametrlar!$D$14+Parametrlar!$D$18 -> 0 | E23: =(Kirish!$B$10+Parametrlar!$E$20+Parametrlar!$E$21)*Parametrlar!$E$14+Parametrlar!$E$18 -> 5105752.9 | F23: =(Kirish!$B$10+Parametrlar!$F$20+Parametrlar!$F$21)*Parametrlar!$F$14+Parametrlar!$F$18 -> 4285280.8 | G23: =(Kirish!$B$10+Parametrlar!$G$20+Parametrlar!$G$21)*Parametrlar!$G$14+Parametrlar!$G$18 -> 3644813.5 | H23: =(Kirish!$B$10+Parametrlar!$H$20+Parametrlar!$H$21)*Parametrlar!$H$14+Parametrlar!$H$18 -> 1170714.3 | I23: =(Kirish!$B$10+Parametrlar!$I$20+Parametrlar!$I$21)*Parametrlar!$I$14+Parametrlar!$I$18 -> 982396.81 | J23: =(Kirish!$B$10+Parametrlar!$J$20+Parametrlar!$J$21)*Parametrlar!$J$14+Parametrlar!$J$18 -> 836056.52
A24: Amortizatsiya bazasi (yersiz), $ | B24: =Parametrlar!$B$20*Parametrlar!$B$14+Parametrlar!$B$18 -> 0 | C24: =Parametrlar!$C$20*Parametrlar!$C$14+Parametrlar!$C$18 -> 0 | D24: =Parametrlar!$D$20*Parametrlar!$D$14+Parametrlar!$D$18 -> 0 | E24: =Parametrlar!$E$20*Parametrlar!$E$14+Parametrlar!$E$18 -> 4263913 | F24: =Parametrlar!$F$20*Parametrlar!$F$14+Parametrlar!$F$18 -> 3475280.8 | G24: =Parametrlar!$G$20*Parametrlar!$G$14+Parametrlar!$G$18 -> 2837813.5 | H24: =Parametrlar!$H$20*Parametrlar!$H$14+Parametrlar!$H$18 -> 976548.4 | I24: =Parametrlar!$I$20*Parametrlar!$I$14+Parametrlar!$I$18 -> 795574.64 | J24: =Parametrlar!$J$20*Parametrlar!$J$14+Parametrlar!$J$18 -> 649926.28
A25: Shartnomalar jami (QQSsiz), $ | B25: =Hisob_A_Sotish!$C$11 -> 3523223.9 | C25: =Hisob_A_Sotish!$C$44 -> 4156679.4 | D25: =Hisob_A_Sotish!$C$77 -> 4790726.6 | E25: =Hisob_B_Ijara!$C$11 -> 0 | F25: =Hisob_B_Ijara!$C$44 -> 0 | G25: =Hisob_B_Ijara!$C$77 -> 0 | H25: =Hisob_C_Gibrid!$C$11 -> 2856413.4 | I25: =Hisob_C_Gibrid!$C$44 -> 3362142.8 | J25: =Hisob_C_Gibrid!$C$77 -> 3839815.8
A26: Sotuv marjasi (soliq uchun) | B26: =IF(Parametrlar!$B$25>0,(Parametrlar!$B$25*(1-Kirish!$B$17-Kirish!$B$18)-Parametrlar!$B$22)/Parametrlar!$B$25,0) -> -0.374524 | C26: =IF(Parametrlar!$C$25>0,(Parametrlar!$C$25*(1-Kirish!$B$17-Kirish!$B$18)-Parametrlar!$C$22)/Parametrlar!$C$25,0) -> 0.01460705 | D26: =IF(Parametrlar!$D$25>0,(Parametrlar!$D$25*(1-Kirish!$B$17-Kirish!$B$18)-Parametrlar!$D$22)/Parametrlar!$D$25,0) -> 0.25795204 | E26: =IF(Parametrlar!$E$25>0,(Parametrlar!$E$25*(1-Kirish!$B$17-Kirish!$B$18)-Parametrlar!$E$22)/Parametrlar!$E$25,0) -> 0 | F26: =IF(Parametrlar!$F$25>0,(Parametrlar!$F$25*(1-Kirish!$B$17-Kirish!$B$18)-Parametrlar!$F$22)/Parametrlar!$F$25,0) -> 0 | G26: =IF(Parametrlar!$G$25>0,(Parametrlar!$G$25*(1-Kirish!$B$17-Kirish!$B$18)-Parametrlar!$G$22)/Parametrlar!$G$25,0) -> 0 | H26: =IF(Parametrlar!$H$25>0,(Parametrlar!$H$25*(1-Kirish!$B$17-Kirish!$B$18)-Parametrlar!$H$22)/Parametrlar!$H$25,0) -> -0.30614956 | I26: =IF(Parametrlar!$I$25>0,(Parametrlar!$I$25*(1-Kirish!$B$17-Kirish!$B$18)-Parametrlar!$I$22)/Parametrlar!$I$25,0) -> 0.061016379 | J26: =IF(Parametrlar!$J$25>0,(Parametrlar!$J$25*(1-Kirish!$B$17-Kirish!$B$18)-Parametrlar!$J$22)/Parametrlar!$J$25,0) -> 0.2863172

Sheet Hisob_A_Sotish
A1: Oylik hisob — A. Sotish (3 ssenariy)
A2: Barcha kataklar formula. USD, QQSsiz, foyda solig'idan keyin. 0-oy = hisob boshlanishi; qurilish 1..mc oylar; ekspluatatsiya mc+1 dan.
A4: Oy (m) | C4: Jami | D4: 0 | E4: 1 | F4: 2 | G4: 3 | H4: 4 | I4: 5 | J4: 6 | K4: 7 | L4: 8 | M4: 9 | N4: 10 | O4: 11 | P4: 12 | Q4: 13 | R4: 14 | S4: 15 | T4: 16 | U4: 17 | V4: 18 | W4: 19 | X4: 20 | Y4: 21 | Z4: 22 | AA4: 23 | AB4: 24 | AC4: 25 | AD4: 26 | AE4: 27 | AF4: 28 | AG4: 29 | AH4: 30 | AI4: 31 | AJ4: 32 | AK4: 33 | AL4: 34 | AM4: 35 | AN4: 36 | AO4: 37 | AP4: 38 | AQ4: 39 | AR4: 40 | AS4: 41 | AT4: 42 | AU4: 43 | AV4: 44 | AW4: 45 | AX4: 46 | AY4: 47 | AZ4: 48 | BA4: 49 | BB4: 50 | BC4: 51 | BD4: 52 | BE4: 53 | BF4: 54 | BG4: 55 | BH4: 56 | BI4: 57 | BJ4: 58 | BK4: 59 | BL4: 60 | BM4: 61 | BN4: 62 | BO4: 63 | BP4: 64 | BQ4: 65 | BR4: 66 | BS4: 67 | BT4: 68 | BU4: 69 | BV4: 70 | BW4: 71 | BX4: 72 | BY4: 73 | BZ4: 74 | CA4: 75 | CB4: 76 | CC4: 77 | CD4: 78 | CE4: 79 | CF4: 80 | CG4: 81 | CH4: 82 | CI4: 83 | CJ4: 84 | CK4: 85 | CL4: 86 | CM4: 87 | CN4: 88 | CO4: 89 | CP4: 90 | CQ4: 91 | CR4: 92 | CS4: 93 | CT4: 94 | CU4: 95 | CV4: 96 | CW4: 97 | CX4: 98 | CY4: 99 | CZ4: 100 | DA4: 101 | DB4: 102 | DC4: 103 | DD4: 104 | DE4: 105 | DF4: 106 | DG4: 107 | DH4: 108 | DI4: 109 | DJ4: 110 | DK4: 111 | DL4: 112 | DM4: 113 | DN4: 114 | DO4: 115 | DP4: 116 | DQ4: 117 | DR4: 118 | DS4: 119 | DT4: 120 | DU4: 121 | DV4: 122 | DW4: 123 | DX4: 124 | DY4: 125 | DZ4: 126 | EA4: 127 | EB4: 128 | EC4: 129 | ED4: 130 | EE4: 131 | EF4: 132 | EG4: 133 | EH4: 134 | EI4: 135 | EJ4: 136 | EK4: 137 | EL4: 138 | EM4: 139 | EN4: 140 | EO4: 141 | EP4: 142 | EQ4: 143 | ER4: 144 | ES4: 145 | ET4: 146 | EU4: 147 | EV4: 148 | EW4: 149 | EX4: 150 | EY4: 151 | EZ4: 152 | FA4: 153 | FB4: 154 | FC4: 155 | FD4: 156 | FE4: 157 | FF4: 158 | FG4: 159 | FH4: 160 | FI4: 161 | FJ4: 162 | FK4: 163 | FL4: 164 | FM4: 165 | FN4: 166 | FO4: 167 | FP4: 168
A5: Sana | D5: =DATE(Kirish!$B$6,Kirish!$B$7+D4,1) -> 46296 | E5: =DATE(Kirish!$B$6,Kirish!$B$7+E4,1) -> 46327 | F5: =DATE(Kirish!$B$6,Kirish!$B$7+F4,1) -> 46357 | G5: =DATE(Kirish!$B$6,Kirish!$B$7+G4,1) -> 46388 | H5: =DATE(Kirish!$B$6,Kirish!$B$7+H4,1) -> 46419 | I5: =DATE(Kirish!$B$6,Kirish!$B$7+I4,1) -> 46447 | J5: =DATE(Kirish!$B$6,Kirish!$B$7+J4,1) -> 46478 | K5: =DATE(Kirish!$B$6,Kirish!$B$7+K4,1) -> 46508 | ... FP5: =DATE(Kirish!$B$6,Kirish!$B$7+FP4,1) -> 51410
A6: Kalendar yil | D6: =YEAR(D5) -> 2026 | E6: =YEAR(E5) -> 2026 | F6: =YEAR(F5) -> 2026 | G6: =YEAR(G5) -> 2027 | H6: =YEAR(H5) -> 2027 | I6: =YEAR(I5) -> 2027 | J6: =YEAR(J5) -> 2027 | K6: =YEAR(K5) -> 2027 | ... FP6: =YEAR(FP5) -> 2040
A8: Ssenariy: Konservativ
A9: Narx koeffitsiyenti | D9: =IF(D$4<=Parametrlar!$B$4,1+Kirish!$B$44*D$4/Parametrlar!$B$4,(1+Kirish!$B$44)*(1+Kirish!$B$45)^((D$4-Parametrlar!$B$4)/12)) -> 1 | E9: =IF(E$4<=Parametrlar!$B$4,1+Kirish!$B$44*E$4/Parametrlar!$B$4,(1+Kirish!$B$44)*(1+Kirish!$B$45)^((E$4-Parametrlar!$B$4)/12)) -> 1.0037037 | F9: =IF(F$4<=Parametrlar!$B$4,1+Kirish!$B$44*F$4/Parametrlar!$B$4,(1+Kirish!$B$44)*(1+Kirish!$B$45)^((F$4-Parametrlar!$B$4)/12)) -> 1.0074074 | G9: =IF(G$4<=Parametrlar!$B$4,1+Kirish!$B$44*G$4/Parametrlar!$B$4,(1+Kirish!$B$44)*(1+Kirish!$B$45)^((G$4-Parametrlar!$B$4)/12)) -> 1.0111111 | H9: =IF(H$4<=Parametrlar!$B$4,1+Kirish!$B$44*H$4/Parametrlar!$B$4,(1+Kirish!$B$44)*(1+Kirish!$B$45)^((H$4-Parametrlar!$B$4)/12)) -> 1.0148148 | I9: =IF(I$4<=Parametrlar!$B$4,1+Kirish!$B$44*I$4/Parametrlar!$B$4,(1+Kirish!$B$44)*(1+Kirish!$B$45)^((I$4-Parametrlar!$B$4)/12)) -> 1.0185185 | J9: =IF(J$4<=Parametrlar!$B$4,1+Kirish!$B$44*J$4/Parametrlar!$B$4,(1+Kirish!$B$44)*(1+Kirish!$B$45)^((J$4-Parametrlar!$B$4)/12)) -> 1.0222222 | K9: =IF(K$4<=Parametrlar!$B$4,1+Kirish!$B$44*K$4/Parametrlar!$B$4,(1+Kirish!$B$44)*(1+Kirish!$B$45)^((K$4-Parametrlar!$B$4)/12)) -> 1.0259259 | ... FP9: =IF(FP$4<=Parametrlar!$B$4,1+Kirish!$B$44*FP$4/Parametrlar!$B$4,(1+Kirish!$B$44)*(1+Kirish!$B$45)^((FP$4-Parametrlar!$B$4)/12)) -> 1.1
A10: Oyda sotilgan ulush | D10: =IF(AND(D$4>=Parametrlar!$B$7,D$4<Parametrlar!$B$7+Parametrlar!$B$5),1/Parametrlar!$B$5,0) -> 0 | E10: =IF(AND(E$4>=Parametrlar!$B$7,E$4<Parametrlar!$B$7+Parametrlar!$B$5),1/Parametrlar!$B$5,0) -> 0.033333333 | F10: =IF(AND(F$4>=Parametrlar!$B$7,F$4<Parametrlar!$B$7+Parametrlar!$B$5),1/Parametrlar!$B$5,0) -> 0.033333333 | G10: =IF(AND(G$4>=Parametrlar!$B$7,G$4<Parametrlar!$B$7+Parametrlar!$B$5),1/Parametrlar!$B$5,0) -> 0.033333333 | H10: =IF(AND(H$4>=Parametrlar!$B$7,H$4<Parametrlar!$B$7+Parametrlar!$B$5),1/Parametrlar!$B$5,0) -> 0.033333333 | I10: =IF(AND(I$4>=Parametrlar!$B$7,I$4<Parametrlar!$B$7+Parametrlar!$B$5),1/Parametrlar!$B$5,0) -> 0.033333333 | J10: =IF(AND(J$4>=Parametrlar!$B$7,J$4<Parametrlar!$B$7+Parametrlar!$B$5),1/Parametrlar!$B$5,0) -> 0.033333333 | K10: =IF(AND(K$4>=Parametrlar!$B$7,K$4<Parametrlar!$B$7+Parametrlar!$B$5),1/Parametrlar!$B$5,0) -> 0.033333333 | ... FP10: =IF(AND(FP$4>=Parametrlar!$B$7,FP$4<Parametrlar!$B$7+Parametrlar!$B$5),1/Parametrlar!$B$5,0) -> 0
A11: Tuzilgan shartnomalar, $ | C11: =SUM(D11:FP11) -> 3523223.9 | D11: =D10*Parametrlar!$B$15*D9 -> 0 | E11: =E10*Parametrlar!$B$15*E9 -> 111554.35 | F11: =F10*Parametrlar!$B$15*F9 -> 111965.99 | G11: =G10*Parametrlar!$B$15*G9 -> 112377.63 | H11: =H10*Parametrlar!$B$15*H9 -> 112789.27 | I11: =I10*Parametrlar!$B$15*I9 -> 113200.91 | J11: =J10*Parametrlar!$B$15*J9 -> 113612.55 | K11: =K10*Parametrlar!$B$15*K9 -> 114024.19 | ... FP11: =FP10*Parametrlar!$B$15*FP9 -> 0
A12: Shartnomalar (kumulyativ), $ | D12: =D11 -> 0 | E12: =D12+E11 -> 111554.35 | F12: =E12+F11 -> 223520.34 | G12: =F12+G11 -> 335897.96 | H12: =G12+H11 -> 448687.23 | I12: =H12+I11 -> 561888.14 | J12: =I12+J11 -> 675500.68 | K12: =J12+K11 -> 789524.87 | L12: =K12+L11 -> 903960.69 | ... FP12: =FO12+FP11 -> 3523223.9
A13: Sotuvdan tushum (to'lov jadvali bo'yicha), $ | C13: =SUM(D13:FP13) -> 3523223.9 | D13: =Parametrlar!$B$9*D11 -> 0 | E13: =Parametrlar!$B$9*E11+IF(Parametrlar!$B$6>0,(1-Parametrlar!$B$9)/MAX(1,Parametrlar!$B$6)*(D12-IF(E$4-1-Parametrlar!$B$6>=0,INDEX($D$12:$FP$12,1,E$4-Parametrlar!$B$6),0)),0) -> 55777.174 | F13: =Parametrlar!$B$9*F11+IF(Parametrlar!$B$6>0,(1-Parametrlar!$B$9)/MAX(1,Parametrlar!$B$6)*(E12-IF(F$4-1-Parametrlar!$B$6>=0,INDEX($D$12:$FP$12,1,F$4-Parametrlar!$B$6),0)),0) -> 69927.287 | G13: =Parametrlar!$B$9*G11+IF(Parametrlar!$B$6>0,(1-Parametrlar!$B$9)/MAX(1,Parametrlar!$B$6)*(F12-IF(G$4-1-Parametrlar!$B$6>=0,INDEX($D$12:$FP$12,1,G$4-Parametrlar!$B$6),0)),0) -> 84128.856 | H13: =Parametrlar!$B$9*H11+IF(Parametrlar!$B$6>0,(1-Parametrlar!$B$9)/MAX(1,Parametrlar!$B$6)*(G12-IF(H$4-1-Parametrlar!$B$6>=0,INDEX($D$12:$FP$12,1,H$4-Parametrlar!$B$6),0)),0) -> 98381.879 | I13: =Parametrlar!$B$9*I11+IF(Parametrlar!$B$6>0,(1-Parametrlar!$B$9)/MAX(1,Parametrlar!$B$6)*(H12-IF(I$4-1-Parametrlar!$B$6>=0,INDEX($D$12:$FP$12,1,I$4-Parametrlar!$B$6),0)),0) -> 112686.36 | J13: =Parametrlar!$B$9*J11+IF(Parametrlar!$B$6>0,(1-Parametrlar!$B$9)/MAX(1,Parametrlar!$B$6)*(I12-IF(J$4-1-Parametrlar!$B$6>=0,INDEX($D$12:$FP$12,1,J$4-Parametrlar!$B$6),0)),0) -> 113098 | K13: =Parametrlar!$B$9*K11+IF(Parametrlar!$B$6>0,(1-Parametrlar!$B$9)/MAX(1,Parametrlar!$B$6)*(J12-IF(K$4-1-Parametrlar!$B$6>=0,INDEX($D$12:$FP$12,1,K$4-Parametrlar!$B$6),0)),0) -> 113509.64 | L13: =Parametrlar!$B$9*L11+IF(Parametrlar!$B$6>0,(1-Parametrlar!$B$9)/MAX(1,Parametrlar!$B$6)*(K12-IF(L$4-1-Parametrlar!$B$6>=0,INDEX($D$12:$FP$12,1,L$4-Parametrlar!$B$6),0)),0) -> 113921.28 | ... FP13: =Parametrlar!$B$9*FP11+IF(Parametrlar!$B$6>0,(1-Parametrlar!$B$9)/MAX(1,Parametrlar!$B$6)*(FO12-IF(FP$4-1-Parametrlar!$B$6>=0,INDEX($D$12:$FP$12,1,FP$4-Parametrlar!$B$6),0)),0) -> 0
A14: Komissiya va marketing, $ | C14: =SUM(D14:FP14) -> 123312.83 | D14: =D11*(Kirish!$B$17+Kirish!$B$18) -> 0 | E14: =E11*(Kirish!$B$17+Kirish!$B$18) -> 3904.4022 | F14: =F11*(Kirish!$B$17+Kirish!$B$18) -> 3918.8096 | G14: =G11*(Kirish!$B$17+Kirish!$B$18) -> 3933.217 | H14: =H11*(Kirish!$B$17+Kirish!$B$18) -> 3947.6243 | I14: =I11*(Kirish!$B$17+Kirish!$B$18) -> 3962.0317 | J14: =J11*(Kirish!$B$17+Kirish!$B$18) -> 3976.4391 | K14: =K11*(Kirish!$B$17+Kirish!$B$18) -> 3990.8465 | ... FP14: =FP11*(Kirish!$B$17+Kirish!$B$18) -> 0
A15: Sotuvdan foyda solig'i, $ | C15: =SUM(D15:FP15) -> 0 | D15: =MAX(0,Parametrlar!$B$26)*D13*Kirish!$B$28 -> 0 | E15: =MAX(0,Parametrlar!$B$26)*E13*Kirish!$B$28 -> 0 | F15: =MAX(0,Parametrlar!$B$26)*F13*Kirish!$B$28 -> 0 | G15: =MAX(0,Parametrlar!$B$26)*G13*Kirish!$B$28 -> 0 | H15: =MAX(0,Parametrlar!$B$26)*H13*Kirish!$B$28 -> 0 | I15: =MAX(0,Parametrlar!$B$26)*I13*Kirish!$B$28 -> 0 | J15: =MAX(0,Parametrlar!$B$26)*J13*Kirish!$B$28 -> 0 | K15: =MAX(0,Parametrlar!$B$26)*K13*Kirish!$B$28 -> 0 | ... FP15: =MAX(0,Parametrlar!$B$26)*FP13*Kirish!$B$28 -> 0
A16: Qurilish xarajati (indeksatsiya bilan), $ | C16: =SUM(D16:FP16) -> 3877603 | D16: =IF(AND(D$4>=1,D$4<=Parametrlar!$B$4),Parametrlar!$B$17/Parametrlar!$B$4*(1+Kirish!$B$38)^((D$4-1)/12),0) -> 0 | E16: =IF(AND(E$4>=1,E$4<=Parametrlar!$B$4),Parametrlar!$B$17/Parametrlar!$B$4*(1+Kirish!$B$38)^((E$4-1)/12),0) -> 137596.09 | F16: =IF(AND(F$4>=1,F$4<=Parametrlar!$B$4),Parametrlar!$B$17/Parametrlar!$B$4*(1+Kirish!$B$38)^((F$4-1)/12),0) -> 138046.54 | G16: =IF(AND(G$4>=1,G$4<=Parametrlar!$B$4),Parametrlar!$B$17/Parametrlar!$B$4*(1+Kirish!$B$38)^((G$4-1)/12),0) -> 138498.47 | H16: =IF(AND(H$4>=1,H$4<=Parametrlar!$B$4),Parametrlar!$B$17/Parametrlar!$B$4*(1+Kirish!$B$38)^((H$4-1)/12),0) -> 138951.88 | I16: =IF(AND(I$4>=1,I$4<=Parametrlar!$B$4),Parametrlar!$B$17/Parametrlar!$B$4*(1+Kirish!$B$38)^((I$4-1)/12),0) -> 139406.77 | J16: =IF(AND(J$4>=1,J$4<=Parametrlar!$B$4),Parametrlar!$B$17/Parametrlar!$B$4*(1+Kirish!$B$38)^((J$4-1)/12),0) -> 139863.15 | K16: =IF(AND(K$4>=1,K$4<=Parametrlar!$B$4),Parametrlar!$B$17/Parametrlar!$B$4*(1+Kirish!$B$38)^((K$4-1)/12),0) -> 140321.03 | ... FP16: =IF(AND(FP$4>=1,FP$4<=Parametrlar!$B$4),Parametrlar!$B$17/Parametrlar!$B$4*(1+Kirish!$B$38)^((FP$4-1)/12),0) -> 0
A17: Qurilish davridagi soliqlar (yer; muddatdan keyin 2x yer + 3% mol-mulk), $ | C17: =SUM(D17:FP17) -> 41839.908 | D17: =0 -> 0 | E17: =IF(AND(E$4>=1,E$4<=Parametrlar!$B$4),Kirish!$B$26/12*IF(E$4>Kirish!$B$30,2,1)+IF(E$4>Kirish!$B$30,Kirish!$B$31*SUM($D16:D16)/12,0),0) -> 500 | F17: =IF(AND(F$4>=1,F$4<=Parametrlar!$B$4),Kirish!$B$26/12*IF(F$4>Kirish!$B$30,2,1)+IF(F$4>Kirish!$B$30,Kirish!$B$31*SUM($D16:E16)/12,0),0) -> 500 | G17: =IF(AND(G$4>=1,G$4<=Parametrlar!$B$4),Kirish!$B$26/12*IF(G$4>Kirish!$B$30,2,1)+IF(G$4>Kirish!$B$30,Kirish!$B$31*SUM($D16:F16)/12,0),0) -> 500 | H17: =IF(AND(H$4>=1,H$4<=Parametrlar!$B$4),Kirish!$B$26/12*IF(H$4>Kirish!$B$30,2,1)+IF(H$4>Kirish!$B$30,Kirish!$B$31*SUM($D16:G16)/12,0),0) -> 500 | I17: =IF(AND(I$4>=1,I$4<=Parametrlar!$B$4),Kirish!$B$26/12*IF(I$4>Kirish!$B$30,2,1)+IF(I$4>Kirish!$B$30,Kirish!$B$31*SUM($D16:H16)/12,0),0) -> 500 | J17: =IF(AND(J$4>=1,J$4<=Parametrlar!$B$4),Kirish!$B$26/12*IF(J$4>Kirish!$B$30,2,1)+IF(J$4>Kirish!$B$30,Kirish!$B$31*SUM($D16:I16)/12,0),0) -> 500 | K17: =IF(AND(K$4>=1,K$4<=Parametrlar!$B$4),Kirish!$B$26/12*IF(K$4>Kirish!$B$30,2,1)+IF(K$4>Kirish!$B$30,Kirish!$B$31*SUM($D16:J16)/12,0),0) -> 500 | L17: =IF(AND(L$4>=1,L$4<=Parametrlar!$B$4),Kirish!$B$26/12*IF(L$4>Kirish!$B$30,2,1)+IF(L$4>Kirish!$B$30,Kirish!$B$31*SUM($D16:K16)/12,0),0) -> 500 | ... FP17: =IF(AND(FP$4>=1,FP$4<=Parametrlar!$B$4),Kirish!$B$26/12*IF(FP$4>Kirish!$B$30,2,1)+IF(FP$4>Kirish!$B$30,Kirish!$B$31*SUM($D16:FO16)/12,0),0) -> 0
A18: Ijaradagi maydonni tayyorlash, $ | C18: =SUM(D18:FP18) -> 0 | D18: =IF(AND(D$4>Parametrlar!$B$4-Parametrlar!$B$19,D$4<=Parametrlar!$B$4),Parametrlar!$B$18/Parametrlar!$B$19,0) -> 0 | E18: =IF(AND(E$4>Parametrlar!$B$4-Parametrlar!$B$19,E$4<=Parametrlar!$B$4),Parametrlar!$B$18/Parametrlar!$B$19,0) -> 0 | F18: =IF(AND(F$4>Parametrlar!$B$4-Parametrlar!$B$19,F$4<=Parametrlar!$B$4),Parametrlar!$B$18/Parametrlar!$B$19,0) -> 0 | G18: =IF(AND(G$4>Parametrlar!$B$4-Parametrlar!$B$19,G$4<=Parametrlar!$B$4),Parametrlar!$B$18/Parametrlar!$B$19,0) -> 0 | H18: =IF(AND(H$4>Parametrlar!$B$4-Parametrlar!$B$19,H$4<=Parametrlar!$B$4),Parametrlar!$B$18/Parametrlar!$B$19,0) -> 0 | I18: =IF(AND(I$4>Parametrlar!$B$4-Parametrlar!$B$19,I$4<=Parametrlar!$B$4),Parametrlar!$B$18/Parametrlar!$B$19,0) -> 0 | J18: =IF(AND(J$4>Parametrlar!$B$4-Parametrlar!$B$19,J$4<=Parametrlar!$B$4),Parametrlar!$B$18/Parametrlar!$B$19,0) -> 0 | K18: =IF(AND(K$4>Parametrlar!$B$4-Parametrlar!$B$19,K$4<=Parametrlar!$B$4),Parametrlar!$B$18/Parametrlar!$B$19,0) -> 0 | ... FP18: =IF(AND(FP$4>Parametrlar!$B$4-Parametrlar!$B$19,FP$4<=Parametrlar!$B$4),Parametrlar!$B$18/Parametrlar!$B$19,0) -> 0
A19: Yer / sarflangan mablag', $ | C19: =SUM(D19:FP19) -> 800000 | D19: =IF(AND(D$4=0,Kirish!$B$11=1),Kirish!$B$10,0) -> 800000 | E19: =IF(AND(E$4=0,Kirish!$B$11=1),Kirish!$B$10,0) -> 0 | F19: =IF(AND(F$4=0,Kirish!$B$11=1),Kirish!$B$10,0) -> 0 | G19: =IF(AND(G$4=0,Kirish!$B$11=1),Kirish!$B$10,0) -> 0 | H19: =IF(AND(H$4=0,Kirish!$B$11=1),Kirish!$B$10,0) -> 0 | I19: =IF(AND(I$4=0,Kirish!$B$11=1),Kirish!$B$10,0) -> 0 | J19: =IF(AND(J$4=0,Kirish!$B$11=1),Kirish!$B$10,0) -> 0 | K19: =IF(AND(K$4=0,Kirish!$B$11=1),Kirish!$B$10,0) -> 0 | ... FP19: =IF(AND(FP$4=0,Kirish!$B$11=1),Kirish!$B$10,0) -> 0
A20: Ekspluatatsiya oyi | D20: =D$4-Parametrlar!$B$4 -> -27 | E20: =E$4-Parametrlar!$B$4 -> -26 | F20: =F$4-Parametrlar!$B$4 -> -25 | G20: =G$4-Parametrlar!$B$4 -> -24 | H20: =H$4-Parametrlar!$B$4 -> -23 | I20: =I$4-Parametrlar!$B$4 -> -22 | J20: =J$4-Parametrlar!$B$4 -> -21 | K20: =K$4-Parametrlar!$B$4 -> -20 | ... FP20: =FP$4-Parametrlar!$B$4 -> 141
A21: Ijara faol (1/0) | D21: =IF(AND(D20>=1,D$4<=Parametrlar!$B$8,Parametrlar!$B$12>0),1,0) -> 0 | E21: =IF(AND(E20>=1,E$4<=Parametrlar!$B$8,Parametrlar!$B$12>0),1,0) -> 0 | F21: =IF(AND(F20>=1,F$4<=Parametrlar!$B$8,Parametrlar!$B$12>0),1,0) -> 0 | G21: =IF(AND(G20>=1,G$4<=Parametrlar!$B$8,Parametrlar!$B$12>0),1,0) -> 0 | H21: =IF(AND(H20>=1,H$4<=Parametrlar!$B$8,Parametrlar!$B$12>0),1,0) -> 0 | I21: =IF(AND(I20>=1,I$4<=Parametrlar!$B$8,Parametrlar!$B$12>0),1,0) -> 0 | J21: =IF(AND(J20>=1,J$4<=Parametrlar!$B$8,Parametrlar!$B$12>0),1,0) -> 0 | K21: =IF(AND(K20>=1,K$4<=Parametrlar!$B$8,Parametrlar!$B$12>0),1,0) -> 0 | ... FP21: =IF(AND(FP20>=1,FP$4<=Parametrlar!$B$8,Parametrlar!$B$12>0),1,0) -> 0
A22: Bandlik | D22: =IF(D21=1,MIN(Kirish!$B$50,Kirish!$B$19+(Kirish!$B$50-Kirish!$B$19)*IF(Kirish!$B$51>0,MIN(1,(D20-1)/Kirish!$B$51),1)),0) -> 0 | E22: =IF(E21=1,MIN(Kirish!$B$50,Kirish!$B$19+(Kirish!$B$50-Kirish!$B$19)*IF(Kirish!$B$51>0,MIN(1,(E20-1)/Kirish!$B$51),1)),0) -> 0 | F22: =IF(F21=1,MIN(Kirish!$B$50,Kirish!$B$19+(Kirish!$B$50-Kirish!$B$19)*IF(Kirish!$B$51>0,MIN(1,(F20-1)/Kirish!$B$51),1)),0) -> 0 | G22: =IF(G21=1,MIN(Kirish!$B$50,Kirish!$B$19+(Kirish!$B$50-Kirish!$B$19)*IF(Kirish!$B$51>0,MIN(1,(G20-1)/Kirish!$B$51),1)),0) -> 0 | H22: =IF(H21=1,MIN(Kirish!$B$50,Kirish!$B$19+(Kirish!$B$50-Kirish!$B$19)*IF(Kirish!$B$51>0,MIN(1,(H20-1)/Kirish!$B$51),1)),0) -> 0 | I22: =IF(I21=1,MIN(Kirish!$B$50,Kirish!$B$19+(Kirish!$B$50-Kirish!$B$19)*IF(Kirish!$B$51>0,MIN(1,(I20-1)/Kirish!$B$51),1)),0) -> 0 | J22: =IF(J21=1,MIN(Kirish!$B$50,Kirish!$B$19+(Kirish!$B$50-Kirish!$B$19)*IF(Kirish!$B$51>0,MIN(1,(J20-1)/Kirish!$B$51),1)),0) -> 0 | K22: =IF(K21=1,MIN(Kirish!$B$50,Kirish!$B$19+(Kirish!$B$50-Kirish!$B$19)*IF(Kirish!$B$51>0,MIN(1,(K20-1)/Kirish!$B$51),1)),0) -> 0 | ... FP22: =IF(FP21=1,MIN(Kirish!$B$50,Kirish!$B$19+(Kirish!$B$50-Kirish!$B$19)*IF(Kirish!$B$51>0,MIN(1,(FP20-1)/Kirish!$B$51),1)),0) -> 0
A23: Indeksatsiya koeffitsiyenti | D23: =IF(D21=1,(1+Kirish!$B$53)^INT((D20-1)/12),1) -> 1 | E23: =IF(E21=1,(1+Kirish!$B$53)^INT((E20-1)/12),1) -> 1 | F23: =IF(F21=1,(1+Kirish!$B$53)^INT((F20-1)/12),1) -> 1 | G23: =IF(G21=1,(1+Kirish!$B$53)^INT((G20-1)/12),1) -> 1 | H23: =IF(H21=1,(1+Kirish!$B$53)^INT((H20-1)/12),1) -> 1 | I23: =IF(I21=1,(1+Kirish!$B$53)^INT((I20-1)/12),1) -> 1 | J23: =IF(J21=1,(1+Kirish!$B$53)^INT((J20-1)/12),1) -> 1 | K23: =IF(K21=1,(1+Kirish!$B$53)^INT((K20-1)/12),1) -> 1 | ... FP23: =IF(FP21=1,(1+Kirish!$B$53)^INT((FP20-1)/12),1) -> 1
A24: Ijara daromadi, $ | C24: =SUM(D24:FP24) -> 0 | D24: =Parametrlar!$B$16*D22*D23 -> 0 | E24: =Parametrlar!$B$16*E22*E23 -> 0 | F24: =Parametrlar!$B$16*F22*F23 -> 0 | G24: =Parametrlar!$B$16*G22*G23 -> 0 | H24: =Parametrlar!$B$16*H22*H23 -> 0 | I24: =Parametrlar!$B$16*I22*I23 -> 0 | J24: =Parametrlar!$B$16*J22*J23 -> 0 | K24: =Parametrlar!$B$16*K22*K23 -> 0 | ... FP24: =Parametrlar!$B$16*FP22*FP23 -> 0
A25: Avtoturargoh va boshqa, $ | C25: =SUM(D25:FP25) -> 0 | D25: =Kirish!$B$21*Parametrlar!$B$14*D22*D23 -> 0 | E25: =Kirish!$B$21*Parametrlar!$B$14*E22*E23 -> 0 | F25: =Kirish!$B$21*Parametrlar!$B$14*F22*F23 -> 0 | G25: =Kirish!$B$21*Parametrlar!$B$14*G22*G23 -> 0 | H25: =Kirish!$B$21*Parametrlar!$B$14*H22*H23 -> 0 | I25: =Kirish!$B$21*Parametrlar!$B$14*I22*I23 -> 0 | J25: =Kirish!$B$21*Parametrlar!$B$14*J22*J23 -> 0 | K25: =Kirish!$B$21*Parametrlar!$B$14*K22*K23 -> 0 | ... FP25: =Kirish!$B$21*Parametrlar!$B$14*FP22*FP23 -> 0
A26: Samarali yalpi daromad (EGI), $ | C26: =SUM(D26:FP26) -> 0 | D26: =D24+D25 -> 0 | E26: =E24+E25 -> 0 | F26: =F24+F25 -> 0 | G26: =G24+G25 -> 0 | H26: =H24+H25 -> 0 | I26: =I24+I25 -> 0 | J26: =J24+J25 -> 0 | K26: =K24+K25 -> 0 | ... FP26: =FP24+FP25 -> 0
A27: Ijaraga berish xarajatlari (ta'til + komissiya), $ | C27: =SUM(D27:FP27) -> 0 | D27: =MAX(0,D22-0)*Parametrlar!$B$16*D23*(Kirish!$B$52+12*Kirish!$B$20) -> 0 | E27: =MAX(0,E22-D22)*Parametrlar!$B$16*E23*(Kirish!$B$52+12*Kirish!$B$20) -> 0 | F27: =MAX(0,F22-E22)*Parametrlar!$B$16*F23*(Kirish!$B$52+12*Kirish!$B$20) -> 0 | G27: =MAX(0,G22-F22)*Parametrlar!$B$16*G23*(Kirish!$B$52+12*Kirish!$B$20) -> 0 | H27: =MAX(0,H22-G22)*Parametrlar!$B$16*H23*(Kirish!$B$52+12*Kirish!$B$20) -> 0 | I27: =MAX(0,I22-H22)*Parametrlar!$B$16*I23*(Kirish!$B$52+12*Kirish!$B$20) -> 0 | J27: =MAX(0,J22-I22)*Parametrlar!$B$16*J23*(Kirish!$B$52+12*Kirish!$B$20) -> 0 | K27: =MAX(0,K22-J22)*Parametrlar!$B$16*K23*(Kirish!$B$52+12*Kirish!$B$20) -> 0 | L27: =MAX(0,L22-K22)*Parametrlar!$B$16*L23*(Kirish!$B$52+12*Kirish!$B$20) -> 0 | ... FP27: =MAX(0,FP22-FO22)*Parametrlar!$B$16*FP23*(Kirish!$B$52+12*Kirish!$B$20) -> 0
A28: Doimiy xarajatlar (OPEX, mol-mulk va yer solig'i, sug'urta), $ | C28: =SUM(D28:FP28) -> 0 | D28: =IF(D21=1,Kirish!$B$55*Parametrlar!$B$12*D23+Parametrlar!$B$23*(Kirish!$B$24+Kirish!$B$25)/12+Kirish!$B$26/12*Parametrlar!$B$14,0) -> 0 | E28: =IF(E21=1,Kirish!$B$55*Parametrlar!$B$12*E23+Parametrlar!$B$23*(Kirish!$B$24+Kirish!$B$25)/12+Kirish!$B$26/12*Parametrlar!$B$14,0) -> 0 | F28: =IF(F21=1,Kirish!$B$55*Parametrlar!$B$12*F23+Parametrlar!$B$23*(Kirish!$B$24+Kirish!$B$25)/12+Kirish!$B$26/12*Parametrlar!$B$14,0) -> 0 | G28: =IF(G21=1,Kirish!$B$55*Parametrlar!$B$12*G23+Parametrlar!$B$23*(Kirish!$B$24+Kirish!$B$25)/12+Kirish!$B$26/12*Parametrlar!$B$14,0) -> 0 | H28: =IF(H21=1,Kirish!$B$55*Parametrlar!$B$12*H23+Parametrlar!$B$23*(Kirish!$B$24+Kirish!$B$25)/12+Kirish!$B$26/12*Parametrlar!$B$14,0) -> 0 | I28: =IF(I21=1,Kirish!$B$55*Parametrlar!$B$12*I23+Parametrlar!$B$23*(Kirish!$B$24+Kirish!$B$25)/12+Kirish!$B$26/12*Parametrlar!$B$14,0) -> 0 | J28: =IF(J21=1,Kirish!$B$55*Parametrlar!$B$12*J23+Parametrlar!$B$23*(Kirish!$B$24+Kirish!$B$25)/12+Kirish!$B$26/12*Parametrlar!$B$14,0) -> 0 | K28: =IF(K21=1,Kirish!$B$55*Parametrlar!$B$12*K23+Parametrlar!$B$23*(Kirish!$B$24+Kirish!$B$25)/12+Kirish!$B$26/12*Parametrlar!$B$14,0) -> 0 | ... FP28: =IF(FP21=1,Kirish!$B$55*Parametrlar!$B$12*FP23+Parametrlar!$B$23*(Kirish!$B$24+Kirish!$B$25)/12+Kirish!$B$26/12*Parametrlar!$B$14,0) -> 0
A29: Boshqaruv va zaxira, $ | C29: =SUM(D29:FP29) -> 0 | D29: =D26*(Kirish!$B$22+Kirish!$B$23) -> 0 | E29: =E26*(Kirish!$B$22+Kirish!$B$23) -> 0 | F29: =F26*(Kirish!$B$22+Kirish!$B$23) -> 0 | G29: =G26*(Kirish!$B$22+Kirish!$B$23) -> 0 | H29: =H26*(Kirish!$B$22+Kirish!$B$23) -> 0 | I29: =I26*(Kirish!$B$22+Kirish!$B$23) -> 0 | J29: =J26*(Kirish!$B$22+Kirish!$B$23) -> 0 | K29: =K26*(Kirish!$B$22+Kirish!$B$23) -> 0 | ... FP29: =FP26*(Kirish!$B$22+Kirish!$B$23) -> 0
A30: Sof operatsion daromad (NOI), $ | C30: =SUM(D30:FP30) -> 0 | D30: =D26-D27-D28-D29 -> 0 | E30: =E26-E27-E28-E29 -> 0 | F30: =F26-F27-F28-F29 -> 0 | G30: =G26-G27-G28-G29 -> 0 | H30: =H26-H27-H28-H29 -> 0 | I30: =I26-I27-I28-I29 -> 0 | J30: =J26-J27-J28-J29 -> 0 | K30: =K26-K27-K28-K29 -> 0 | ... FP30: =FP26-FP27-FP28-FP29 -> 0
A31: Amortizatsiya (soliq uchun), $ | C31: =SUM(D31:FP31) -> 0 | D31: =IF(D21=1,Parametrlar!$B$24*Kirish!$B$27/12,0) -> 0 | E31: =IF(E21=1,Parametrlar!$B$24*Kirish!$B$27/12,0) -> 0 | F31: =IF(F21=1,Parametrlar!$B$24*Kirish!$B$27/12,0) -> 0 | G31: =IF(G21=1,Parametrlar!$B$24*Kirish!$B$27/12,0) -> 0 | H31: =IF(H21=1,Parametrlar!$B$24*Kirish!$B$27/12,0) -> 0 | I31: =IF(I21=1,Parametrlar!$B$24*Kirish!$B$27/12,0) -> 0 | J31: =IF(J21=1,Parametrlar!$B$24*Kirish!$B$27/12,0) -> 0 | K31: =IF(K21=1,Parametrlar!$B$24*Kirish!$B$27/12,0) -> 0 | ... FP31: =IF(FP21=1,Parametrlar!$B$24*Kirish!$B$27/12,0) -> 0
A32: Ijaradan foyda solig'i, $ | C32: =SUM(D32:FP32) -> 0 | D32: =MAX(0,D30-D31)*Kirish!$B$28 -> 0 | E32: =MAX(0,E30-E31)*Kirish!$B$28 -> 0 | F32: =MAX(0,F30-F31)*Kirish!$B$28 -> 0 | G32: =MAX(0,G30-G31)*Kirish!$B$28 -> 0 | H32: =MAX(0,H30-H31)*Kirish!$B$28 -> 0 | I32: =MAX(0,I30-I31)*Kirish!$B$28 -> 0 | J32: =MAX(0,J30-J31)*Kirish!$B$28 -> 0 | K32: =MAX(0,K30-K31)*Kirish!$B$28 -> 0 | ... FP32: =MAX(0,FP30-FP31)*Kirish!$B$28 -> 0
A33: Ijaradan sof oqim, $ | C33: =SUM(D33:FP33) -> 0 | D33: =D30-D32 -> 0 | E33: =E30-E32 -> 0 | F33: =F30-F32 -> 0 | G33: =G30-G32 -> 0 | H33: =H30-H32 -> 0 | I33: =I30-I32 -> 0 | J33: =J30-J32 -> 0 | K33: =K30-K32 -> 0 | ... FP33: =FP30-FP32 -> 0
A34: Terminal qiymat: yalpi daromad ÷ yalpi daromadlilik, sotuv xarajatlaridan keyin, $ | D34: =IF(AND(D21=1,D$4=Parametrlar!$B$8),D26*12*(1+Kirish!$B$53)/Kirish!$B$54*(1-Kirish!$B$29),0) -> 0 | E34: =IF(AND(E21=1,E$4=Parametrlar!$B$8),E26*12*(1+Kirish!$B$53)/Kirish!$B$54*(1-Kirish!$B$29),0) -> 0 | F34: =IF(AND(F21=1,F$4=Parametrlar!$B$8),F26*12*(1+Kirish!$B$53)/Kirish!$B$54*(1-Kirish!$B$29),0) -> 0 | G34: =IF(AND(G21=1,G$4=Parametrlar!$B$8),G26*12*(1+Kirish!$B$53)/Kirish!$B$54*(1-Kirish!$B$29),0) -> 0 | H34: =IF(AND(H21=1,H$4=Parametrlar!$B$8),H26*12*(1+Kirish!$B$53)/Kirish!$B$54*(1-Kirish!$B$29),0) -> 0 | I34: =IF(AND(I21=1,I$4=Parametrlar!$B$8),I26*12*(1+Kirish!$B$53)/Kirish!$B$54*(1-Kirish!$B$29),0) -> 0 | J34: =IF(AND(J21=1,J$4=Parametrlar!$B$8),J26*12*(1+Kirish!$B$53)/Kirish!$B$54*(1-Kirish!$B$29),0) -> 0 | K34: =IF(AND(K21=1,K$4=Parametrlar!$B$8),K26*12*(1+Kirish!$B$53)/Kirish!$B$54*(1-Kirish!$B$29),0) -> 0 | ... FP34: =IF(AND(FP21=1,FP$4=Parametrlar!$B$8),FP26*12*(1+Kirish!$B$53)/Kirish!$B$54*(1-Kirish!$B$29),0) -> 0
A35: Terminal qiymat (soliqdan keyin), $ | C35: =SUM(D35:FP35) -> 0 | D35: =IF(AND(D21=1,D$4=Parametrlar!$B$8),D34-MAX(0,D34-(Parametrlar!$B$23-SUM($D31:D31)))*Kirish!$B$28,0) -> 0 | E35: =IF(AND(E21=1,E$4=Parametrlar!$B$8),E34-MAX(0,E34-(Parametrlar!$B$23-SUM($D31:E31)))*Kirish!$B$28,0) -> 0 | F35: =IF(AND(F21=1,F$4=Parametrlar!$B$8),F34-MAX(0,F34-(Parametrlar!$B$23-SUM($D31:F31)))*Kirish!$B$28,0) -> 0 | G35: =IF(AND(G21=1,G$4=Parametrlar!$B$8),G34-MAX(0,G34-(Parametrlar!$B$23-SUM($D31:G31)))*Kirish!$B$28,0) -> 0 | H35: =IF(AND(H21=1,H$4=Parametrlar!$B$8),H34-MAX(0,H34-(Parametrlar!$B$23-SUM($D31:H31)))*Kirish!$B$28,0) -> 0 | I35: =IF(AND(I21=1,I$4=Parametrlar!$B$8),I34-MAX(0,I34-(Parametrlar!$B$23-SUM($D31:I31)))*Kirish!$B$28,0) -> 0 | J35: =IF(AND(J21=1,J$4=Parametrlar!$B$8),J34-MAX(0,J34-(Parametrlar!$B$23-SUM($D31:J31)))*Kirish!$B$28,0) -> 0 | K35: =IF(AND(K21=1,K$4=Parametrlar!$B$8),K34-MAX(0,K34-(Parametrlar!$B$23-SUM($D31:K31)))*Kirish!$B$28,0) -> 0 | ... FP35: =IF(AND(FP21=1,FP$4=Parametrlar!$B$8),FP34-MAX(0,FP34-(Parametrlar!$B$23-SUM($D31:FP31)))*Kirish!$B$28,0) -> 0
A36: SOF PUL OQIMI, $ | C36: =SUM(D36:FP36) -> -1319531.9 | D36: =-D19-D16-D17-D18+D13-D14-D15+D33+D35 -> -800000 | E36: =-E19-E16-E17-E18+E13-E14-E15+E33+E35 -> -86223.314 | F36: =-F19-F16-F17-F18+F13-F14-F15+F33+F35 -> -72538.062 | G36: =-G19-G16-G17-G18+G13-G14-G15+G33+G35 -> -58802.829 | H36: =-H19-H16-H17-H18+H13-H14-H15+H33+H35 -> -45017.622 | I36: =-I19-I16-I17-I18+I13-I14-I15+I33+I35 -> -31182.443 | J36: =-J19-J16-J17-J18+J13-J14-J15+J33+J35 -> -31241.592 | K36: =-K19-K16-K17-K18+K13-K14-K15+K33+K35 -> -31302.236 | ... FP36: =-FP19-FP16-FP17-FP18+FP13-FP14-FP15+FP33+FP35 -> 0
A37: Kumulyativ pul oqimi, $ | D37: =D36 -> -800000 | E37: =D37+E36 -> -886223.31 | F37: =E37+F36 -> -958761.38 | G37: =F37+G36 -> -1017564.2 | H37: =G37+H36 -> -1062581.8 | I37: =H37+I36 -> -1093764.3 | J37: =I37+J36 -> -1125005.9 | K37: =J37+K36 -> -1156308.1 | L37: =K37+L36 -> -1187672.5 | ... FP37: =FO37+FP36 -> -1319531.9
A38: Diskontlangan oqim, $ | C38: =SUM(D38:FP38) -> -1330171.4 | D38: =D36/(1+Kirish!$B$32)^(D$4/12) -> -800000 | E38: =E36/(1+Kirish!$B$32)^(E$4/12) -> -85349.604 | F38: =F36/(1+Kirish!$B$32)^(F$4/12) -> -71075.437 | G38: =G36/(1+Kirish!$B$32)^(G$4/12) -> -57033.315 | H38: =H36/(1+Kirish!$B$32)^(H$4/12) -> -43220.495 | I38: =I36/(1+Kirish!$B$32)^(I$4/12) -> -29634.262 | J38: =J36/(1+Kirish!$B$32)^(J$4/12) -> -29389.618 | K38: =K36/(1+Kirish!$B$32)^(K$4/12) -> -29148.28 | ... FP38: =FP36/(1+Kirish!$B$32)^(FP$4/12) -> 0
A39: Yordamchi: kumulyativ manfiy bo'lgan oy | D39: =IF(D37<-0.000001,D$4,-1) -> 0 | E39: =IF(E37<-0.000001,E$4,-1) -> 1 | F39: =IF(F37<-0.000001,F$4,-1) -> 2 | G39: =IF(G37<-0.000001,G$4,-1) -> 3 | H39: =IF(H37<-0.000001,H$4,-1) -> 4 | I39: =IF(I37<-0.000001,I$4,-1) -> 5 | J39: =IF(J37<-0.000001,J$4,-1) -> 6 | K39: =IF(K37<-0.000001,K$4,-1) -> 7 | ... FP39: =IF(FP37<-0.000001,FP$4,-1) -> 168
A41: Ssenariy: Bazaviy
A42: Narx koeffitsiyenti | D42: =IF(D$4<=Parametrlar!$C$4,1+Kirish!$C$44*D$4/Parametrlar!$C$4,(1+Kirish!$C$44)*(1+Kirish!$C$45)^((D$4-Parametrlar!$C$4)/12)) -> 1 | E42: =IF(E$4<=Parametrlar!$C$4,1+Kirish!$C$44*E$4/Parametrlar!$C$4,(1+Kirish!$C$44)*(1+Kirish!$C$45)^((E$4-Parametrlar!$C$4)/12)) -> 1.009 | F42: =IF(F$4<=Parametrlar!$C$4,1+Kirish!$C$44*F$4/Parametrlar!$C$4,(1+Kirish!$C$44)*(1+Kirish!$C$45)^((F$4-Parametrlar!$C$4)/12)) -> 1.018 | G42: =IF(G$4<=Parametrlar!$C$4,1+Kirish!$C$44*G$4/Parametrlar!$C$4,(1+Kirish!$C$44)*(1+Kirish!$C$45)^((G$4-Parametrlar!$C$4)/12)) -> 1.027 | H42: =IF(H$4<=Parametrlar!$C$4,1+Kirish!$C$44*H$4/Parametrlar!$C$4,(1+Kirish!$C$44)*(1+Kirish!$C$45)^((H$4-Parametrlar!$C$4)/12)) -> 1.036 | I42: =IF(I$4<=Parametrlar!$C$4,1+Kirish!$C$44*I$4/Parametrlar!$C$4,(1+Kirish!$C$44)*(1+Kirish!$C$45)^((I$4-Parametrlar!$C$4)/12)) -> 1.045 | J42: =IF(J$4<=Parametrlar!$C$4,1+Kirish!$C$44*J$4/Parametrlar!$C$4,(1+Kirish!$C$44)*(1+Kirish!$C$45)^((J$4-Parametrlar!$C$4)/12)) -> 1.054 | K42: =IF(K$4<=Parametrlar!$C$4,1+Kirish!$C$44*K$4/Parametrlar!$C$4,(1+Kirish!$C$44)*(1+Kirish!$C$45)^((K$4-Parametrlar!$C$4)/12)) -> 1.063 | ... FP42: =IF(FP$4<=Parametrlar!$C$4,1+Kirish!$C$44*FP$4/Parametrlar!$C$4,(1+Kirish!$C$44)*(1+Kirish!$C$45)^((FP$4-Parametrlar!$C$4)/12)) -> 1.5064364
A43: Oyda sotilgan ulush | D43: =IF(AND(D$4>=Parametrlar!$C$7,D$4<Parametrlar!$C$7+Parametrlar!$C$5),1/Parametrlar!$C$5,0) -> 0 | E43: =IF(AND(E$4>=Parametrlar!$C$7,E$4<Parametrlar!$C$7+Parametrlar!$C$5),1/Parametrlar!$C$5,0) -> 0.05 | F43: =IF(AND(F$4>=Parametrlar!$C$7,F$4<Parametrlar!$C$7+Parametrlar!$C$5),1/Parametrlar!$C$5,0) -> 0.05 | G43: =IF(AND(G$4>=Parametrlar!$C$7,G$4<Parametrlar!$C$7+Parametrlar!$C$5),1/Parametrlar!$C$5,0) -> 0.05 | H43: =IF(AND(H$4>=Parametrlar!$C$7,H$4<Parametrlar!$C$7+Parametrlar!$C$5),1/Parametrlar!$C$5,0) -> 0.05 | I43: =IF(AND(I$4>=Parametrlar!$C$7,I$4<Parametrlar!$C$7+Parametrlar!$C$5),1/Parametrlar!$C$5,0) -> 0.05 | J43: =IF(AND(J$4>=Parametrlar!$C$7,J$4<Parametrlar!$C$7+Parametrlar!$C$5),1/Parametrlar!$C$5,0) -> 0.05 | K43: =IF(AND(K$4>=Parametrlar!$C$7,K$4<Parametrlar!$C$7+Parametrlar!$C$5),1/Parametrlar!$C$5,0) -> 0.05 | ... FP43: =IF(AND(FP$4>=Parametrlar!$C$7,FP$4<Parametrlar!$C$7+Parametrlar!$C$5),1/Parametrlar!$C$5,0) -> 0
A44: Tuzilgan shartnomalar, $ | C44: =SUM(D44:FP44) -> 4156679.4 | D44: =D43*Parametrlar!$C$15*D42 -> 0 | E44: =E43*Parametrlar!$C$15*E42 -> 191598.42 | F44: =F43*Parametrlar!$C$15*F42 -> 193307.43 | G44: =G43*Parametrlar!$C$15*G42 -> 195016.43 | H44: =H43*Parametrlar!$C$15*H42 -> 196725.44 | I44: =I43*Parametrlar!$C$15*I42 -> 198434.44 | J44: =J43*Parametrlar!$C$15*J42 -> 200143.45 | K44: =K43*Parametrlar!$C$15*K42 -> 201852.45 | ... FP44: =FP43*Parametrlar!$C$15*FP42 -> 0
A45: Shartnomalar (kumulyativ), $ | D45: =D44 -> 0 | E45: =D45+E44 -> 191598.42 | F45: =E45+F44 -> 384905.85 | G45: =F45+G44 -> 579922.29 | H45: =G45+H44 -> 776647.73 | I45: =H45+I44 -> 975082.17 | J45: =I45+J44 -> 1175225.6 | K45: =J45+K44 -> 1377078.1 | L45: =K45+L44 -> 1580639.5 | ... FP45: =FO45+FP44 -> 4156679.4
A46: Sotuvdan tushum (to'lov jadvali bo'yicha), $ | C46: =SUM(D46:FP46) -> 4156679.4 | D46: =Parametrlar!$C$9*D44 -> 0 | E46: =Parametrlar!$C$9*E44+IF(Parametrlar!$C$6>0,(1-Parametrlar!$C$9)/MAX(1,Parametrlar!$C$6)*(D45-IF(E$4-1-Parametrlar!$C$6>=0,INDEX($D$45:$FP$45,1,E$4-Parametrlar!$C$6),0)),0) -> 95799.212 | F46: =Parametrlar!$C$9*F44+IF(Parametrlar!$C$6>0,(1-Parametrlar!$C$9)/MAX(1,Parametrlar!$C$6)*(E45-IF(F$4-1-Parametrlar!$C$6>=0,INDEX($D$45:$FP$45,1,F$4-Parametrlar!$C$6),0)),0) -> 120603.52 | G46: =Parametrlar!$C$9*G44+IF(Parametrlar!$C$6>0,(1-Parametrlar!$C$9)/MAX(1,Parametrlar!$C$6)*(F45-IF(G$4-1-Parametrlar!$C$6>=0,INDEX($D$45:$FP$45,1,G$4-Parametrlar!$C$6),0)),0) -> 145621.45 | H46: =Parametrlar!$C$9*H44+IF(Parametrlar!$C$6>0,(1-Parametrlar!$C$9)/MAX(1,Parametrlar!$C$6)*(G45-IF(H$4-1-Parametrlar!$C$6>=0,INDEX($D$45:$FP$45,1,H$4-Parametrlar!$C$6),0)),0) -> 170853.01 | I46: =Parametrlar!$C$9*I44+IF(Parametrlar!$C$6>0,(1-Parametrlar!$C$9)/MAX(1,Parametrlar!$C$6)*(H45-IF(I$4-1-Parametrlar!$C$6>=0,INDEX($D$45:$FP$45,1,I$4-Parametrlar!$C$6),0)),0) -> 196298.19 | J46: =Parametrlar!$C$9*J44+IF(Parametrlar!$C$6>0,(1-Parametrlar!$C$9)/MAX(1,Parametrlar!$C$6)*(I45-IF(J$4-1-Parametrlar!$C$6>=0,INDEX($D$45:$FP$45,1,J$4-Parametrlar!$C$6),0)),0) -> 198007.19 | K46: =Parametrlar!$C$9*K44+IF(Parametrlar!$C$6>0,(1-Parametrlar!$C$9)/MAX(1,Parametrlar!$C$6)*(J45-IF(K$4-1-Parametrlar!$C$6>=0,INDEX($D$45:$FP$45,1,K$4-Parametrlar!$C$6),0)),0) -> 199716.2 | L46: =Parametrlar!$C$9*L44+IF(Parametrlar!$C$6>0,(1-Parametrlar!$C$9)/MAX(1,Parametrlar!$C$6)*(K45-IF(L$4-1-Parametrlar!$C$6>=0,INDEX($D$45:$FP$45,1,L$4-Parametrlar!$C$6),0)),0) -> 201425.2 | ... FP46: =Parametrlar!$C$9*FP44+IF(Parametrlar!$C$6>0,(1-Parametrlar!$C$9)/MAX(1,Parametrlar!$C$6)*(FO45-IF(FP$4-1-Parametrlar!$C$6>=0,INDEX($D$45:$FP$45,1,FP$4-Parametrlar!$C$6),0)),0) -> 0
A47: Komissiya va marketing, $ | C47: =SUM(D47:FP47) -> 145483.78 | D47: =D44*(Kirish!$B$17+Kirish!$B$18) -> 0 | E47: =E44*(Kirish!$B$17+Kirish!$B$18) -> 6705.9449 | F47: =F44*(Kirish!$B$17+Kirish!$B$18) -> 6765.76 | G47: =G44*(Kirish!$B$17+Kirish!$B$18) -> 6825.5752 | H47: =H44*(Kirish!$B$17+Kirish!$B$18) -> 6885.3904 | I47: =I44*(Kirish!$B$17+Kirish!$B$18) -> 6945.2055 | J47: =J44*(Kirish!$B$17+Kirish!$B$18) -> 7005.0207 | K47: =K44*(Kirish!$B$17+Kirish!$B$18) -> 7064.8359 | ... FP47: =FP44*(Kirish!$B$17+Kirish!$B$18) -> 0
A48: Sotuvdan foyda solig'i, $ | C48: =SUM(D48:FP48) -> 9107.5235 | D48: =MAX(0,Parametrlar!$C$26)*D46*Kirish!$B$28 -> 0 | E48: =MAX(0,Parametrlar!$C$26)*E46*Kirish!$B$28 -> 209.90158 | F48: =MAX(0,Parametrlar!$C$26)*F46*Kirish!$B$28 -> 264.24924 | G48: =MAX(0,Parametrlar!$C$26)*G46*Kirish!$B$28 -> 319.06497 | H48: =MAX(0,Parametrlar!$C$26)*H46*Kirish!$B$28 -> 374.34876 | I48: =MAX(0,Parametrlar!$C$26)*I46*Kirish!$B$28 -> 430.10061 | J48: =MAX(0,Parametrlar!$C$26)*J46*Kirish!$B$28 -> 433.84514 | K48: =MAX(0,Parametrlar!$C$26)*K46*Kirish!$B$28 -> 437.58967 | ... FP48: =MAX(0,Parametrlar!$C$26)*FP46*Kirish!$B$28 -> 0
A49: Qurilish xarajati (indeksatsiya bilan), $ | C49: =SUM(D49:FP49) -> 3140478.8 | D49: =IF(AND(D$4>=1,D$4<=Parametrlar!$C$4),Parametrlar!$C$17/Parametrlar!$C$4*(1+Kirish!$C$38)^((D$4-1)/12),0) -> 0 | E49: =IF(AND(E$4>=1,E$4<=Parametrlar!$C$4),Parametrlar!$C$17/Parametrlar!$C$4*(1+Kirish!$C$38)^((E$4-1)/12),0) -> 154574.46 | F49: =IF(AND(F$4>=1,F$4<=Parametrlar!$C$4),Parametrlar!$C$17/Parametrlar!$C$4*(1+Kirish!$C$38)^((F$4-1)/12),0) -> 154829.75 | G49: =IF(AND(G$4>=1,G$4<=Parametrlar!$C$4),Parametrlar!$C$17/Parametrlar!$C$4*(1+Kirish!$C$38)^((G$4-1)/12),0) -> 155085.47 | H49: =IF(AND(H$4>=1,H$4<=Parametrlar!$C$4),Parametrlar!$C$17/Parametrlar!$C$4*(1+Kirish!$C$38)^((H$4-1)/12),0) -> 155341.6 | I49: =IF(AND(I$4>=1,I$4<=Parametrlar!$C$4),Parametrlar!$C$17/Parametrlar!$C$4*(1+Kirish!$C$38)^((I$4-1)/12),0) -> 155598.16 | J49: =IF(AND(J$4>=1,J$4<=Parametrlar!$C$4),Parametrlar!$C$17/Parametrlar!$C$4*(1+Kirish!$C$38)^((J$4-1)/12),0) -> 155855.14 | K49: =IF(AND(K$4>=1,K$4<=Parametrlar!$C$4),Parametrlar!$C$17/Parametrlar!$C$4*(1+Kirish!$C$38)^((K$4-1)/12),0) -> 156112.55 | ... FP49: =IF(AND(FP$4>=1,FP$4<=Parametrlar!$C$4),Parametrlar!$C$17/Parametrlar!$C$4*(1+Kirish!$C$38)^((FP$4-1)/12),0) -> 0
A50: Qurilish davridagi soliqlar (yer; muddatdan keyin 2x yer + 3% mol-mulk), $ | C50: =SUM(D50:FP50) -> 10000 | D50: =0 -> 0 | E50: =IF(AND(E$4>=1,E$4<=Parametrlar!$C$4),Kirish!$B$26/12*IF(E$4>Kirish!$B$30,2,1)+IF(E$4>Kirish!$B$30,Kirish!$B$31*SUM($D49:D49)/12,0),0) -> 500 | F50: =IF(AND(F$4>=1,F$4<=Parametrlar!$C$4),Kirish!$B$26/12*IF(F$4>Kirish!$B$30,2,1)+IF(F$4>Kirish!$B$30,Kirish!$B$31*SUM($D49:E49)/12,0),0) -> 500 | G50: =IF(AND(G$4>=1,G$4<=Parametrlar!$C$4),Kirish!$B$26/12*IF(G$4>Kirish!$B$30,2,1)+IF(G$4>Kirish!$B$30,Kirish!$B$31*SUM($D49:F49)/12,0),0) -> 500 | H50: =IF(AND(H$4>=1,H$4<=Parametrlar!$C$4),Kirish!$B$26/12*IF(H$4>Kirish!$B$30,2,1)+IF(H$4>Kirish!$B$30,Kirish!$B$31*SUM($D49:G49)/12,0),0) -> 500 | I50: =IF(AND(I$4>=1,I$4<=Parametrlar!$C$4),Kirish!$B$26/12*IF(I$4>Kirish!$B$30,2,1)+IF(I$4>Kirish!$B$30,Kirish!$B$31*SUM($D49:H49)/12,0),0) -> 500 | J50: =IF(AND(J$4>=1,J$4<=Parametrlar!$C$4),Kirish!$B$26/12*IF(J$4>Kirish!$B$30,2,1)+IF(J$4>Kirish!$B$30,Kirish!$B$31*SUM($D49:I49)/12,0),0) -> 500 | K50: =IF(AND(K$4>=1,K$4<=Parametrlar!$C$4),Kirish!$B$26/12*IF(K$4>Kirish!$B$30,2,1)+IF(K$4>Kirish!$B$30,Kirish!$B$31*SUM($D49:J49)/12,0),0) -> 500 | L50: =IF(AND(L$4>=1,L$4<=Parametrlar!$C$4),Kirish!$B$26/12*IF(L$4>Kirish!$B$30,2,1)+IF(L$4>Kirish!$B$30,Kirish!$B$31*SUM($D49:K49)/12,0),0) -> 500 | ... FP50: =IF(AND(FP$4>=1,FP$4<=Parametrlar!$C$4),Kirish!$B$26/12*IF(FP$4>Kirish!$B$30,2,1)+IF(FP$4>Kirish!$B$30,Kirish!$B$31*SUM($D49:FO49)/12,0),0) -> 0
A51: Ijaradagi maydonni tayyorlash, $ | C51: =SUM(D51:FP51) -> 0 | D51: =IF(AND(D$4>Parametrlar!$C$4-Parametrlar!$C$19,D$4<=Parametrlar!$C$4),Parametrlar!$C$18/Parametrlar!$C$19,0) -> 0 | E51: =IF(AND(E$4>Parametrlar!$C$4-Parametrlar!$C$19,E$4<=Parametrlar!$C$4),Parametrlar!$C$18/Parametrlar!$C$19,0) -> 0 | F51: =IF(AND(F$4>Parametrlar!$C$4-Parametrlar!$C$19,F$4<=Parametrlar!$C$4),Parametrlar!$C$18/Parametrlar!$C$19,0) -> 0 | G51: =IF(AND(G$4>Parametrlar!$C$4-Parametrlar!$C$19,G$4<=Parametrlar!$C$4),Parametrlar!$C$18/Parametrlar!$C$19,0) -> 0 | H51: =IF(AND(H$4>Parametrlar!$C$4-Parametrlar!$C$19,H$4<=Parametrlar!$C$4),Parametrlar!$C$18/Parametrlar!$C$19,0) -> 0 | I51: =IF(AND(I$4>Parametrlar!$C$4-Parametrlar!$C$19,I$4<=Parametrlar!$C$4),Parametrlar!$C$18/Parametrlar!$C$19,0) -> 0 | J51: =IF(AND(J$4>Parametrlar!$C$4-Parametrlar!$C$19,J$4<=Parametrlar!$C$4),Parametrlar!$C$18/Parametrlar!$C$19,0) -> 0 | K51: =IF(AND(K$4>Parametrlar!$C$4-Parametrlar!$C$19,K$4<=Parametrlar!$C$4),Parametrlar!$C$18/Parametrlar!$C$19,0) -> 0 | ... FP51: =IF(AND(FP$4>Parametrlar!$C$4-Parametrlar!$C$19,FP$4<=Parametrlar!$C$4),Parametrlar!$C$18/Parametrlar!$C$19,0) -> 0
A52: Yer / sarflangan mablag', $ | C52: =SUM(D52:FP52) -> 800000 | D52: =IF(AND(D$4=0,Kirish!$B$11=1),Kirish!$B$10,0) -> 800000 | E52: =IF(AND(E$4=0,Kirish!$B$11=1),Kirish!$B$10,0) -> 0 | F52: =IF(AND(F$4=0,Kirish!$B$11=1),Kirish!$B$10,0) -> 0 | G52: =IF(AND(G$4=0,Kirish!$B$11=1),Kirish!$B$10,0) -> 0 | H52: =IF(AND(H$4=0,Kirish!$B$11=1),Kirish!$B$10,0) -> 0 | I52: =IF(AND(I$4=0,Kirish!$B$11=1),Kirish!$B$10,0) -> 0 | J52: =IF(AND(J$4=0,Kirish!$B$11=1),Kirish!$B$10,0) -> 0 | K52: =IF(AND(K$4=0,Kirish!$B$11=1),Kirish!$B$10,0) -> 0 | ... FP52: =IF(AND(FP$4=0,Kirish!$B$11=1),Kirish!$B$10,0) -> 0
A53: Ekspluatatsiya oyi | D53: =D$4-Parametrlar!$C$4 -> -20 | E53: =E$4-Parametrlar!$C$4 -> -19 | F53: =F$4-Parametrlar!$C$4 -> -18 | G53: =G$4-Parametrlar!$C$4 -> -17 | H53: =H$4-Parametrlar!$C$4 -> -16 | I53: =I$4-Parametrlar!$C$4 -> -15 | J53: =J$4-Parametrlar!$C$4 -> -14 | K53: =K$4-Parametrlar!$C$4 -> -13 | ... FP53: =FP$4-Parametrlar!$C$4 -> 148
A54: Ijara faol (1/0) | D54: =IF(AND(D53>=1,D$4<=Parametrlar!$C$8,Parametrlar!$C$12>0),1,0) -> 0 | E54: =IF(AND(E53>=1,E$4<=Parametrlar!$C$8,Parametrlar!$C$12>0),1,0) -> 0 | F54: =IF(AND(F53>=1,F$4<=Parametrlar!$C$8,Parametrlar!$C$12>0),1,0) -> 0 | G54: =IF(AND(G53>=1,G$4<=Parametrlar!$C$8,Parametrlar!$C$12>0),1,0) -> 0 | H54: =IF(AND(H53>=1,H$4<=Parametrlar!$C$8,Parametrlar!$C$12>0),1,0) -> 0 | I54: =IF(AND(I53>=1,I$4<=Parametrlar!$C$8,Parametrlar!$C$12>0),1,0) -> 0 | J54: =IF(AND(J53>=1,J$4<=Parametrlar!$C$8,Parametrlar!$C$12>0),1,0) -> 0 | K54: =IF(AND(K53>=1,K$4<=Parametrlar!$C$8,Parametrlar!$C$12>0),1,0) -> 0 | ... FP54: =IF(AND(FP53>=1,FP$4<=Parametrlar!$C$8,Parametrlar!$C$12>0),1,0) -> 0
A55: Bandlik | D55: =IF(D54=1,MIN(Kirish!$C$50,Kirish!$B$19+(Kirish!$C$50-Kirish!$B$19)*IF(Kirish!$C$51>0,MIN(1,(D53-1)/Kirish!$C$51),1)),0) -> 0 | E55: =IF(E54=1,MIN(Kirish!$C$50,Kirish!$B$19+(Kirish!$C$50-Kirish!$B$19)*IF(Kirish!$C$51>0,MIN(1,(E53-1)/Kirish!$C$51),1)),0) -> 0 | F55: =IF(F54=1,MIN(Kirish!$C$50,Kirish!$B$19+(Kirish!$C$50-Kirish!$B$19)*IF(Kirish!$C$51>0,MIN(1,(F53-1)/Kirish!$C$51),1)),0) -> 0 | G55: =IF(G54=1,MIN(Kirish!$C$50,Kirish!$B$19+(Kirish!$C$50-Kirish!$B$19)*IF(Kirish!$C$51>0,MIN(1,(G53-1)/Kirish!$C$51),1)),0) -> 0 | H55: =IF(H54=1,MIN(Kirish!$C$50,Kirish!$B$19+(Kirish!$C$50-Kirish!$B$19)*IF(Kirish!$C$51>0,MIN(1,(H53-1)/Kirish!$C$51),1)),0) -> 0 | I55: =IF(I54=1,MIN(Kirish!$C$50,Kirish!$B$19+(Kirish!$C$50-Kirish!$B$19)*IF(Kirish!$C$51>0,MIN(1,(I53-1)/Kirish!$C$51),1)),0) -> 0 | J55: =IF(J54=1,MIN(Kirish!$C$50,Kirish!$B$19+(Kirish!$C$50-Kirish!$B$19)*IF(Kirish!$C$51>0,MIN(1,(J53-1)/Kirish!$C$51),1)),0) -> 0 | K55: =IF(K54=1,MIN(Kirish!$C$50,Kirish!$B$19+(Kirish!$C$50-Kirish!$B$19)*IF(Kirish!$C$51>0,MIN(1,(K53-1)/Kirish!$C$51),1)),0) -> 0 | ... FP55: =IF(FP54=1,MIN(Kirish!$C$50,Kirish!$B$19+(Kirish!$C$50-Kirish!$B$19)*IF(Kirish!$C$51>0,MIN(1,(FP53-1)/Kirish!$C$51),1)),0) -> 0
A56: Indeksatsiya koeffitsiyenti | D56: =IF(D54=1,(1+Kirish!$C$53)^INT((D53-1)/12),1) -> 1 | E56: =IF(E54=1,(1+Kirish!$C$53)^INT((E53-1)/12),1) -> 1 | F56: =IF(F54=1,(1+Kirish!$C$53)^INT((F53-1)/12),1) -> 1 | G56: =IF(G54=1,(1+Kirish!$C$53)^INT((G53-1)/12),1) -> 1 | H56: =IF(H54=1,(1+Kirish!$C$53)^INT((H53-1)/12),1) -> 1 | I56: =IF(I54=1,(1+Kirish!$C$53)^INT((I53-1)/12),1) -> 1 | J56: =IF(J54=1,(1+Kirish!$C$53)^INT((J53-1)/12),1) -> 1 | K56: =IF(K54=1,(1+Kirish!$C$53)^INT((K53-1)/12),1) -> 1 | ... FP56: =IF(FP54=1,(1+Kirish!$C$53)^INT((FP53-1)/12),1) -> 1
A57: Ijara daromadi, $ | C57: =SUM(D57:FP57) -> 0 | D57: =Parametrlar!$C$16*D55*D56 -> 0 | E57: =Parametrlar!$C$16*E55*E56 -> 0 | F57: =Parametrlar!$C$16*F55*F56 -> 0 | G57: =Parametrlar!$C$16*G55*G56 -> 0 | H57: =Parametrlar!$C$16*H55*H56 -> 0 | I57: =Parametrlar!$C$16*I55*I56 -> 0 | J57: =Parametrlar!$C$16*J55*J56 -> 0 | K57: =Parametrlar!$C$16*K55*K56 -> 0 | ... FP57: =Parametrlar!$C$16*FP55*FP56 -> 0
A58: Avtoturargoh va boshqa, $ | C58: =SUM(D58:FP58) -> 0 | D58: =Kirish!$B$21*Parametrlar!$C$14*D55*D56 -> 0 | E58: =Kirish!$B$21*Parametrlar!$C$14*E55*E56 -> 0 | F58: =Kirish!$B$21*Parametrlar!$C$14*F55*F56 -> 0 | G58: =Kirish!$B$21*Parametrlar!$C$14*G55*G56 -> 0 | H58: =Kirish!$B$21*Parametrlar!$C$14*H55*H56 -> 0 | I58: =Kirish!$B$21*Parametrlar!$C$14*I55*I56 -> 0 | J58: =Kirish!$B$21*Parametrlar!$C$14*J55*J56 -> 0 | K58: =Kirish!$B$21*Parametrlar!$C$14*K55*K56 -> 0 | ... FP58: =Kirish!$B$21*Parametrlar!$C$14*FP55*FP56 -> 0
A59: Samarali yalpi daromad (EGI), $ | C59: =SUM(D59:FP59) -> 0 | D59: =D57+D58 -> 0 | E59: =E57+E58 -> 0 | F59: =F57+F58 -> 0 | G59: =G57+G58 -> 0 | H59: =H57+H58 -> 0 | I59: =I57+I58 -> 0 | J59: =J57+J58 -> 0 | K59: =K57+K58 -> 0 | ... FP59: =FP57+FP58 -> 0
A60: Ijaraga berish xarajatlari (ta'til + komissiya), $ | C60: =SUM(D60:FP60) -> 0 | D60: =MAX(0,D55-0)*Parametrlar!$C$16*D56*(Kirish!$C$52+12*Kirish!$B$20) -> 0 | E60: =MAX(0,E55-D55)*Parametrlar!$C$16*E56*(Kirish!$C$52+12*Kirish!$B$20) -> 0 | F60: =MAX(0,F55-E55)*Parametrlar!$C$16*F56*(Kirish!$C$52+12*Kirish!$B$20) -> 0 | G60: =MAX(0,G55-F55)*Parametrlar!$C$16*G56*(Kirish!$C$52+12*Kirish!$B$20) -> 0 | H60: =MAX(0,H55-G55)*Parametrlar!$C$16*H56*(Kirish!$C$52+12*Kirish!$B$20) -> 0 | I60: =MAX(0,I55-H55)*Parametrlar!$C$16*I56*(Kirish!$C$52+12*Kirish!$B$20) -> 0 | J60: =MAX(0,J55-I55)*Parametrlar!$C$16*J56*(Kirish!$C$52+12*Kirish!$B$20) -> 0 | K60: =MAX(0,K55-J55)*Parametrlar!$C$16*K56*(Kirish!$C$52+12*Kirish!$B$20) -> 0 | L60: =MAX(0,L55-K55)*Parametrlar!$C$16*L56*(Kirish!$C$52+12*Kirish!$B$20) -> 0 | ... FP60: =MAX(0,FP55-FO55)*Parametrlar!$C$16*FP56*(Kirish!$C$52+12*Kirish!$B$20) -> 0
A61: Doimiy xarajatlar (OPEX, mol-mulk va yer solig'i, sug'urta), $ | C61: =SUM(D61:FP61) -> 0 | D61: =IF(D54=1,Kirish!$C$55*Parametrlar!$C$12*D56+Parametrlar!$C$23*(Kirish!$B$24+Kirish!$B$25)/12+Kirish!$B$26/12*Parametrlar!$C$14,0) -> 0 | E61: =IF(E54=1,Kirish!$C$55*Parametrlar!$C$12*E56+Parametrlar!$C$23*(Kirish!$B$24+Kirish!$B$25)/12+Kirish!$B$26/12*Parametrlar!$C$14,0) -> 0 | F61: =IF(F54=1,Kirish!$C$55*Parametrlar!$C$12*F56+Parametrlar!$C$23*(Kirish!$B$24+Kirish!$B$25)/12+Kirish!$B$26/12*Parametrlar!$C$14,0) -> 0 | G61: =IF(G54=1,Kirish!$C$55*Parametrlar!$C$12*G56+Parametrlar!$C$23*(Kirish!$B$24+Kirish!$B$25)/12+Kirish!$B$26/12*Parametrlar!$C$14,0) -> 0 | H61: =IF(H54=1,Kirish!$C$55*Parametrlar!$C$12*H56+Parametrlar!$C$23*(Kirish!$B$24+Kirish!$B$25)/12+Kirish!$B$26/12*Parametrlar!$C$14,0) -> 0 | I61: =IF(I54=1,Kirish!$C$55*Parametrlar!$C$12*I56+Parametrlar!$C$23*(Kirish!$B$24+Kirish!$B$25)/12+Kirish!$B$26/12*Parametrlar!$C$14,0) -> 0 | J61: =IF(J54=1,Kirish!$C$55*Parametrlar!$C$12*J56+Parametrlar!$C$23*(Kirish!$B$24+Kirish!$B$25)/12+Kirish!$B$26/12*Parametrlar!$C$14,0) -> 0 | K61: =IF(K54=1,Kirish!$C$55*Parametrlar!$C$12*K56+Parametrlar!$C$23*(Kirish!$B$24+Kirish!$B$25)/12+Kirish!$B$26/12*Parametrlar!$C$14,0) -> 0 | ... FP61: =IF(FP54=1,Kirish!$C$55*Parametrlar!$C$12*FP56+Parametrlar!$C$23*(Kirish!$B$24+Kirish!$B$25)/12+Kirish!$B$26/12*Parametrlar!$C$14,0) -> 0
A62: Boshqaruv va zaxira, $ | C62: =SUM(D62:FP62) -> 0 | D62: =D59*(Kirish!$B$22+Kirish!$B$23) -> 0 | E62: =E59*(Kirish!$B$22+Kirish!$B$23) -> 0 | F62: =F59*(Kirish!$B$22+Kirish!$B$23) -> 0 | G62: =G59*(Kirish!$B$22+Kirish!$B$23) -> 0 | H62: =H59*(Kirish!$B$22+Kirish!$B$23) -> 0 | I62: =I59*(Kirish!$B$22+Kirish!$B$23) -> 0 | J62: =J59*(Kirish!$B$22+Kirish!$B$23) -> 0 | K62: =K59*(Kirish!$B$22+Kirish!$B$23) -> 0 | ... FP62: =FP59*(Kirish!$B$22+Kirish!$B$23) -> 0
A63: Sof operatsion daromad (NOI), $ | C63: =SUM(D63:FP63) -> 0 | D63: =D59-D60-D61-D62 -> 0 | E63: =E59-E60-E61-E62 -> 0 | F63: =F59-F60-F61-F62 -> 0 | G63: =G59-G60-G61-G62 -> 0 | H63: =H59-H60-H61-H62 -> 0 | I63: =I59-I60-I61-I62 -> 0 | J63: =J59-J60-J61-J62 -> 0 | K63: =K59-K60-K61-K62 -> 0 | ... FP63: =FP59-FP60-FP61-FP62 -> 0
A64: Amortizatsiya (soliq uchun), $ | C64: =SUM(D64:FP64) -> 0 | D64: =IF(D54=1,Parametrlar!$C$24*Kirish!$B$27/12,0) -> 0 | E64: =IF(E54=1,Parametrlar!$C$24*Kirish!$B$27/12,0) -> 0 | F64: =IF(F54=1,Parametrlar!$C$24*Kirish!$B$27/12,0) -> 0 | G64: =IF(G54=1,Parametrlar!$C$24*Kirish!$B$27/12,0) -> 0 | H64: =IF(H54=1,Parametrlar!$C$24*Kirish!$B$27/12,0) -> 0 | I64: =IF(I54=1,Parametrlar!$C$24*Kirish!$B$27/12,0) -> 0 | J64: =IF(J54=1,Parametrlar!$C$24*Kirish!$B$27/12,0) -> 0 | K64: =IF(K54=1,Parametrlar!$C$24*Kirish!$B$27/12,0) -> 0 | ... FP64: =IF(FP54=1,Parametrlar!$C$24*Kirish!$B$27/12,0) -> 0
A65: Ijaradan foyda solig'i, $ | C65: =SUM(D65:FP65) -> 0 | D65: =MAX(0,D63-D64)*Kirish!$B$28 -> 0 | E65: =MAX(0,E63-E64)*Kirish!$B$28 -> 0 | F65: =MAX(0,F63-F64)*Kirish!$B$28 -> 0 | G65: =MAX(0,G63-G64)*Kirish!$B$28 -> 0 | H65: =MAX(0,H63-H64)*Kirish!$B$28 -> 0 | I65: =MAX(0,I63-I64)*Kirish!$B$28 -> 0 | J65: =MAX(0,J63-J64)*Kirish!$B$28 -> 0 | K65: =MAX(0,K63-K64)*Kirish!$B$28 -> 0 | ... FP65: =MAX(0,FP63-FP64)*Kirish!$B$28 -> 0
A66: Ijaradan sof oqim, $ | C66: =SUM(D66:FP66) -> 0 | D66: =D63-D65 -> 0 | E66: =E63-E65 -> 0 | F66: =F63-F65 -> 0 | G66: =G63-G65 -> 0 | H66: =H63-H65 -> 0 | I66: =I63-I65 -> 0 | J66: =J63-J65 -> 0 | K66: =K63-K65 -> 0 | ... FP66: =FP63-FP65 -> 0
A67: Terminal qiymat: yalpi daromad ÷ yalpi daromadlilik, sotuv xarajatlaridan keyin, $ | D67: =IF(AND(D54=1,D$4=Parametrlar!$C$8),D59*12*(1+Kirish!$C$53)/Kirish!$C$54*(1-Kirish!$B$29),0) -> 0 | E67: =IF(AND(E54=1,E$4=Parametrlar!$C$8),E59*12*(1+Kirish!$C$53)/Kirish!$C$54*(1-Kirish!$B$29),0) -> 0 | F67: =IF(AND(F54=1,F$4=Parametrlar!$C$8),F59*12*(1+Kirish!$C$53)/Kirish!$C$54*(1-Kirish!$B$29),0) -> 0 | G67: =IF(AND(G54=1,G$4=Parametrlar!$C$8),G59*12*(1+Kirish!$C$53)/Kirish!$C$54*(1-Kirish!$B$29),0) -> 0 | H67: =IF(AND(H54=1,H$4=Parametrlar!$C$8),H59*12*(1+Kirish!$C$53)/Kirish!$C$54*(1-Kirish!$B$29),0) -> 0 | I67: =IF(AND(I54=1,I$4=Parametrlar!$C$8),I59*12*(1+Kirish!$C$53)/Kirish!$C$54*(1-Kirish!$B$29),0) -> 0 | J67: =IF(AND(J54=1,J$4=Parametrlar!$C$8),J59*12*(1+Kirish!$C$53)/Kirish!$C$54*(1-Kirish!$B$29),0) -> 0 | K67: =IF(AND(K54=1,K$4=Parametrlar!$C$8),K59*12*(1+Kirish!$C$53)/Kirish!$C$54*(1-Kirish!$B$29),0) -> 0 | ... FP67: =IF(AND(FP54=1,FP$4=Parametrlar!$C$8),FP59*12*(1+Kirish!$C$53)/Kirish!$C$54*(1-Kirish!$B$29),0) -> 0
A68: Terminal qiymat (soliqdan keyin), $ | C68: =SUM(D68:FP68) -> 0 | D68: =IF(AND(D54=1,D$4=Parametrlar!$C$8),D67-MAX(0,D67-(Parametrlar!$C$23-SUM($D64:D64)))*Kirish!$B$28,0) -> 0 | E68: =IF(AND(E54=1,E$4=Parametrlar!$C$8),E67-MAX(0,E67-(Parametrlar!$C$23-SUM($D64:E64)))*Kirish!$B$28,0) -> 0 | F68: =IF(AND(F54=1,F$4=Parametrlar!$C$8),F67-MAX(0,F67-(Parametrlar!$C$23-SUM($D64:F64)))*Kirish!$B$28,0) -> 0 | G68: =IF(AND(G54=1,G$4=Parametrlar!$C$8),G67-MAX(0,G67-(Parametrlar!$C$23-SUM($D64:G64)))*Kirish!$B$28,0) -> 0 | H68: =IF(AND(H54=1,H$4=Parametrlar!$C$8),H67-MAX(0,H67-(Parametrlar!$C$23-SUM($D64:H64)))*Kirish!$B$28,0) -> 0 | I68: =IF(AND(I54=1,I$4=Parametrlar!$C$8),I67-MAX(0,I67-(Parametrlar!$C$23-SUM($D64:I64)))*Kirish!$B$28,0) -> 0 | J68: =IF(AND(J54=1,J$4=Parametrlar!$C$8),J67-MAX(0,J67-(Parametrlar!$C$23-SUM($D64:J64)))*Kirish!$B$28,0) -> 0 | K68: =IF(AND(K54=1,K$4=Parametrlar!$C$8),K67-MAX(0,K67-(Parametrlar!$C$23-SUM($D64:K64)))*Kirish!$B$28,0) -> 0 | ... FP68: =IF(AND(FP54=1,FP$4=Parametrlar!$C$8),FP67-MAX(0,FP67-(Parametrlar!$C$23-SUM($D64:FP64)))*Kirish!$B$28,0) -> 0
A69: SOF PUL OQIMI, $ | C69: =SUM(D69:FP69) -> 51609.3 | D69: =-D52-D49-D50-D51+D46-D47-D48+D66+D68 -> -800000 | E69: =-E52-E49-E50-E51+E46-E47-E48+E66+E68 -> -66191.094 | F69: =-F52-F49-F50-F51+F46-F47-F48+F66+F68 -> -41756.244 | G69: =-G52-G49-G50-G51+G46-G47-G48+G66+G68 -> -17108.658 | H69: =-H52-H49-H50-H51+H46-H47-H48+H66+H68 -> 7751.6636 | I69: =-I52-I49-I50-I51+I46-I47-I48+I66+I68 -> 32824.72 | J69: =-J52-J49-J50-J51+J46-J47-J48+J66+J68 -> 34213.182 | K69: =-K52-K49-K50-K51+K46-K47-K48+K66+K68 -> 35601.219 | ... FP69: =-FP52-FP49-FP50-FP51+FP46-FP47-FP48+FP66+FP68 -> 0
A70: Kumulyativ pul oqimi, $ | D70: =D69 -> -800000 | E70: =D70+E69 -> -866191.09 | F70: =E70+F69 -> -907947.34 | G70: =F70+G69 -> -925056 | H70: =G70+H69 -> -917304.33 | I70: =H70+I69 -> -884479.61 | J70: =I70+J69 -> -850266.43 | K70: =J70+K69 -> -814665.21 | L70: =K70+L69 -> -777676.38 | ... FP70: =FO70+FP69 -> 51609.3
A71: Diskontlangan oqim, $ | C71: =SUM(D71:FP71) -> -88568.369 | D71: =D69/(1+Kirish!$B$32)^(D$4/12) -> -800000 | E71: =E69/(1+Kirish!$B$32)^(E$4/12) -> -65520.372 | F71: =F69/(1+Kirish!$B$32)^(F$4/12) -> -40914.29 | G71: =G69/(1+Kirish!$B$32)^(G$4/12) -> -16593.818 | H71: =H69/(1+Kirish!$B$32)^(H$4/12) -> 7442.2132 | I71: =I69/(1+Kirish!$B$32)^(I$4/12) -> 31195.001 | J71: =J69/(1+Kirish!$B$32)^(J$4/12) -> 32185.054 | K71: =K69/(1+Kirish!$B$32)^(K$4/12) -> 33151.444 | ... FP71: =FP69/(1+Kirish!$B$32)^(FP$4/12) -> 0
A72: Yordamchi: kumulyativ manfiy bo'lgan oy | D72: =IF(D70<-0.000001,D$4,-1) -> 0 | E72: =IF(E70<-0.000001,E$4,-1) -> 1 | F72: =IF(F70<-0.000001,F$4,-1) -> 2 | G72: =IF(G70<-0.000001,G$4,-1) -> 3 | H72: =IF(H70<-0.000001,H$4,-1) -> 4 | I72: =IF(I70<-0.000001,I$4,-1) -> 5 | J72: =IF(J70<-0.000001,J$4,-1) -> 6 | K72: =IF(K70<-0.000001,K$4,-1) -> 7 | ... FP72: =IF(FP70<-0.000001,FP$4,-1) -> -1
A74: Ssenariy: Optimistik
A75: Narx koeffitsiyenti | D75: =IF(D$4<=Parametrlar!$D$4,1+Kirish!$D$44*D$4/Parametrlar!$D$4,(1+Kirish!$D$44)*(1+Kirish!$D$45)^((D$4-Parametrlar!$D$4)/12)) -> 1 | E75: =IF(E$4<=Parametrlar!$D$4,1+Kirish!$D$44*E$4/Parametrlar!$D$4,(1+Kirish!$D$44)*(1+Kirish!$D$45)^((E$4-Parametrlar!$D$4)/12)) -> 1.0178571 | F75: =IF(F$4<=Parametrlar!$D$4,1+Kirish!$D$44*F$4/Parametrlar!$D$4,(1+Kirish!$D$44)*(1+Kirish!$D$45)^((F$4-Parametrlar!$D$4)/12)) -> 1.0357143 | G75: =IF(G$4<=Parametrlar!$D$4,1+Kirish!$D$44*G$4/Parametrlar!$D$4,(1+Kirish!$D$44)*(1+Kirish!$D$45)^((G$4-Parametrlar!$D$4)/12)) -> 1.0535714 | H75: =IF(H$4<=Parametrlar!$D$4,1+Kirish!$D$44*H$4/Parametrlar!$D$4,(1+Kirish!$D$44)*(1+Kirish!$D$45)^((H$4-Parametrlar!$D$4)/12)) -> 1.0714286 | I75: =IF(I$4<=Parametrlar!$D$4,1+Kirish!$D$44*I$4/Parametrlar!$D$4,(1+Kirish!$D$44)*(1+Kirish!$D$45)^((I$4-Parametrlar!$D$4)/12)) -> 1.0892857 | J75: =IF(J$4<=Parametrlar!$D$4,1+Kirish!$D$44*J$4/Parametrlar!$D$4,(1+Kirish!$D$44)*(1+Kirish!$D$45)^((J$4-Parametrlar!$D$4)/12)) -> 1.1071429 | K75: =IF(K$4<=Parametrlar!$D$4,1+Kirish!$D$44*K$4/Parametrlar!$D$4,(1+Kirish!$D$44)*(1+Kirish!$D$45)^((K$4-Parametrlar!$D$4)/12)) -> 1.125 | ... FP75: =IF(FP$4<=Parametrlar!$D$4,1+Kirish!$D$44*FP$4/Parametrlar!$D$4,(1+Kirish!$D$44)*(1+Kirish!$D$45)^((FP$4-Parametrlar!$D$4)/12)) -> 2.067781
A76: Oyda sotilgan ulush | D76: =IF(AND(D$4>=Parametrlar!$D$7,D$4<Parametrlar!$D$7+Parametrlar!$D$5),1/Parametrlar!$D$5,0) -> 0 | E76: =IF(AND(E$4>=Parametrlar!$D$7,E$4<Parametrlar!$D$7+Parametrlar!$D$5),1/Parametrlar!$D$5,0) -> 0.083333333 | F76: =IF(AND(F$4>=Parametrlar!$D$7,F$4<Parametrlar!$D$7+Parametrlar!$D$5),1/Parametrlar!$D$5,0) -> 0.083333333 | G76: =IF(AND(G$4>=Parametrlar!$D$7,G$4<Parametrlar!$D$7+Parametrlar!$D$5),1/Parametrlar!$D$5,0) -> 0.083333333 | H76: =IF(AND(H$4>=Parametrlar!$D$7,H$4<Parametrlar!$D$7+Parametrlar!$D$5),1/Parametrlar!$D$5,0) -> 0.083333333 | I76: =IF(AND(I$4>=Parametrlar!$D$7,I$4<Parametrlar!$D$7+Parametrlar!$D$5),1/Parametrlar!$D$5,0) -> 0.083333333 | J76: =IF(AND(J$4>=Parametrlar!$D$7,J$4<Parametrlar!$D$7+Parametrlar!$D$5),1/Parametrlar!$D$5,0) -> 0.083333333 | K76: =IF(AND(K$4>=Parametrlar!$D$7,K$4<Parametrlar!$D$7+Parametrlar!$D$5),1/Parametrlar!$D$5,0) -> 0.083333333 | ... FP76: =IF(AND(FP$4>=Parametrlar!$D$7,FP$4<Parametrlar!$D$7+Parametrlar!$D$5),1/Parametrlar!$D$5,0) -> 0
A77: Tuzilgan shartnomalar, $ | C77: =SUM(D77:FP77) -> 4790726.6 | D77: =D76*Parametrlar!$D$15*D75 -> 0 | E77: =E76*Parametrlar!$D$15*E75 -> 364095.22 | F77: =F76*Parametrlar!$D$15*F75 -> 370482.86 | G77: =G76*Parametrlar!$D$15*G75 -> 376870.5 | H77: =H76*Parametrlar!$D$15*H75 -> 383258.13 | I77: =I76*Parametrlar!$D$15*I75 -> 389645.77 | J77: =J76*Parametrlar!$D$15*J75 -> 396033.4 | K77: =K76*Parametrlar!$D$15*K75 -> 402421.04 | ... FP77: =FP76*Parametrlar!$D$15*FP75 -> 0
A78: Shartnomalar (kumulyativ), $ | D78: =D77 -> 0 | E78: =D78+E77 -> 364095.22 | F78: =E78+F77 -> 734578.09 | G78: =F78+G77 -> 1111448.6 | H78: =G78+H77 -> 1494706.7 | I78: =H78+I77 -> 1884352.5 | J78: =I78+J77 -> 2280385.9 | K78: =J78+K77 -> 2682806.9 | L78: =K78+L77 -> 3091615.6 | ... FP78: =FO78+FP77 -> 4790726.6
A79: Sotuvdan tushum (to'lov jadvali bo'yicha), $ | C79: =SUM(D79:FP79) -> 4790726.6 | D79: =Parametrlar!$D$9*D77 -> 0 | E79: =Parametrlar!$D$9*E77+IF(Parametrlar!$D$6>0,(1-Parametrlar!$D$9)/MAX(1,Parametrlar!$D$6)*(D78-IF(E$4-1-Parametrlar!$D$6>=0,INDEX($D$78:$FP$78,1,E$4-Parametrlar!$D$6),0)),0) -> 182047.61 | F79: =Parametrlar!$D$9*F77+IF(Parametrlar!$D$6>0,(1-Parametrlar!$D$9)/MAX(1,Parametrlar!$D$6)*(E78-IF(F$4-1-Parametrlar!$D$6>=0,INDEX($D$78:$FP$78,1,F$4-Parametrlar!$D$6),0)),0) -> 230753.33 | G79: =Parametrlar!$D$9*G77+IF(Parametrlar!$D$6>0,(1-Parametrlar!$D$9)/MAX(1,Parametrlar!$D$6)*(F78-IF(G$4-1-Parametrlar!$D$6>=0,INDEX($D$78:$FP$78,1,G$4-Parametrlar!$D$6),0)),0) -> 280257.51 | H79: =Parametrlar!$D$9*H77+IF(Parametrlar!$D$6>0,(1-Parametrlar!$D$9)/MAX(1,Parametrlar!$D$6)*(G78-IF(H$4-1-Parametrlar!$D$6>=0,INDEX($D$78:$FP$78,1,H$4-Parametrlar!$D$6),0)),0) -> 330560.14 | I79: =Parametrlar!$D$9*I77+IF(Parametrlar!$D$6>0,(1-Parametrlar!$D$9)/MAX(1,Parametrlar!$D$6)*(H78-IF(I$4-1-Parametrlar!$D$6>=0,INDEX($D$78:$FP$78,1,I$4-Parametrlar!$D$6),0)),0) -> 381661.22 | J79: =Parametrlar!$D$9*J77+IF(Parametrlar!$D$6>0,(1-Parametrlar!$D$9)/MAX(1,Parametrlar!$D$6)*(I78-IF(J$4-1-Parametrlar!$D$6>=0,INDEX($D$78:$FP$78,1,J$4-Parametrlar!$D$6),0)),0) -> 388048.86 | K79: =Parametrlar!$D$9*K77+IF(Parametrlar!$D$6>0,(1-Parametrlar!$D$9)/MAX(1,Parametrlar!$D$6)*(J78-IF(K$4-1-Parametrlar!$D$6>=0,INDEX($D$78:$FP$78,1,K$4-Parametrlar!$D$6),0)),0) -> 394436.49 | L79: =Parametrlar!$D$9*L77+IF(Parametrlar!$D$6>0,(1-Parametrlar!$D$9)/MAX(1,Parametrlar!$D$6)*(K78-IF(L$4-1-Parametrlar!$D$6>=0,INDEX($D$78:$FP$78,1,L$4-Parametrlar!$D$6),0)),0) -> 400824.13 | ... FP79: =Parametrlar!$D$9*FP77+IF(Parametrlar!$D$6>0,(1-Parametrlar!$D$9)/MAX(1,Parametrlar!$D$6)*(FO78-IF(FP$4-1-Parametrlar!$D$6>=0,INDEX($D$78:$FP$78,1,FP$4-Parametrlar!$D$6),0)),0) -> 0
A80: Komissiya va marketing, $ | C80: =SUM(D80:FP80) -> 167675.43 | D80: =D77*(Kirish!$B$17+Kirish!$B$18) -> 0 | E80: =E77*(Kirish!$B$17+Kirish!$B$18) -> 12743.333 | F80: =F77*(Kirish!$B$17+Kirish!$B$18) -> 12966.9 | G80: =G77*(Kirish!$B$17+Kirish!$B$18) -> 13190.467 | H80: =H77*(Kirish!$B$17+Kirish!$B$18) -> 13414.035 | I80: =I77*(Kirish!$B$17+Kirish!$B$18) -> 13637.602 | J80: =J77*(Kirish!$B$17+Kirish!$B$18) -> 13861.169 | K80: =K77*(Kirish!$B$17+Kirish!$B$18) -> 14084.736 | ... FP80: =FP77*(Kirish!$B$17+Kirish!$B$18) -> 0
A81: Sotuvdan foyda solig'i, $ | C81: =SUM(D81:FP81) -> 185366.66 | D81: =MAX(0,Parametrlar!$D$26)*D79*Kirish!$B$28 -> 0 | E81: =MAX(0,Parametrlar!$D$26)*E79*Kirish!$B$28 -> 7043.933 | F81: =MAX(0,Parametrlar!$D$26)*F79*Kirish!$B$28 -> 8928.494 | G81: =MAX(0,Parametrlar!$D$26)*G79*Kirish!$B$28 -> 10843.949 | H81: =MAX(0,Parametrlar!$D$26)*H79*Kirish!$B$28 -> 12790.299 | I81: =MAX(0,Parametrlar!$D$26)*I79*Kirish!$B$28 -> 14767.544 | J81: =MAX(0,Parametrlar!$D$26)*J79*Kirish!$B$28 -> 15014.699 | K81: =MAX(0,Parametrlar!$D$26)*K79*Kirish!$B$28 -> 15261.855 | ... FP81: =MAX(0,Parametrlar!$D$26)*FP79*Kirish!$B$28 -> 0
A82: Qurilish xarajati (indeksatsiya bilan), $ | C82: =SUM(D82:FP82) -> 2580273.5 | D82: =IF(AND(D$4>=1,D$4<=Parametrlar!$D$4),Parametrlar!$D$17/Parametrlar!$D$4*(1+Kirish!$D$38)^((D$4-1)/12),0) -> 0 | E82: =IF(AND(E$4>=1,E$4<=Parametrlar!$D$4),Parametrlar!$D$17/Parametrlar!$D$4*(1+Kirish!$D$38)^((E$4-1)/12),0) -> 184305.25 | F82: =IF(AND(F$4>=1,F$4<=Parametrlar!$D$4),Parametrlar!$D$17/Parametrlar!$D$4*(1+Kirish!$D$38)^((F$4-1)/12),0) -> 184305.25 | G82: =IF(AND(G$4>=1,G$4<=Parametrlar!$D$4),Parametrlar!$D$17/Parametrlar!$D$4*(1+Kirish!$D$38)^((G$4-1)/12),0) -> 184305.25 | H82: =IF(AND(H$4>=1,H$4<=Parametrlar!$D$4),Parametrlar!$D$17/Parametrlar!$D$4*(1+Kirish!$D$38)^((H$4-1)/12),0) -> 184305.25 | I82: =IF(AND(I$4>=1,I$4<=Parametrlar!$D$4),Parametrlar!$D$17/Parametrlar!$D$4*(1+Kirish!$D$38)^((I$4-1)/12),0) -> 184305.25 | J82: =IF(AND(J$4>=1,J$4<=Parametrlar!$D$4),Parametrlar!$D$17/Parametrlar!$D$4*(1+Kirish!$D$38)^((J$4-1)/12),0) -> 184305.25 | K82: =IF(AND(K$4>=1,K$4<=Parametrlar!$D$4),Parametrlar!$D$17/Parametrlar!$D$4*(1+Kirish!$D$38)^((K$4-1)/12),0) -> 184305.25 | ... FP82: =IF(AND(FP$4>=1,FP$4<=Parametrlar!$D$4),Parametrlar!$D$17/Parametrlar!$D$4*(1+Kirish!$D$38)^((FP$4-1)/12),0) -> 0
A83: Qurilish davridagi soliqlar (yer; muddatdan keyin 2x yer + 3% mol-mulk), $ | C83: =SUM(D83:FP83) -> 7000 | D83: =0 -> 0 | E83: =IF(AND(E$4>=1,E$4<=Parametrlar!$D$4),Kirish!$B$26/12*IF(E$4>Kirish!$B$30,2,1)+IF(E$4>Kirish!$B$30,Kirish!$B$31*SUM($D82:D82)/12,0),0) -> 500 | F83: =IF(AND(F$4>=1,F$4<=Parametrlar!$D$4),Kirish!$B$26/12*IF(F$4>Kirish!$B$30,2,1)+IF(F$4>Kirish!$B$30,Kirish!$B$31*SUM($D82:E82)/12,0),0) -> 500 | G83: =IF(AND(G$4>=1,G$4<=Parametrlar!$D$4),Kirish!$B$26/12*IF(G$4>Kirish!$B$30,2,1)+IF(G$4>Kirish!$B$30,Kirish!$B$31*SUM($D82:F82)/12,0),0) -> 500 | H83: =IF(AND(H$4>=1,H$4<=Parametrlar!$D$4),Kirish!$B$26/12*IF(H$4>Kirish!$B$30,2,1)+IF(H$4>Kirish!$B$30,Kirish!$B$31*SUM($D82:G82)/12,0),0) -> 500 | I83: =IF(AND(I$4>=1,I$4<=Parametrlar!$D$4),Kirish!$B$26/12*IF(I$4>Kirish!$B$30,2,1)+IF(I$4>Kirish!$B$30,Kirish!$B$31*SUM($D82:H82)/12,0),0) -> 500 | J83: =IF(AND(J$4>=1,J$4<=Parametrlar!$D$4),Kirish!$B$26/12*IF(J$4>Kirish!$B$30,2,1)+IF(J$4>Kirish!$B$30,Kirish!$B$31*SUM($D82:I82)/12,0),0) -> 500 | K83: =IF(AND(K$4>=1,K$4<=Parametrlar!$D$4),Kirish!$B$26/12*IF(K$4>Kirish!$B$30,2,1)+IF(K$4>Kirish!$B$30,Kirish!$B$31*SUM($D82:J82)/12,0),0) -> 500 | L83: =IF(AND(L$4>=1,L$4<=Parametrlar!$D$4),Kirish!$B$26/12*IF(L$4>Kirish!$B$30,2,1)+IF(L$4>Kirish!$B$30,Kirish!$B$31*SUM($D82:K82)/12,0),0) -> 500 | ... FP83: =IF(AND(FP$4>=1,FP$4<=Parametrlar!$D$4),Kirish!$B$26/12*IF(FP$4>Kirish!$B$30,2,1)+IF(FP$4>Kirish!$B$30,Kirish!$B$31*SUM($D82:FO82)/12,0),0) -> 0
A84: Ijaradagi maydonni tayyorlash, $ | C84: =SUM(D84:FP84) -> 0 | D84: =IF(AND(D$4>Parametrlar!$D$4-Parametrlar!$D$19,D$4<=Parametrlar!$D$4),Parametrlar!$D$18/Parametrlar!$D$19,0) -> 0 | E84: =IF(AND(E$4>Parametrlar!$D$4-Parametrlar!$D$19,E$4<=Parametrlar!$D$4),Parametrlar!$D$18/Parametrlar!$D$19,0) -> 0 | F84: =IF(AND(F$4>Parametrlar!$D$4-Parametrlar!$D$19,F$4<=Parametrlar!$D$4),Parametrlar!$D$18/Parametrlar!$D$19,0) -> 0 | G84: =IF(AND(G$4>Parametrlar!$D$4-Parametrlar!$D$19,G$4<=Parametrlar!$D$4),Parametrlar!$D$18/Parametrlar!$D$19,0) -> 0 | H84: =IF(AND(H$4>Parametrlar!$D$4-Parametrlar!$D$19,H$4<=Parametrlar!$D$4),Parametrlar!$D$18/Parametrlar!$D$19,0) -> 0 | I84: =IF(AND(I$4>Parametrlar!$D$4-Parametrlar!$D$19,I$4<=Parametrlar!$D$4),Parametrlar!$D$18/Parametrlar!$D$19,0) -> 0 | J84: =IF(AND(J$4>Parametrlar!$D$4-Parametrlar!$D$19,J$4<=Parametrlar!$D$4),Parametrlar!$D$18/Parametrlar!$D$19,0) -> 0 | K84: =IF(AND(K$4>Parametrlar!$D$4-Parametrlar!$D$19,K$4<=Parametrlar!$D$4),Parametrlar!$D$18/Parametrlar!$D$19,0) -> 0 | ... FP84: =IF(AND(FP$4>Parametrlar!$D$4-Parametrlar!$D$19,FP$4<=Parametrlar!$D$4),Parametrlar!$D$18/Parametrlar!$D$19,0) -> 0
A85: Yer / sarflangan mablag', $ | C85: =SUM(D85:FP85) -> 800000 | D85: =IF(AND(D$4=0,Kirish!$B$11=1),Kirish!$B$10,0) -> 800000 | E85: =IF(AND(E$4=0,Kirish!$B$11=1),Kirish!$B$10,0) -> 0 | F85: =IF(AND(F$4=0,Kirish!$B$11=1),Kirish!$B$10,0) -> 0 | G85: =IF(AND(G$4=0,Kirish!$B$11=1),Kirish!$B$10,0) -> 0 | H85: =IF(AND(H$4=0,Kirish!$B$11=1),Kirish!$B$10,0) -> 0 | I85: =IF(AND(I$4=0,Kirish!$B$11=1),Kirish!$B$10,0) -> 0 | J85: =IF(AND(J$4=0,Kirish!$B$11=1),Kirish!$B$10,0) -> 0 | K85: =IF(AND(K$4=0,Kirish!$B$11=1),Kirish!$B$10,0) -> 0 | ... FP85: =IF(AND(FP$4=0,Kirish!$B$11=1),Kirish!$B$10,0) -> 0
A86: Ekspluatatsiya oyi | D86: =D$4-Parametrlar!$D$4 -> -14 | E86: =E$4-Parametrlar!$D$4 -> -13 | F86: =F$4-Parametrlar!$D$4 -> -12 | G86: =G$4-Parametrlar!$D$4 -> -11 | H86: =H$4-Parametrlar!$D$4 -> -10 | I86: =I$4-Parametrlar!$D$4 -> -9 | J86: =J$4-Parametrlar!$D$4 -> -8 | K86: =K$4-Parametrlar!$D$4 -> -7 | ... FP86: =FP$4-Parametrlar!$D$4 -> 154
A87: Ijara faol (1/0) | D87: =IF(AND(D86>=1,D$4<=Parametrlar!$D$8,Parametrlar!$D$12>0),1,0) -> 0 | E87: =IF(AND(E86>=1,E$4<=Parametrlar!$D$8,Parametrlar!$D$12>0),1,0) -> 0 | F87: =IF(AND(F86>=1,F$4<=Parametrlar!$D$8,Parametrlar!$D$12>0),1,0) -> 0 | G87: =IF(AND(G86>=1,G$4<=Parametrlar!$D$8,Parametrlar!$D$12>0),1,0) -> 0 | H87: =IF(AND(H86>=1,H$4<=Parametrlar!$D$8,Parametrlar!$D$12>0),1,0) -> 0 | I87: =IF(AND(I86>=1,I$4<=Parametrlar!$D$8,Parametrlar!$D$12>0),1,0) -> 0 | J87: =IF(AND(J86>=1,J$4<=Parametrlar!$D$8,Parametrlar!$D$12>0),1,0) -> 0 | K87: =IF(AND(K86>=1,K$4<=Parametrlar!$D$8,Parametrlar!$D$12>0),1,0) -> 0 | ... FP87: =IF(AND(FP86>=1,FP$4<=Parametrlar!$D$8,Parametrlar!$D$12>0),1,0) -> 0
A88: Bandlik | D88: =IF(D87=1,MIN(Kirish!$D$50,Kirish!$B$19+(Kirish!$D$50-Kirish!$B$19)*IF(Kirish!$D$51>0,MIN(1,(D86-1)/Kirish!$D$51),1)),0) -> 0 | E88: =IF(E87=1,MIN(Kirish!$D$50,Kirish!$B$19+(Kirish!$D$50-Kirish!$B$19)*IF(Kirish!$D$51>0,MIN(1,(E86-1)/Kirish!$D$51),1)),0) -> 0 | F88: =IF(F87=1,MIN(Kirish!$D$50,Kirish!$B$19+(Kirish!$D$50-Kirish!$B$19)*IF(Kirish!$D$51>0,MIN(1,(F86-1)/Kirish!$D$51),1)),0) -> 0 | G88: =IF(G87=1,MIN(Kirish!$D$50,Kirish!$B$19+(Kirish!$D$50-Kirish!$B$19)*IF(Kirish!$D$51>0,MIN(1,(G86-1)/Kirish!$D$51),1)),0) -> 0 | H88: =IF(H87=1,MIN(Kirish!$D$50,Kirish!$B$19+(Kirish!$D$50-Kirish!$B$19)*IF(Kirish!$D$51>0,MIN(1,(H86-1)/Kirish!$D$51),1)),0) -> 0 | I88: =IF(I87=1,MIN(Kirish!$D$50,Kirish!$B$19+(Kirish!$D$50-Kirish!$B$19)*IF(Kirish!$D$51>0,MIN(1,(I86-1)/Kirish!$D$51),1)),0) -> 0 | J88: =IF(J87=1,MIN(Kirish!$D$50,Kirish!$B$19+(Kirish!$D$50-Kirish!$B$19)*IF(Kirish!$D$51>0,MIN(1,(J86-1)/Kirish!$D$51),1)),0) -> 0 | K88: =IF(K87=1,MIN(Kirish!$D$50,Kirish!$B$19+(Kirish!$D$50-Kirish!$B$19)*IF(Kirish!$D$51>0,MIN(1,(K86-1)/Kirish!$D$51),1)),0) -> 0 | ... FP88: =IF(FP87=1,MIN(Kirish!$D$50,Kirish!$B$19+(Kirish!$D$50-Kirish!$B$19)*IF(Kirish!$D$51>0,MIN(1,(FP86-1)/Kirish!$D$51),1)),0) -> 0
A89: Indeksatsiya koeffitsiyenti | D89: =IF(D87=1,(1+Kirish!$D$53)^INT((D86-1)/12),1) -> 1 | E89: =IF(E87=1,(1+Kirish!$D$53)^INT((E86-1)/12),1) -> 1 | F89: =IF(F87=1,(1+Kirish!$D$53)^INT((F86-1)/12),1) -> 1 | G89: =IF(G87=1,(1+Kirish!$D$53)^INT((G86-1)/12),1) -> 1 | H89: =IF(H87=1,(1+Kirish!$D$53)^INT((H86-1)/12),1) -> 1 | I89: =IF(I87=1,(1+Kirish!$D$53)^INT((I86-1)/12),1) -> 1 | J89: =IF(J87=1,(1+Kirish!$D$53)^INT((J86-1)/12),1) -> 1 | K89: =IF(K87=1,(1+Kirish!$D$53)^INT((K86-1)/12),1) -> 1 | ... FP89: =IF(FP87=1,(1+Kirish!$D$53)^INT((FP86-1)/12),1) -> 1
A90: Ijara daromadi, $ | C90: =SUM(D90:FP90) -> 0 | D90: =Parametrlar!$D$16*D88*D89 -> 0 | E90: =Parametrlar!$D$16*E88*E89 -> 0 | F90: =Parametrlar!$D$16*F88*F89 -> 0 | G90: =Parametrlar!$D$16*G88*G89 -> 0 | H90: =Parametrlar!$D$16*H88*H89 -> 0 | I90: =Parametrlar!$D$16*I88*I89 -> 0 | J90: =Parametrlar!$D$16*J88*J89 -> 0 | K90: =Parametrlar!$D$16*K88*K89 -> 0 | ... FP90: =Parametrlar!$D$16*FP88*FP89 -> 0
A91: Avtoturargoh va boshqa, $ | C91: =SUM(D91:FP91) -> 0 | D91: =Kirish!$B$21*Parametrlar!$D$14*D88*D89 -> 0 | E91: =Kirish!$B$21*Parametrlar!$D$14*E88*E89 -> 0 | F91: =Kirish!$B$21*Parametrlar!$D$14*F88*F89 -> 0 | G91: =Kirish!$B$21*Parametrlar!$D$14*G88*G89 -> 0 | H91: =Kirish!$B$21*Parametrlar!$D$14*H88*H89 -> 0 | I91: =Kirish!$B$21*Parametrlar!$D$14*I88*I89 -> 0 | J91: =Kirish!$B$21*Parametrlar!$D$14*J88*J89 -> 0 | K91: =Kirish!$B$21*Parametrlar!$D$14*K88*K89 -> 0 | ... FP91: =Kirish!$B$21*Parametrlar!$D$14*FP88*FP89 -> 0
A92: Samarali yalpi daromad (EGI), $ | C92: =SUM(D92:FP92) -> 0 | D92: =D90+D91 -> 0 | E92: =E90+E91 -> 0 | F92: =F90+F91 -> 0 | G92: =G90+G91 -> 0 | H92: =H90+H91 -> 0 | I92: =I90+I91 -> 0 | J92: =J90+J91 -> 0 | K92: =K90+K91 -> 0 | ... FP92: =FP90+FP91 -> 0
A93: Ijaraga berish xarajatlari (ta'til + komissiya), $ | C93: =SUM(D93:FP93) -> 0 | D93: =MAX(0,D88-0)*Parametrlar!$D$16*D89*(Kirish!$D$52+12*Kirish!$B$20) -> 0 | E93: =MAX(0,E88-D88)*Parametrlar!$D$16*E89*(Kirish!$D$52+12*Kirish!$B$20) -> 0 | F93: =MAX(0,F88-E88)*Parametrlar!$D$16*F89*(Kirish!$D$52+12*Kirish!$B$20) -> 0 | G93: =MAX(0,G88-F88)*Parametrlar!$D$16*G89*(Kirish!$D$52+12*Kirish!$B$20) -> 0 | H93: =MAX(0,H88-G88)*Parametrlar!$D$16*H89*(Kirish!$D$52+12*Kirish!$B$20) -> 0 | I93: =MAX(0,I88-H88)*Parametrlar!$D$16*I89*(Kirish!$D$52+12*Kirish!$B$20) -> 0 | J93: =MAX(0,J88-I88)*Parametrlar!$D$16*J89*(Kirish!$D$52+12*Kirish!$B$20) -> 0 | K93: =MAX(0,K88-J88)*Parametrlar!$D$16*K89*(Kirish!$D$52+12*Kirish!$B$20) -> 0 | L93: =MAX(0,L88-K88)*Parametrlar!$D$16*L89*(Kirish!$D$52+12*Kirish!$B$20) -> 0 | ... FP93: =MAX(0,FP88-FO88)*Parametrlar!$D$16*FP89*(Kirish!$D$52+12*Kirish!$B$20) -> 0
A94: Doimiy xarajatlar (OPEX, mol-mulk va yer solig'i, sug'urta), $ | C94: =SUM(D94:FP94) -> 0 | D94: =IF(D87=1,Kirish!$D$55*Parametrlar!$D$12*D89+Parametrlar!$D$23*(Kirish!$B$24+Kirish!$B$25)/12+Kirish!$B$26/12*Parametrlar!$D$14,0) -> 0 | E94: =IF(E87=1,Kirish!$D$55*Parametrlar!$D$12*E89+Parametrlar!$D$23*(Kirish!$B$24+Kirish!$B$25)/12+Kirish!$B$26/12*Parametrlar!$D$14,0) -> 0 | F94: =IF(F87=1,Kirish!$D$55*Parametrlar!$D$12*F89+Parametrlar!$D$23*(Kirish!$B$24+Kirish!$B$25)/12+Kirish!$B$26/12*Parametrlar!$D$14,0) -> 0 | G94: =IF(G87=1,Kirish!$D$55*Parametrlar!$D$12*G89+Parametrlar!$D$23*(Kirish!$B$24+Kirish!$B$25)/12+Kirish!$B$26/12*Parametrlar!$D$14,0) -> 0 | H94: =IF(H87=1,Kirish!$D$55*Parametrlar!$D$12*H89+Parametrlar!$D$23*(Kirish!$B$24+Kirish!$B$25)/12+Kirish!$B$26/12*Parametrlar!$D$14,0) -> 0 | I94: =IF(I87=1,Kirish!$D$55*Parametrlar!$D$12*I89+Parametrlar!$D$23*(Kirish!$B$24+Kirish!$B$25)/12+Kirish!$B$26/12*Parametrlar!$D$14,0) -> 0 | J94: =IF(J87=1,Kirish!$D$55*Parametrlar!$D$12*J89+Parametrlar!$D$23*(Kirish!$B$24+Kirish!$B$25)/12+Kirish!$B$26/12*Parametrlar!$D$14,0) -> 0 | K94: =IF(K87=1,Kirish!$D$55*Parametrlar!$D$12*K89+Parametrlar!$D$23*(Kirish!$B$24+Kirish!$B$25)/12+Kirish!$B$26/12*Parametrlar!$D$14,0) -> 0 | ... FP94: =IF(FP87=1,Kirish!$D$55*Parametrlar!$D$12*FP89+Parametrlar!$D$23*(Kirish!$B$24+Kirish!$B$25)/12+Kirish!$B$26/12*Parametrlar!$D$14,0) -> 0
A95: Boshqaruv va zaxira, $ | C95: =SUM(D95:FP95) -> 0 | D95: =D92*(Kirish!$B$22+Kirish!$B$23) -> 0 | E95: =E92*(Kirish!$B$22+Kirish!$B$23) -> 0 | F95: =F92*(Kirish!$B$22+Kirish!$B$23) -> 0 | G95: =G92*(Kirish!$B$22+Kirish!$B$23) -> 0 | H95: =H92*(Kirish!$B$22+Kirish!$B$23) -> 0 | I95: =I92*(Kirish!$B$22+Kirish!$B$23) -> 0 | J95: =J92*(Kirish!$B$22+Kirish!$B$23) -> 0 | K95: =K92*(Kirish!$B$22+Kirish!$B$23) -> 0 | ... FP95: =FP92*(Kirish!$B$22+Kirish!$B$23) -> 0
A96: Sof operatsion daromad (NOI), $ | C96: =SUM(D96:FP96) -> 0 | D96: =D92-D93-D94-D95 -> 0 | E96: =E92-E93-E94-E95 -> 0 | F96: =F92-F93-F94-F95 -> 0 | G96: =G92-G93-G94-G95 -> 0 | H96: =H92-H93-H94-H95 -> 0 | I96: =I92-I93-I94-I95 -> 0 | J96: =J92-J93-J94-J95 -> 0 | K96: =K92-K93-K94-K95 -> 0 | ... FP96: =FP92-FP93-FP94-FP95 -> 0
A97: Amortizatsiya (soliq uchun), $ | C97: =SUM(D97:FP97) -> 0 | D97: =IF(D87=1,Parametrlar!$D$24*Kirish!$B$27/12,0) -> 0 | E97: =IF(E87=1,Parametrlar!$D$24*Kirish!$B$27/12,0) -> 0 | F97: =IF(F87=1,Parametrlar!$D$24*Kirish!$B$27/12,0) -> 0 | G97: =IF(G87=1,Parametrlar!$D$24*Kirish!$B$27/12,0) -> 0 | H97: =IF(H87=1,Parametrlar!$D$24*Kirish!$B$27/12,0) -> 0 | I97: =IF(I87=1,Parametrlar!$D$24*Kirish!$B$27/12,0) -> 0 | J97: =IF(J87=1,Parametrlar!$D$24*Kirish!$B$27/12,0) -> 0 | K97: =IF(K87=1,Parametrlar!$D$24*Kirish!$B$27/12,0) -> 0 | ... FP97: =IF(FP87=1,Parametrlar!$D$24*Kirish!$B$27/12,0) -> 0
A98: Ijaradan foyda solig'i, $ | C98: =SUM(D98:FP98) -> 0 | D98: =MAX(0,D96-D97)*Kirish!$B$28 -> 0 | E98: =MAX(0,E96-E97)*Kirish!$B$28 -> 0 | F98: =MAX(0,F96-F97)*Kirish!$B$28 -> 0 | G98: =MAX(0,G96-G97)*Kirish!$B$28 -> 0 | H98: =MAX(0,H96-H97)*Kirish!$B$28 -> 0 | I98: =MAX(0,I96-I97)*Kirish!$B$28 -> 0 | J98: =MAX(0,J96-J97)*Kirish!$B$28 -> 0 | K98: =MAX(0,K96-K97)*Kirish!$B$28 -> 0 | ... FP98: =MAX(0,FP96-FP97)*Kirish!$B$28 -> 0
A99: Ijaradan sof oqim, $ | C99: =SUM(D99:FP99) -> 0 | D99: =D96-D98 -> 0 | E99: =E96-E98 -> 0 | F99: =F96-F98 -> 0 | G99: =G96-G98 -> 0 | H99: =H96-H98 -> 0 | I99: =I96-I98 -> 0 | J99: =J96-J98 -> 0 | K99: =K96-K98 -> 0 | ... FP99: =FP96-FP98 -> 0
A100: Terminal qiymat: yalpi daromad ÷ yalpi daromadlilik, sotuv xarajatlaridan keyin, $ | D100: =IF(AND(D87=1,D$4=Parametrlar!$D$8),D92*12*(1+Kirish!$D$53)/Kirish!$D$54*(1-Kirish!$B$29),0) -> 0 | E100: =IF(AND(E87=1,E$4=Parametrlar!$D$8),E92*12*(1+Kirish!$D$53)/Kirish!$D$54*(1-Kirish!$B$29),0) -> 0 | F100: =IF(AND(F87=1,F$4=Parametrlar!$D$8),F92*12*(1+Kirish!$D$53)/Kirish!$D$54*(1-Kirish!$B$29),0) -> 0 | G100: =IF(AND(G87=1,G$4=Parametrlar!$D$8),G92*12*(1+Kirish!$D$53)/Kirish!$D$54*(1-Kirish!$B$29),0) -> 0 | H100: =IF(AND(H87=1,H$4=Parametrlar!$D$8),H92*12*(1+Kirish!$D$53)/Kirish!$D$54*(1-Kirish!$B$29),0) -> 0 | I100: =IF(AND(I87=1,I$4=Parametrlar!$D$8),I92*12*(1+Kirish!$D$53)/Kirish!$D$54*(1-Kirish!$B$29),0) -> 0 | J100: =IF(AND(J87=1,J$4=Parametrlar!$D$8),J92*12*(1+Kirish!$D$53)/Kirish!$D$54*(1-Kirish!$B$29),0) -> 0 | K100: =IF(AND(K87=1,K$4=Parametrlar!$D$8),K92*12*(1+Kirish!$D$53)/Kirish!$D$54*(1-Kirish!$B$29),0) -> 0 | ... FP100: =IF(AND(FP87=1,FP$4=Parametrlar!$D$8),FP92*12*(1+Kirish!$D$53)/Kirish!$D$54*(1-Kirish!$B$29),0) -> 0
A101: Terminal qiymat (soliqdan keyin), $ | C101: =SUM(D101:FP101) -> 0 | D101: =IF(AND(D87=1,D$4=Parametrlar!$D$8),D100-MAX(0,D100-(Parametrlar!$D$23-SUM($D97:D97)))*Kirish!$B$28,0) -> 0 | E101: =IF(AND(E87=1,E$4=Parametrlar!$D$8),E100-MAX(0,E100-(Parametrlar!$D$23-SUM($D97:E97)))*Kirish!$B$28,0) -> 0 | F101: =IF(AND(F87=1,F$4=Parametrlar!$D$8),F100-MAX(0,F100-(Parametrlar!$D$23-SUM($D97:F97)))*Kirish!$B$28,0) -> 0 | G101: =IF(AND(G87=1,G$4=Parametrlar!$D$8),G100-MAX(0,G100-(Parametrlar!$D$23-SUM($D97:G97)))*Kirish!$B$28,0) -> 0 | H101: =IF(AND(H87=1,H$4=Parametrlar!$D$8),H100-MAX(0,H100-(Parametrlar!$D$23-SUM($D97:H97)))*Kirish!$B$28,0) -> 0 | I101: =IF(AND(I87=1,I$4=Parametrlar!$D$8),I100-MAX(0,I100-(Parametrlar!$D$23-SUM($D97:I97)))*Kirish!$B$28,0) -> 0 | J101: =IF(AND(J87=1,J$4=Parametrlar!$D$8),J100-MAX(0,J100-(Parametrlar!$D$23-SUM($D97:J97)))*Kirish!$B$28,0) -> 0 | K101: =IF(AND(K87=1,K$4=Parametrlar!$D$8),K100-MAX(0,K100-(Parametrlar!$D$23-SUM($D97:K97)))*Kirish!$B$28,0) -> 0 | ... FP101: =IF(AND(FP87=1,FP$4=Parametrlar!$D$8),FP100-MAX(0,FP100-(Parametrlar!$D$23-SUM($D97:FP97)))*Kirish!$B$28,0) -> 0
A102: SOF PUL OQIMI, $ | C102: =SUM(D102:FP102) -> 1050411.1 | D102: =-D85-D82-D83-D84+D79-D80-D81+D99+D101 -> -800000 | E102: =-E85-E82-E83-E84+E79-E80-E81+E99+E101 -> -22544.903 | F102: =-F85-F82-F83-F84+F79-F80-F81+F99+F101 -> 24052.69 | G102: =-G85-G82-G83-G84+G79-G80-G81+G99+G101 -> 71417.842 | H102: =-H85-H82-H83-H84+H79-H80-H81+H99+H101 -> 119550.55 | I102: =-I85-I82-I83-I84+I79-I80-I81+I99+I101 -> 168450.83 | J102: =-J85-J82-J83-J84+J79-J80-J81+J99+J101 -> 174367.74 | K102: =-K85-K82-K83-K84+K79-K80-K81+K99+K101 -> 180284.65 | ... FP102: =-FP85-FP82-FP83-FP84+FP79-FP80-FP81+FP99+FP101 -> 0
A103: Kumulyativ pul oqimi, $ | D103: =D102 -> -800000 | E103: =D103+E102 -> -822544.9 | F103: =E103+F102 -> -798492.21 | G103: =F103+G102 -> -727074.37 | H103: =G103+H102 -> -607523.82 | I103: =H103+I102 -> -439072.99 | J103: =I103+J102 -> -264705.25 | K103: =J103+K102 -> -84420.595 | L103: =K103+L102 -> 101780.97 | ... FP103: =FO103+FP102 -> 1050411.1
A104: Diskontlangan oqim, $ | C104: =SUM(D104:FP104) -> 894919.84 | D104: =D102/(1+Kirish!$B$32)^(D$4/12) -> -800000 | E104: =E102/(1+Kirish!$B$32)^(E$4/12) -> -22316.453 | F104: =F102/(1+Kirish!$B$32)^(F$4/12) -> 23567.702 | G104: =G102/(1+Kirish!$B$32)^(G$4/12) -> 69268.712 | H104: =H102/(1+Kirish!$B$32)^(H$4/12) -> 114778.03 | I104: =I102/(1+Kirish!$B$32)^(I$4/12) -> 160087.39 | J104: =J102/(1+Kirish!$B$32)^(J$4/12) -> 164031.37 | K104: =K102/(1+Kirish!$B$32)^(K$4/12) -> 167878.98 | ... FP104: =FP102/(1+Kirish!$B$32)^(FP$4/12) -> 0
...

Sheet Hisob_B_Ijara
A1: Oylik hisob — B. Ijara (3 ssenariy)
A2: Barcha kataklar formula. USD, QQSsiz, foyda solig'idan keyin. 0-oy = hisob boshlanishi; qurilish 1..mc oylar; ekspluatatsiya mc+1 dan.
A4: Oy (m) | C4: Jami | D4: 0 | E4: 1 | F4: 2 | G4: 3 | H4: 4 | I4: 5 | J4: 6 | K4: 7 | L4: 8 | M4: 9 | N4: 10 | O4: 11 | P4: 12 | Q4: 13 | R4: 14 | S4: 15 | T4: 16 | U4: 17 | V4: 18 | W4: 19 | X4: 20 | Y4: 21 | Z4: 22 | AA4: 23 | AB4: 24 | AC4: 25 | AD4: 26 | AE4: 27 | AF4: 28 | AG4: 29 | AH4: 30 | AI4: 31 | AJ4: 32 | AK4: 33 | AL4: 34 | AM4: 35 | AN4: 36 | AO4: 37 | AP4: 38 | AQ4: 39 | AR4: 40 | AS4: 41 | AT4: 42 | AU4: 43 | AV4: 44 | AW4: 45 | AX4: 46 | AY4: 47 | AZ4: 48 | BA4: 49 | BB4: 50 | BC4: 51 | BD4: 52 | BE4: 53 | BF4: 54 | BG4: 55 | BH4: 56 | BI4: 57 | BJ4: 58 | BK4: 59 | BL4: 60 | BM4: 61 | BN4: 62 | BO4: 63 | BP4: 64 | BQ4: 65 | BR4: 66 | BS4: 67 | BT4: 68 | BU4: 69 | BV4: 70 | BW4: 71 | BX4: 72 | BY4: 73 | BZ4: 74 | CA4: 75 | CB4: 76 | CC4: 77 | CD4: 78 | CE4: 79 | CF4: 80 | CG4: 81 | CH4: 82 | CI4: 83 | CJ4: 84 | CK4: 85 | CL4: 86 | CM4: 87 | CN4: 88 | CO4: 89 | CP4: 90 | CQ4: 91 | CR4: 92 | CS4: 93 | CT4: 94 | CU4: 95 | CV4: 96 | CW4: 97 | CX4: 98 | CY4: 99 | CZ4: 100 | DA4: 101 | DB4: 102 | DC4: 103 | DD4: 104 | DE4: 105 | DF4: 106 | DG4: 107 | DH4: 108 | DI4: 109 | DJ4: 110 | DK4: 111 | DL4: 112 | DM4: 113 | DN4: 114 | DO4: 115 | DP4: 116 | DQ4: 117 | DR4: 118 | DS4: 119 | DT4: 120 | DU4: 121 | DV4: 122 | DW4: 123 | DX4: 124 | DY4: 125 | DZ4: 126 | EA4: 127 | EB4: 128 | EC4: 129 | ED4: 130 | EE4: 131 | EF4: 132 | EG4: 133 | EH4: 134 | EI4: 135 | EJ4: 136 | EK4: 137 | EL4: 138 | EM4: 139 | EN4: 140 | EO4: 141 | EP4: 142 | EQ4: 143 | ER4: 144 | ES4: 145 | ET4: 146 | EU4: 147 | EV4: 148 | EW4: 149 | EX4: 150 | EY4: 151 | EZ4: 152 | FA4: 153 | FB4: 154 | FC4: 155 | FD4: 156 | FE4: 157 | FF4: 158 | FG4: 159 | FH4: 160 | FI4: 161 | FJ4: 162 | FK4: 163 | FL4: 164 | FM4: 165 | FN4: 166 | FO4: 167 | FP4: 168
A5: Sana | D5: =DATE(Kirish!$B$6,Kirish!$B$7+D4,1) -> 46296 | E5: =DATE(Kirish!$B$6,Kirish!$B$7+E4,1) -> 46327 | F5: =DATE(Kirish!$B$6,Kirish!$B$7+F4,1) -> 46357 | G5: =DATE(Kirish!$B$6,Kirish!$B$7+G4,1) -> 46388 | H5: =DATE(Kirish!$B$6,Kirish!$B$7+H4,1) -> 46419 | I5: =DATE(Kirish!$B$6,Kirish!$B$7+I4,1) -> 46447 | J5: =DATE(Kirish!$B$6,Kirish!$B$7+J4,1) -> 46478 | K5: =DATE(Kirish!$B$6,Kirish!$B$7+K4,1) -> 46508 | ... FP5: =DATE(Kirish!$B$6,Kirish!$B$7+FP4,1) -> 51410
A6: Kalendar yil | D6: =YEAR(D5) -> 2026 | E6: =YEAR(E5) -> 2026 | F6: =YEAR(F5) -> 2026 | G6: =YEAR(G5) -> 2027 | H6: =YEAR(H5) -> 2027 | I6: =YEAR(I5) -> 2027 | J6: =YEAR(J5) -> 2027 | K6: =YEAR(K5) -> 2027 | ... FP6: =YEAR(FP5) -> 2040
A8: Ssenariy: Konservativ
A9: Narx koeffitsiyenti | D9: =IF(D$4<=Parametrlar!$E$4,1+Kirish!$B$44*D$4/Parametrlar!$E$4,(1+Kirish!$B$44)*(1+Kirish!$B$45)^((D$4-Parametrlar!$E$4)/12)) -> 1 | E9: =IF(E$4<=Parametrlar!$E$4,1+Kirish!$B$44*E$4/Parametrlar!$E$4,(1+Kirish!$B$44)*(1+Kirish!$B$45)^((E$4-Parametrlar!$E$4)/12)) -> 1.0037037 | F9: =IF(F$4<=Parametrlar!$E$4,1+Kirish!$B$44*F$4/Parametrlar!$E$4,(1+Kirish!$B$44)*(1+Kirish!$B$45)^((F$4-Parametrlar!$E$4)/12)) -> 1.0074074 | G9: =IF(G$4<=Parametrlar!$E$4,1+Kirish!$B$44*G$4/Parametrlar!$E$4,(1+Kirish!$B$44)*(1+Kirish!$B$45)^((G$4-Parametrlar!$E$4)/12)) -> 1.0111111 | H9: =IF(H$4<=Parametrlar!$E$4,1+Kirish!$B$44*H$4/Parametrlar!$E$4,(1+Kirish!$B$44)*(1+Kirish!$B$45)^((H$4-Parametrlar!$E$4)/12)) -> 1.0148148 | I9: =IF(I$4<=Parametrlar!$E$4,1+Kirish!$B$44*I$4/Parametrlar!$E$4,(1+Kirish!$B$44)*(1+Kirish!$B$45)^((I$4-Parametrlar!$E$4)/12)) -> 1.0185185 | J9: =IF(J$4<=Parametrlar!$E$4,1+Kirish!$B$44*J$4/Parametrlar!$E$4,(1+Kirish!$B$44)*(1+Kirish!$B$45)^((J$4-Parametrlar!$E$4)/12)) -> 1.0222222 | K9: =IF(K$4<=Parametrlar!$E$4,1+Kirish!$B$44*K$4/Parametrlar!$E$4,(1+Kirish!$B$44)*(1+Kirish!$B$45)^((K$4-Parametrlar!$E$4)/12)) -> 1.0259259 | ... FP9: =IF(FP$4<=Parametrlar!$E$4,1+Kirish!$B$44*FP$4/Parametrlar!$E$4,(1+Kirish!$B$44)*(1+Kirish!$B$45)^((FP$4-Parametrlar!$E$4)/12)) -> 1.1
A10: Oyda sotilgan ulush | D10: =IF(AND(D$4>=Parametrlar!$E$7,D$4<Parametrlar!$E$7+Parametrlar!$E$5),1/Parametrlar!$E$5,0) -> 0 | E10: =IF(AND(E$4>=Parametrlar!$E$7,E$4<Parametrlar!$E$7+Parametrlar!$E$5),1/Parametrlar!$E$5,0) -> 0.033333333 | F10: =IF(AND(F$4>=Parametrlar!$E$7,F$4<Parametrlar!$E$7+Parametrlar!$E$5),1/Parametrlar!$E$5,0) -> 0.033333333 | G10: =IF(AND(G$4>=Parametrlar!$E$7,G$4<Parametrlar!$E$7+Parametrlar!$E$5),1/Parametrlar!$E$5,0) -> 0.033333333 | H10: =IF(AND(H$4>=Parametrlar!$E$7,H$4<Parametrlar!$E$7+Parametrlar!$E$5),1/Parametrlar!$E$5,0) -> 0.033333333 | I10: =IF(AND(I$4>=Parametrlar!$E$7,I$4<Parametrlar!$E$7+Parametrlar!$E$5),1/Parametrlar!$E$5,0) -> 0.033333333 | J10: =IF(AND(J$4>=Parametrlar!$E$7,J$4<Parametrlar!$E$7+Parametrlar!$E$5),1/Parametrlar!$E$5,0) -> 0.033333333 | K10: =IF(AND(K$4>=Parametrlar!$E$7,K$4<Parametrlar!$E$7+Parametrlar!$E$5),1/Parametrlar!$E$5,0) -> 0.033333333 | ... FP10: =IF(AND(FP$4>=Parametrlar!$E$7,FP$4<Parametrlar!$E$7+Parametrlar!$E$5),1/Parametrlar!$E$5,0) -> 0
A11: Tuzilgan shartnomalar, $ | C11: =SUM(D11:FP11) -> 0 | D11: =D10*Parametrlar!$E$15*D9 -> 0 | E11: =E10*Parametrlar!$E$15*E9 -> 0 | F11: =F10*Parametrlar!$E$15*F9 -> 0 | G11: =G10*Parametrlar!$E$15*G9 -> 0 | H11: =H10*Parametrlar!$E$15*H9 -> 0 | I11: =I10*Parametrlar!$E$15*I9 -> 0 | J11: =J10*Parametrlar!$E$15*J9 -> 0 | K11: =K10*Parametrlar!$E$15*K9 -> 0 | ... FP11: =FP10*Parametrlar!$E$15*FP9 -> 0
A12: Shartnomalar (kumulyativ), $ | D12: =D11 -> 0 | E12: =D12+E11 -> 0 | F12: =E12+F11 -> 0 | G12: =F12+G11 -> 0 | H12: =G12+H11 -> 0 | I12: =H12+I11 -> 0 | J12: =I12+J11 -> 0 | K12: =J12+K11 -> 0 | L12: =K12+L11 -> 0 | ... FP12: =FO12+FP11 -> 0
A13: Sotuvdan tushum (to'lov jadvali bo'yicha), $ | C13: =SUM(D13:FP13) -> 0 | D13: =Parametrlar!$E$9*D11 -> 0 | E13: =Parametrlar!$E$9*E11+IF(Parametrlar!$E$6>0,(1-Parametrlar!$E$9)/MAX(1,Parametrlar!$E$6)*(D12-IF(E$4-1-Parametrlar!$E$6>=0,INDEX($D$12:$FP$12,1,E$4-Parametrlar!$E$6),0)),0) -> 0 | F13: =Parametrlar!$E$9*F11+IF(Parametrlar!$E$6>0,(1-Parametrlar!$E$9)/MAX(1,Parametrlar!$E$6)*(E12-IF(F$4-1-Parametrlar!$E$6>=0,INDEX($D$12:$FP$12,1,F$4-Parametrlar!$E$6),0)),0) -> 0 | G13: =Parametrlar!$E$9*G11+IF(Parametrlar!$E$6>0,(1-Parametrlar!$E$9)/MAX(1,Parametrlar!$E$6)*(F12-IF(G$4-1-Parametrlar!$E$6>=0,INDEX($D$12:$FP$12,1,G$4-Parametrlar!$E$6),0)),0) -> 0 | H13: =Parametrlar!$E$9*H11+IF(Parametrlar!$E$6>0,(1-Parametrlar!$E$9)/MAX(1,Parametrlar!$E$6)*(G12-IF(H$4-1-Parametrlar!$E$6>=0,INDEX($D$12:$FP$12,1,H$4-Parametrlar!$E$6),0)),0) -> 0 | I13: =Parametrlar!$E$9*I11+IF(Parametrlar!$E$6>0,(1-Parametrlar!$E$9)/MAX(1,Parametrlar!$E$6)*(H12-IF(I$4-1-Parametrlar!$E$6>=0,INDEX($D$12:$FP$12,1,I$4-Parametrlar!$E$6),0)),0) -> 0 | J13: =Parametrlar!$E$9*J11+IF(Parametrlar!$E$6>0,(1-Parametrlar!$E$9)/MAX(1,Parametrlar!$E$6)*(I12-IF(J$4-1-Parametrlar!$E$6>=0,INDEX($D$12:$FP$12,1,J$4-Parametrlar!$E$6),0)),0) -> 0 | K13: =Parametrlar!$E$9*K11+IF(Parametrlar!$E$6>0,(1-Parametrlar!$E$9)/MAX(1,Parametrlar!$E$6)*(J12-IF(K$4-1-Parametrlar!$E$6>=0,INDEX($D$12:$FP$12,1,K$4-Parametrlar!$E$6),0)),0) -> 0 | L13: =Parametrlar!$E$9*L11+IF(Parametrlar!$E$6>0,(1-Parametrlar!$E$9)/MAX(1,Parametrlar!$E$6)*(K12-IF(L$4-1-Parametrlar!$E$6>=0,INDEX($D$12:$FP$12,1,L$4-Parametrlar!$E$6),0)),0) -> 0 | ... FP13: =Parametrlar!$E$9*FP11+IF(Parametrlar!$E$6>0,(1-Parametrlar!$E$9)/MAX(1,Parametrlar!$E$6)*(FO12-IF(FP$4-1-Parametrlar!$E$6>=0,INDEX($D$12:$FP$12,1,FP$4-Parametrlar!$E$6),0)),0) -> 0
A14: Komissiya va marketing, $ | C14: =SUM(D14:FP14) -> 0 | D14: =D11*(Kirish!$B$17+Kirish!$B$18) -> 0 | E14: =E11*(Kirish!$B$17+Kirish!$B$18) -> 0 | F14: =F11*(Kirish!$B$17+Kirish!$B$18) -> 0 | G14: =G11*(Kirish!$B$17+Kirish!$B$18) -> 0 | H14: =H11*(Kirish!$B$17+Kirish!$B$18) -> 0 | I14: =I11*(Kirish!$B$17+Kirish!$B$18) -> 0 | J14: =J11*(Kirish!$B$17+Kirish!$B$18) -> 0 | K14: =K11*(Kirish!$B$17+Kirish!$B$18) -> 0 | ... FP14: =FP11*(Kirish!$B$17+Kirish!$B$18) -> 0
A15: Sotuvdan foyda solig'i, $ | C15: =SUM(D15:FP15) -> 0 | D15: =MAX(0,Parametrlar!$E$26)*D13*Kirish!$B$28 -> 0 | E15: =MAX(0,Parametrlar!$E$26)*E13*Kirish!$B$28 -> 0 | F15: =MAX(0,Parametrlar!$E$26)*F13*Kirish!$B$28 -> 0 | G15: =MAX(0,Parametrlar!$E$26)*G13*Kirish!$B$28 -> 0 | H15: =MAX(0,Parametrlar!$E$26)*H13*Kirish!$B$28 -> 0 | I15: =MAX(0,Parametrlar!$E$26)*I13*Kirish!$B$28 -> 0 | J15: =MAX(0,Parametrlar!$E$26)*J13*Kirish!$B$28 -> 0 | K15: =MAX(0,Parametrlar!$E$26)*K13*Kirish!$B$28 -> 0 | ... FP15: =MAX(0,Parametrlar!$E$26)*FP13*Kirish!$B$28 -> 0
A16: Qurilish xarajati (indeksatsiya bilan), $ | C16: =SUM(D16:FP16) -> 3877603 | D16: =IF(AND(D$4>=1,D$4<=Parametrlar!$E$4),Parametrlar!$E$17/Parametrlar!$E$4*(1+Kirish!$B$38)^((D$4-1)/12),0) -> 0 | E16: =IF(AND(E$4>=1,E$4<=Parametrlar!$E$4),Parametrlar!$E$17/Parametrlar!$E$4*(1+Kirish!$B$38)^((E$4-1)/12),0) -> 137596.09 | F16: =IF(AND(F$4>=1,F$4<=Parametrlar!$E$4),Parametrlar!$E$17/Parametrlar!$E$4*(1+Kirish!$B$38)^((F$4-1)/12),0) -> 138046.54 | G16: =IF(AND(G$4>=1,G$4<=Parametrlar!$E$4),Parametrlar!$E$17/Parametrlar!$E$4*(1+Kirish!$B$38)^((G$4-1)/12),0) -> 138498.47 | H16: =IF(AND(H$4>=1,H$4<=Parametrlar!$E$4),Parametrlar!$E$17/Parametrlar!$E$4*(1+Kirish!$B$38)^((H$4-1)/12),0) -> 138951.88 | I16: =IF(AND(I$4>=1,I$4<=Parametrlar!$E$4),Parametrlar!$E$17/Parametrlar!$E$4*(1+Kirish!$B$38)^((I$4-1)/12),0) -> 139406.77 | J16: =IF(AND(J$4>=1,J$4<=Parametrlar!$E$4),Parametrlar!$E$17/Parametrlar!$E$4*(1+Kirish!$B$38)^((J$4-1)/12),0) -> 139863.15 | K16: =IF(AND(K$4>=1,K$4<=Parametrlar!$E$4),Parametrlar!$E$17/Parametrlar!$E$4*(1+Kirish!$B$38)^((K$4-1)/12),0) -> 140321.03 | ... FP16: =IF(AND(FP$4>=1,FP$4<=Parametrlar!$E$4),Parametrlar!$E$17/Parametrlar!$E$4*(1+Kirish!$B$38)^((FP$4-1)/12),0) -> 0
A17: Qurilish davridagi soliqlar (yer; muddatdan keyin 2x yer + 3% mol-mulk), $ | C17: =SUM(D17:FP17) -> 41839.908 | D17: =0 -> 0 | E17: =IF(AND(E$4>=1,E$4<=Parametrlar!$E$4),Kirish!$B$26/12*IF(E$4>Kirish!$B$30,2,1)+IF(E$4>Kirish!$B$30,Kirish!$B$31*SUM($D16:D16)/12,0),0) -> 500 | F17: =IF(AND(F$4>=1,F$4<=Parametrlar!$E$4),Kirish!$B$26/12*IF(F$4>Kirish!$B$30,2,1)+IF(F$4>Kirish!$B$30,Kirish!$B$31*SUM($D16:E16)/12,0),0) -> 500 | G17: =IF(AND(G$4>=1,G$4<=Parametrlar!$E$4),Kirish!$B$26/12*IF(G$4>Kirish!$B$30,2,1)+IF(G$4>Kirish!$B$30,Kirish!$B$31*SUM($D16:F16)/12,0),0) -> 500 | H17: =IF(AND(H$4>=1,H$4<=Parametrlar!$E$4),Kirish!$B$26/12*IF(H$4>Kirish!$B$30,2,1)+IF(H$4>Kirish!$B$30,Kirish!$B$31*SUM($D16:G16)/12,0),0) -> 500 | I17: =IF(AND(I$4>=1,I$4<=Parametrlar!$E$4),Kirish!$B$26/12*IF(I$4>Kirish!$B$30,2,1)+IF(I$4>Kirish!$B$30,Kirish!$B$31*SUM($D16:H16)/12,0),0) -> 500 | J17: =IF(AND(J$4>=1,J$4<=Parametrlar!$E$4),Kirish!$B$26/12*IF(J$4>Kirish!$B$30,2,1)+IF(J$4>Kirish!$B$30,Kirish!$B$31*SUM($D16:I16)/12,0),0) -> 500 | K17: =IF(AND(K$4>=1,K$4<=Parametrlar!$E$4),Kirish!$B$26/12*IF(K$4>Kirish!$B$30,2,1)+IF(K$4>Kirish!$B$30,Kirish!$B$31*SUM($D16:J16)/12,0),0) -> 500 | L17: =IF(AND(L$4>=1,L$4<=Parametrlar!$E$4),Kirish!$B$26/12*IF(L$4>Kirish!$B$30,2,1)+IF(L$4>Kirish!$B$30,Kirish!$B$31*SUM($D16:K16)/12,0),0) -> 500 | ... FP17: =IF(AND(FP$4>=1,FP$4<=Parametrlar!$E$4),Kirish!$B$26/12*IF(FP$4>Kirish!$B$30,2,1)+IF(FP$4>Kirish!$B$30,Kirish!$B$31*SUM($D16:FO16)/12,0),0) -> 0
A18: Ijaradagi maydonni tayyorlash, $ | C18: =SUM(D18:FP18) -> 386310 | D18: =IF(AND(D$4>Parametrlar!$E$4-Parametrlar!$E$19,D$4<=Parametrlar!$E$4),Parametrlar!$E$18/Parametrlar!$E$19,0) -> 0 | E18: =IF(AND(E$4>Parametrlar!$E$4-Parametrlar!$E$19,E$4<=Parametrlar!$E$4),Parametrlar!$E$18/Parametrlar!$E$19,0) -> 0 | F18: =IF(AND(F$4>Parametrlar!$E$4-Parametrlar!$E$19,F$4<=Parametrlar!$E$4),Parametrlar!$E$18/Parametrlar!$E$19,0) -> 0 | G18: =IF(AND(G$4>Parametrlar!$E$4-Parametrlar!$E$19,G$4<=Parametrlar!$E$4),Parametrlar!$E$18/Parametrlar!$E$19,0) -> 0 | H18: =IF(AND(H$4>Parametrlar!$E$4-Parametrlar!$E$19,H$4<=Parametrlar!$E$4),Parametrlar!$E$18/Parametrlar!$E$19,0) -> 0 | I18: =IF(AND(I$4>Parametrlar!$E$4-Parametrlar!$E$19,I$4<=Parametrlar!$E$4),Parametrlar!$E$18/Parametrlar!$E$19,0) -> 0 | J18: =IF(AND(J$4>Parametrlar!$E$4-Parametrlar!$E$19,J$4<=Parametrlar!$E$4),Parametrlar!$E$18/Parametrlar!$E$19,0) -> 0 | K18: =IF(AND(K$4>Parametrlar!$E$4-Parametrlar!$E$19,K$4<=Parametrlar!$E$4),Parametrlar!$E$18/Parametrlar!$E$19,0) -> 0 | ... FP18: =IF(AND(FP$4>Parametrlar!$E$4-Parametrlar!$E$19,FP$4<=Parametrlar!$E$4),Parametrlar!$E$18/Parametrlar!$E$19,0) -> 0
A19: Yer / sarflangan mablag', $ | C19: =SUM(D19:FP19) -> 800000 | D19: =IF(AND(D$4=0,Kirish!$B$11=1),Kirish!$B$10,0) -> 800000 | E19: =IF(AND(E$4=0,Kirish!$B$11=1),Kirish!$B$10,0) -> 0 | F19: =IF(AND(F$4=0,Kirish!$B$11=1),Kirish!$B$10,0) -> 0 | G19: =IF(AND(G$4=0,Kirish!$B$11=1),Kirish!$B$10,0) -> 0 | H19: =IF(AND(H$4=0,Kirish!$B$11=1),Kirish!$B$10,0) -> 0 | I19: =IF(AND(I$4=0,Kirish!$B$11=1),Kirish!$B$10,0) -> 0 | J19: =IF(AND(J$4=0,Kirish!$B$11=1),Kirish!$B$10,0) -> 0 | K19: =IF(AND(K$4=0,Kirish!$B$11=1),Kirish!$B$10,0) -> 0 | ... FP19: =IF(AND(FP$4=0,Kirish!$B$11=1),Kirish!$B$10,0) -> 0
A20: Ekspluatatsiya oyi | D20: =D$4-Parametrlar!$E$4 -> -27 | E20: =E$4-Parametrlar!$E$4 -> -26 | F20: =F$4-Parametrlar!$E$4 -> -25 | G20: =G$4-Parametrlar!$E$4 -> -24 | H20: =H$4-Parametrlar!$E$4 -> -23 | I20: =I$4-Parametrlar!$E$4 -> -22 | J20: =J$4-Parametrlar!$E$4 -> -21 | K20: =K$4-Parametrlar!$E$4 -> -20 | ... FP20: =FP$4-Parametrlar!$E$4 -> 141
A21: Ijara faol (1/0) | D21: =IF(AND(D20>=1,D$4<=Parametrlar!$E$8,Parametrlar!$E$12>0),1,0) -> 0 | E21: =IF(AND(E20>=1,E$4<=Parametrlar!$E$8,Parametrlar!$E$12>0),1,0) -> 0 | F21: =IF(AND(F20>=1,F$4<=Parametrlar!$E$8,Parametrlar!$E$12>0),1,0) -> 0 | G21: =IF(AND(G20>=1,G$4<=Parametrlar!$E$8,Parametrlar!$E$12>0),1,0) -> 0 | H21: =IF(AND(H20>=1,H$4<=Parametrlar!$E$8,Parametrlar!$E$12>0),1,0) -> 0 | I21: =IF(AND(I20>=1,I$4<=Parametrlar!$E$8,Parametrlar!$E$12>0),1,0) -> 0 | J21: =IF(AND(J20>=1,J$4<=Parametrlar!$E$8,Parametrlar!$E$12>0),1,0) -> 0 | K21: =IF(AND(K20>=1,K$4<=Parametrlar!$E$8,Parametrlar!$E$12>0),1,0) -> 0 | ... FP21: =IF(AND(FP20>=1,FP$4<=Parametrlar!$E$8,Parametrlar!$E$12>0),1,0) -> 0
A22: Bandlik | D22: =IF(D21=1,MIN(Kirish!$B$50,Kirish!$B$19+(Kirish!$B$50-Kirish!$B$19)*IF(Kirish!$B$51>0,MIN(1,(D20-1)/Kirish!$B$51),1)),0) -> 0 | E22: =IF(E21=1,MIN(Kirish!$B$50,Kirish!$B$19+(Kirish!$B$50-Kirish!$B$19)*IF(Kirish!$B$51>0,MIN(1,(E20-1)/Kirish!$B$51),1)),0) -> 0 | F22: =IF(F21=1,MIN(Kirish!$B$50,Kirish!$B$19+(Kirish!$B$50-Kirish!$B$19)*IF(Kirish!$B$51>0,MIN(1,(F20-1)/Kirish!$B$51),1)),0) -> 0 | G22: =IF(G21=1,MIN(Kirish!$B$50,Kirish!$B$19+(Kirish!$B$50-Kirish!$B$19)*IF(Kirish!$B$51>0,MIN(1,(G20-1)/Kirish!$B$51),1)),0) -> 0 | H22: =IF(H21=1,MIN(Kirish!$B$50,Kirish!$B$19+(Kirish!$B$50-Kirish!$B$19)*IF(Kirish!$B$51>0,MIN(1,(H20-1)/Kirish!$B$51),1)),0) -> 0 | I22: =IF(I21=1,MIN(Kirish!$B$50,Kirish!$B$19+(Kirish!$B$50-Kirish!$B$19)*IF(Kirish!$B$51>0,MIN(1,(I20-1)/Kirish!$B$51),1)),0) -> 0 | J22: =IF(J21=1,MIN(Kirish!$B$50,Kirish!$B$19+(Kirish!$B$50-Kirish!$B$19)*IF(Kirish!$B$51>0,MIN(1,(J20-1)/Kirish!$B$51),1)),0) -> 0 | K22: =IF(K21=1,MIN(Kirish!$B$50,Kirish!$B$19+(Kirish!$B$50-Kirish!$B$19)*IF(Kirish!$B$51>0,MIN(1,(K20-1)/Kirish!$B$51),1)),0) -> 0 | ... FP22: =IF(FP21=1,MIN(Kirish!$B$50,Kirish!$B$19+(Kirish!$B$50-Kirish!$B$19)*IF(Kirish!$B$51>0,MIN(1,(FP20-1)/Kirish!$B$51),1)),0) -> 0
A23: Indeksatsiya koeffitsiyenti | D23: =IF(D21=1,(1+Kirish!$B$53)^INT((D20-1)/12),1) -> 1 | E23: =IF(E21=1,(1+Kirish!$B$53)^INT((E20-1)/12),1) -> 1 | F23: =IF(F21=1,(1+Kirish!$B$53)^INT((F20-1)/12),1) -> 1 | G23: =IF(G21=1,(1+Kirish!$B$53)^INT((G20-1)/12),1) -> 1 | H23: =IF(H21=1,(1+Kirish!$B$53)^INT((H20-1)/12),1) -> 1 | I23: =IF(I21=1,(1+Kirish!$B$53)^INT((I20-1)/12),1) -> 1 | J23: =IF(J21=1,(1+Kirish!$B$53)^INT((J20-1)/12),1) -> 1 | K23: =IF(K21=1,(1+Kirish!$B$53)^INT((K20-1)/12),1) -> 1 | ... FP23: =IF(FP21=1,(1+Kirish!$B$53)^INT((FP20-1)/12),1) -> 1
A24: Ijara daromadi, $ | C24: =SUM(D24:FP24) -> 3273092.7 | D24: =Parametrlar!$E$16*D22*D23 -> 0 | E24: =Parametrlar!$E$16*E22*E23 -> 0 | F24: =Parametrlar!$E$16*F22*F23 -> 0 | G24: =Parametrlar!$E$16*G22*G23 -> 0 | H24: =Parametrlar!$E$16*H22*H23 -> 0 | I24: =Parametrlar!$E$16*I22*I23 -> 0 | J24: =Parametrlar!$E$16*J22*J23 -> 0 | K24: =Parametrlar!$E$16*K22*K23 -> 0 | ... FP24: =Parametrlar!$E$16*FP22*FP23 -> 0
A25: Avtoturargoh va boshqa, $ | C25: =SUM(D25:FP25) -> 140812.5 | D25: =Kirish!$B$21*Parametrlar!$E$14*D22*D23 -> 0 | E25: =Kirish!$B$21*Parametrlar!$E$14*E22*E23 -> 0 | F25: =Kirish!$B$21*Parametrlar!$E$14*F22*F23 -> 0 | G25: =Kirish!$B$21*Parametrlar!$E$14*G22*G23 -> 0 | H25: =Kirish!$B$21*Parametrlar!$E$14*H22*H23 -> 0 | I25: =Kirish!$B$21*Parametrlar!$E$14*I22*I23 -> 0 | J25: =Kirish!$B$21*Parametrlar!$E$14*J22*J23 -> 0 | K25: =Kirish!$B$21*Parametrlar!$E$14*K22*K23 -> 0 | ... FP25: =Kirish!$B$21*Parametrlar!$E$14*FP22*FP23 -> 0
A26: Samarali yalpi daromad (EGI), $ | C26: =SUM(D26:FP26) -> 3413905.2 | D26: =D24+D25 -> 0 | E26: =E24+E25 -> 0 | F26: =F24+F25 -> 0 | G26: =G24+G25 -> 0 | H26: =H24+H25 -> 0 | I26: =I24+I25 -> 0 | J26: =J24+J25 -> 0 | K26: =K24+K25 -> 0 | ... FP26: =FP24+FP25 -> 0
A27: Ijaraga berish xarajatlari (ta'til + komissiya), $ | C27: =SUM(D27:FP27) -> 111136.97 | D27: =MAX(0,D22-0)*Parametrlar!$E$16*D23*(Kirish!$B$52+12*Kirish!$B$20) -> 0 | E27: =MAX(0,E22-D22)*Parametrlar!$E$16*E23*(Kirish!$B$52+12*Kirish!$B$20) -> 0 | F27: =MAX(0,F22-E22)*Parametrlar!$E$16*F23*(Kirish!$B$52+12*Kirish!$B$20) -> 0 | G27: =MAX(0,G22-F22)*Parametrlar!$E$16*G23*(Kirish!$B$52+12*Kirish!$B$20) -> 0 | H27: =MAX(0,H22-G22)*Parametrlar!$E$16*H23*(Kirish!$B$52+12*Kirish!$B$20) -> 0 | I27: =MAX(0,I22-H22)*Parametrlar!$E$16*I23*(Kirish!$B$52+12*Kirish!$B$20) -> 0 | J27: =MAX(0,J22-I22)*Parametrlar!$E$16*J23*(Kirish!$B$52+12*Kirish!$B$20) -> 0 | K27: =MAX(0,K22-J22)*Parametrlar!$E$16*K23*(Kirish!$B$52+12*Kirish!$B$20) -> 0 | L27: =MAX(0,L22-K22)*Parametrlar!$E$16*L23*(Kirish!$B$52+12*Kirish!$B$20) -> 0 | ... FP27: =MAX(0,FP22-FO22)*Parametrlar!$E$16*FP23*(Kirish!$B$52+12*Kirish!$B$20) -> 0
A28: Doimiy xarajatlar (OPEX, mol-mulk va yer solig'i, sug'urta), $ | C28: =SUM(D28:FP28) -> 2164170 | D28: =IF(D21=1,Kirish!$B$55*Parametrlar!$E$12*D23+Parametrlar!$E$23*(Kirish!$B$24+Kirish!$B$25)/12+Kirish!$B$26/12*Parametrlar!$E$14,0) -> 0 | E28: =IF(E21=1,Kirish!$B$55*Parametrlar!$E$12*E23+Parametrlar!$E$23*(Kirish!$B$24+Kirish!$B$25)/12+Kirish!$B$26/12*Parametrlar!$E$14,0) -> 0 | F28: =IF(F21=1,Kirish!$B$55*Parametrlar!$E$12*F23+Parametrlar!$E$23*(Kirish!$B$24+Kirish!$B$25)/12+Kirish!$B$26/12*Parametrlar!$E$14,0) -> 0 | G28: =IF(G21=1,Kirish!$B$55*Parametrlar!$E$12*G23+Parametrlar!$E$23*(Kirish!$B$24+Kirish!$B$25)/12+Kirish!$B$26/12*Parametrlar!$E$14,0) -> 0 | H28: =IF(H21=1,Kirish!$B$55*Parametrlar!$E$12*H23+Parametrlar!$E$23*(Kirish!$B$24+Kirish!$B$25)/12+Kirish!$B$26/12*Parametrlar!$E$14,0) -> 0 | I28: =IF(I21=1,Kirish!$B$55*Parametrlar!$E$12*I23+Parametrlar!$E$23*(Kirish!$B$24+Kirish!$B$25)/12+Kirish!$B$26/12*Parametrlar!$E$14,0) -> 0 | J28: =IF(J21=1,Kirish!$B$55*Parametrlar!$E$12*J23+Parametrlar!$E$23*(Kirish!$B$24+Kirish!$B$25)/12+Kirish!$B$26/12*Parametrlar!$E$14,0) -> 0 | K28: =IF(K21=1,Kirish!$B$55*Parametrlar!$E$12*K23+Parametrlar!$E$23*(Kirish!$B$24+Kirish!$B$25)/12+Kirish!$B$26/12*Parametrlar!$E$14,0) -> 0 | ... FP28: =IF(FP21=1,Kirish!$B$55*Parametrlar!$E$12*FP23+Parametrlar!$E$23*(Kirish!$B$24+Kirish!$B$25)/12+Kirish!$B$26/12*Parametrlar!$E$14,0) -> 0
A29: Boshqaruv va zaxira, $ | C29: =SUM(D29:FP29) -> 170695.26 | D29: =D26*(Kirish!$B$22+Kirish!$B$23) -> 0 | E29: =E26*(Kirish!$B$22+Kirish!$B$23) -> 0 | F29: =F26*(Kirish!$B$22+Kirish!$B$23) -> 0 | G29: =G26*(Kirish!$B$22+Kirish!$B$23) -> 0 | H29: =H26*(Kirish!$B$22+Kirish!$B$23) -> 0 | I29: =I26*(Kirish!$B$22+Kirish!$B$23) -> 0 | J29: =J26*(Kirish!$B$22+Kirish!$B$23) -> 0 | K29: =K26*(Kirish!$B$22+Kirish!$B$23) -> 0 | ... FP29: =FP26*(Kirish!$B$22+Kirish!$B$23) -> 0
A30: Sof operatsion daromad (NOI), $ | C30: =SUM(D30:FP30) -> 967902.96 | D30: =D26-D27-D28-D29 -> 0 | E30: =E26-E27-E28-E29 -> 0 | F30: =F26-F27-F28-F29 -> 0 | G30: =G26-G27-G28-G29 -> 0 | H30: =H26-H27-H28-H29 -> 0 | I30: =I26-I27-I28-I29 -> 0 | J30: =J26-J27-J28-J29 -> 0 | K30: =K26-K27-K28-K29 -> 0 | ... FP30: =FP26-FP27-FP28-FP29 -> 0
A31: Amortizatsiya (soliq uchun), $ | C31: =SUM(D31:FP31) -> 2131956.5 | D31: =IF(D21=1,Parametrlar!$E$24*Kirish!$B$27/12,0) -> 0 | E31: =IF(E21=1,Parametrlar!$E$24*Kirish!$B$27/12,0) -> 0 | F31: =IF(F21=1,Parametrlar!$E$24*Kirish!$B$27/12,0) -> 0 | G31: =IF(G21=1,Parametrlar!$E$24*Kirish!$B$27/12,0) -> 0 | H31: =IF(H21=1,Parametrlar!$E$24*Kirish!$B$27/12,0) -> 0 | I31: =IF(I21=1,Parametrlar!$E$24*Kirish!$B$27/12,0) -> 0 | J31: =IF(J21=1,Parametrlar!$E$24*Kirish!$B$27/12,0) -> 0 | K31: =IF(K21=1,Parametrlar!$E$24*Kirish!$B$27/12,0) -> 0 | ... FP31: =IF(FP21=1,Parametrlar!$E$24*Kirish!$B$27/12,0) -> 0
A32: Ijaradan foyda solig'i, $ | C32: =SUM(D32:FP32) -> 0 | D32: =MAX(0,D30-D31)*Kirish!$B$28 -> 0 | E32: =MAX(0,E30-E31)*Kirish!$B$28 -> 0 | F32: =MAX(0,F30-F31)*Kirish!$B$28 -> 0 | G32: =MAX(0,G30-G31)*Kirish!$B$28 -> 0 | H32: =MAX(0,H30-H31)*Kirish!$B$28 -> 0 | I32: =MAX(0,I30-I31)*Kirish!$B$28 -> 0 | J32: =MAX(0,J30-J31)*Kirish!$B$28 -> 0 | K32: =MAX(0,K30-K31)*Kirish!$B$28 -> 0 | ... FP32: =MAX(0,FP30-FP31)*Kirish!$B$28 -> 0
A33: Ijaradan sof oqim, $ | C33: =SUM(D33:FP33) -> 967902.96 | D33: =D30-D32 -> 0 | E33: =E30-E32 -> 0 | F33: =F30-F32 -> 0 | G33: =G30-G32 -> 0 | H33: =H30-H32 -> 0 | I33: =I30-I32 -> 0 | J33: =J30-J32 -> 0 | K33: =K30-K32 -> 0 | ... FP33: =FP30-FP32 -> 0
A34: Terminal qiymat: yalpi daromad ÷ yalpi daromadlilik, sotuv xarajatlaridan keyin, $ | D34: =IF(AND(D21=1,D$4=Parametrlar!$E$8),D26*12*(1+Kirish!$B$53)/Kirish!$B$54*(1-Kirish!$B$29),0) -> 0 | E34: =IF(AND(E21=1,E$4=Parametrlar!$E$8),E26*12*(1+Kirish!$B$53)/Kirish!$B$54*(1-Kirish!$B$29),0) -> 0 | F34: =IF(AND(F21=1,F$4=Parametrlar!$E$8),F26*12*(1+Kirish!$B$53)/Kirish!$B$54*(1-Kirish!$B$29),0) -> 0 | G34: =IF(AND(G21=1,G$4=Parametrlar!$E$8),G26*12*(1+Kirish!$B$53)/Kirish!$B$54*(1-Kirish!$B$29),0) -> 0 | H34: =IF(AND(H21=1,H$4=Parametrlar!$E$8),H26*12*(1+Kirish!$B$53)/Kirish!$B$54*(1-Kirish!$B$29),0) -> 0 | I34: =IF(AND(I21=1,I$4=Parametrlar!$E$8),I26*12*(1+Kirish!$B$53)/Kirish!$B$54*(1-Kirish!$B$29),0) -> 0 | J34: =IF(AND(J21=1,J$4=Parametrlar!$E$8),J26*12*(1+Kirish!$B$53)/Kirish!$B$54*(1-Kirish!$B$29),0) -> 0 | K34: =IF(AND(K21=1,K$4=Parametrlar!$E$8),K26*12*(1+Kirish!$B$53)/Kirish!$B$54*(1-Kirish!$B$29),0) -> 0 | ... FP34: =IF(AND(FP21=1,FP$4=Parametrlar!$E$8),FP26*12*(1+Kirish!$B$53)/Kirish!$B$54*(1-Kirish!$B$29),0) -> 0
A35: Terminal qiymat (soliqdan keyin), $ | C35: =SUM(D35:FP35) -> 3007862.1 | D35: =IF(AND(D21=1,D$4=Parametrlar!$E$8),D34-MAX(0,D34-(Parametrlar!$E$23-SUM($D31:D31)))*Kirish!$B$28,0) -> 0 | E35: =IF(AND(E21=1,E$4=Parametrlar!$E$8),E34-MAX(0,E34-(Parametrlar!$E$23-SUM($D31:E31)))*Kirish!$B$28,0) -> 0 | F35: =IF(AND(F21=1,F$4=Parametrlar!$E$8),F34-MAX(0,F34-(Parametrlar!$E$23-SUM($D31:F31)))*Kirish!$B$28,0) -> 0 | G35: =IF(AND(G21=1,G$4=Parametrlar!$E$8),G34-MAX(0,G34-(Parametrlar!$E$23-SUM($D31:G31)))*Kirish!$B$28,0) -> 0 | H35: =IF(AND(H21=1,H$4=Parametrlar!$E$8),H34-MAX(0,H34-(Parametrlar!$E$23-SUM($D31:H31)))*Kirish!$B$28,0) -> 0 | I35: =IF(AND(I21=1,I$4=Parametrlar!$E$8),I34-MAX(0,I34-(Parametrlar!$E$23-SUM($D31:I31)))*Kirish!$B$28,0) -> 0 | J35: =IF(AND(J21=1,J$4=Parametrlar!$E$8),J34-MAX(0,J34-(Parametrlar!$E$23-SUM($D31:J31)))*Kirish!$B$28,0) -> 0 | K35: =IF(AND(K21=1,K$4=Parametrlar!$E$8),K34-MAX(0,K34-(Parametrlar!$E$23-SUM($D31:K31)))*Kirish!$B$28,0) -> 0 | ... FP35: =IF(AND(FP21=1,FP$4=Parametrlar!$E$8),FP34-MAX(0,FP34-(Parametrlar!$E$23-SUM($D31:FP31)))*Kirish!$B$28,0) -> 0
A36: SOF PUL OQIMI, $ | C36: =SUM(D36:FP36) -> -1129987.9 | D36: =-D19-D16-D17-D18+D13-D14-D15+D33+D35 -> -800000 | E36: =-E19-E16-E17-E18+E13-E14-E15+E33+E35 -> -138096.09 | F36: =-F19-F16-F17-F18+F13-F14-F15+F33+F35 -> -138546.54 | G36: =-G19-G16-G17-G18+G13-G14-G15+G33+G35 -> -138998.47 | H36: =-H19-H16-H17-H18+H13-H14-H15+H33+H35 -> -139451.88 | I36: =-I19-I16-I17-I18+I13-I14-I15+I33+I35 -> -139906.77 | J36: =-J19-J16-J17-J18+J13-J14-J15+J33+J35 -> -140363.15 | K36: =-K19-K16-K17-K18+K13-K14-K15+K33+K35 -> -140821.03 | ... FP36: =-FP19-FP16-FP17-FP18+FP13-FP14-FP15+FP33+FP35 -> 0
A37: Kumulyativ pul oqimi, $ | D37: =D36 -> -800000 | E37: =D37+E36 -> -938096.09 | F37: =E37+F36 -> -1076642.6 | G37: =F37+G36 -> -1215641.1 | H37: =G37+H36 -> -1355093 | I37: =H37+I36 -> -1494999.7 | J37: =I37+J36 -> -1635362.9 | K37: =J37+K36 -> -1776183.9 | L37: =K37+L36 -> -1917464.3 | ... FP37: =FO37+FP36 -> -1129987.9
A38: Diskontlangan oqim, $ | C38: =SUM(D38:FP38) -> -3501490.9 | D38: =D36/(1+Kirish!$B$32)^(D$4/12) -> -800000 | E38: =E36/(1+Kirish!$B$32)^(E$4/12) -> -136696.74 | F38: =F36/(1+Kirish!$B$32)^(F$4/12) -> -135752.95 | G38: =G36/(1+Kirish!$B$32)^(G$4/12) -> -134815.68 | H38: =H36/(1+Kirish!$B$32)^(H$4/12) -> -133884.88 | I38: =I36/(1+Kirish!$B$32)^(I$4/12) -> -132960.52 | J38: =J36/(1+Kirish!$B$32)^(J$4/12) -> -132042.54 | K38: =K36/(1+Kirish!$B$32)^(K$4/12) -> -131130.91 | ... FP38: =FP36/(1+Kirish!$B$32)^(FP$4/12) -> 0
A39: Yordamchi: kumulyativ manfiy bo'lgan oy | D39: =IF(D37<-0.000001,D$4,-1) -> 0 | E39: =IF(E37<-0.000001,E$4,-1) -> 1 | F39: =IF(F37<-0.000001,F$4,-1) -> 2 | G39: =IF(G37<-0.000001,G$4,-1) -> 3 | H39: =IF(H37<-0.000001,H$4,-1) -> 4 | I39: =IF(I37<-0.000001,I$4,-1) -> 5 | J39: =IF(J37<-0.000001,J$4,-1) -> 6 | K39: =IF(K37<-0.000001,K$4,-1) -> 7 | ... FP39: =IF(FP37<-0.000001,FP$4,-1) -> 168
A41: Ssenariy: Bazaviy
A42: Narx koeffitsiyenti | D42: =IF(D$4<=Parametrlar!$F$4,1+Kirish!$C$44*D$4/Parametrlar!$F$4,(1+Kirish!$C$44)*(1+Kirish!$C$45)^((D$4-Parametrlar!$F$4)/12)) -> 1 | E42: =IF(E$4<=Parametrlar!$F$4,1+Kirish!$C$44*E$4/Parametrlar!$F$4,(1+Kirish!$C$44)*(1+Kirish!$C$45)^((E$4-Parametrlar!$F$4)/12)) -> 1.009 | F42: =IF(F$4<=Parametrlar!$F$4,1+Kirish!$C$44*F$4/Parametrlar!$F$4,(1+Kirish!$C$44)*(1+Kirish!$C$45)^((F$4-Parametrlar!$F$4)/12)) -> 1.018 | G42: =IF(G$4<=Parametrlar!$F$4,1+Kirish!$C$44*G$4/Parametrlar!$F$4,(1+Kirish!$C$44)*(1+Kirish!$C$45)^((G$4-Parametrlar!$F$4)/12)) -> 1.027 | H42: =IF(H$4<=Parametrlar!$F$4,1+Kirish!$C$44*H$4/Parametrlar!$F$4,(1+Kirish!$C$44)*(1+Kirish!$C$45)^((H$4-Parametrlar!$F$4)/12)) -> 1.036 | I42: =IF(I$4<=Parametrlar!$F$4,1+Kirish!$C$44*I$4/Parametrlar!$F$4,(1+Kirish!$C$44)*(1+Kirish!$C$45)^((I$4-Parametrlar!$F$4)/12)) -> 1.045 | J42: =IF(J$4<=Parametrlar!$F$4,1+Kirish!$C$44*J$4/Parametrlar!$F$4,(1+Kirish!$C$44)*(1+Kirish!$C$45)^((J$4-Parametrlar!$F$4)/12)) -> 1.054 | K42: =IF(K$4<=Parametrlar!$F$4,1+Kirish!$C$44*K$4/Parametrlar!$F$4,(1+Kirish!$C$44)*(1+Kirish!$C$45)^((K$4-Parametrlar!$F$4)/12)) -> 1.063 | ... FP42: =IF(FP$4<=Parametrlar!$F$4,1+Kirish!$C$44*FP$4/Parametrlar!$F$4,(1+Kirish!$C$44)*(1+Kirish!$C$45)^((FP$4-Parametrlar!$F$4)/12)) -> 1.5064364
A43: Oyda sotilgan ulush | D43: =IF(AND(D$4>=Parametrlar!$F$7,D$4<Parametrlar!$F$7+Parametrlar!$F$5),1/Parametrlar!$F$5,0) -> 0 | E43: =IF(AND(E$4>=Parametrlar!$F$7,E$4<Parametrlar!$F$7+Parametrlar!$F$5),1/Parametrlar!$F$5,0) -> 0.05 | F43: =IF(AND(F$4>=Parametrlar!$F$7,F$4<Parametrlar!$F$7+Parametrlar!$F$5),1/Parametrlar!$F$5,0) -> 0.05 | G43: =IF(AND(G$4>=Parametrlar!$F$7,G$4<Parametrlar!$F$7+Parametrlar!$F$5),1/Parametrlar!$F$5,0) -> 0.05 | H43: =IF(AND(H$4>=Parametrlar!$F$7,H$4<Parametrlar!$F$7+Parametrlar!$F$5),1/Parametrlar!$F$5,0) -> 0.05 | I43: =IF(AND(I$4>=Parametrlar!$F$7,I$4<Parametrlar!$F$7+Parametrlar!$F$5),1/Parametrlar!$F$5,0) -> 0.05 | J43: =IF(AND(J$4>=Parametrlar!$F$7,J$4<Parametrlar!$F$7+Parametrlar!$F$5),1/Parametrlar!$F$5,0) -> 0.05 | K43: =IF(AND(K$4>=Parametrlar!$F$7,K$4<Parametrlar!$F$7+Parametrlar!$F$5),1/Parametrlar!$F$5,0) -> 0.05 | ... FP43: =IF(AND(FP$4>=Parametrlar!$F$7,FP$4<Parametrlar!$F$7+Parametrlar!$F$5),1/Parametrlar!$F$5,0) -> 0
A44: Tuzilgan shartnomalar, $ | C44: =SUM(D44:FP44) -> 0 | D44: =D43*Parametrlar!$F$15*D42 -> 0 | E44: =E43*Parametrlar!$F$15*E42 -> 0 | F44: =F43*Parametrlar!$F$15*F42 -> 0 | G44: =G43*Parametrlar!$F$15*G42 -> 0 | H44: =H43*Parametrlar!$F$15*H42 -> 0 | I44: =I43*Parametrlar!$F$15*I42 -> 0 | J44: =J43*Parametrlar!$F$15*J42 -> 0 | K44: =K43*Parametrlar!$F$15*K42 -> 0 | ... FP44: =FP43*Parametrlar!$F$15*FP42 -> 0
A45: Shartnomalar (kumulyativ), $ | D45: =D44 -> 0 | E45: =D45+E44 -> 0 | F45: =E45+F44 -> 0 | G45: =F45+G44 -> 0 | H45: =G45+H44 -> 0 | I45: =H45+I44 -> 0 | J45: =I45+J44 -> 0 | K45: =J45+K44 -> 0 | L45: =K45+L44 -> 0 | ... FP45: =FO45+FP44 -> 0
A46: Sotuvdan tushum (to'lov jadvali bo'yicha), $ | C46: =SUM(D46:FP46) -> 0 | D46: =Parametrlar!$F$9*D44 -> 0 | E46: =Parametrlar!$F$9*E44+IF(Parametrlar!$F$6>0,(1-Parametrlar!$F$9)/MAX(1,Parametrlar!$F$6)*(D45-IF(E$4-1-Parametrlar!$F$6>=0,INDEX($D$45:$FP$45,1,E$4-Parametrlar!$F$6),0)),0) -> 0 | F46: =Parametrlar!$F$9*F44+IF(Parametrlar!$F$6>0,(1-Parametrlar!$F$9)/MAX(1,Parametrlar!$F$6)*(E45-IF(F$4-1-Parametrlar!$F$6>=0,INDEX($D$45:$FP$45,1,F$4-Parametrlar!$F$6),0)),0) -> 0 | G46: =Parametrlar!$F$9*G44+IF(Parametrlar!$F$6>0,(1-Parametrlar!$F$9)/MAX(1,Parametrlar!$F$6)*(F45-IF(G$4-1-Parametrlar!$F$6>=0,INDEX($D$45:$FP$45,1,G$4-Parametrlar!$F$6),0)),0) -> 0 | H46: =Parametrlar!$F$9*H44+IF(Parametrlar!$F$6>0,(1-Parametrlar!$F$9)/MAX(1,Parametrlar!$F$6)*(G45-IF(H$4-1-Parametrlar!$F$6>=0,INDEX($D$45:$FP$45,1,H$4-Parametrlar!$F$6),0)),0) -> 0 | I46: =Parametrlar!$F$9*I44+IF(Parametrlar!$F$6>0,(1-Parametrlar!$F$9)/MAX(1,Parametrlar!$F$6)*(H45-IF(I$4-1-Parametrlar!$F$6>=0,INDEX($D$45:$FP$45,1,I$4-Parametrlar!$F$6),0)),0) -> 0 | J46: =Parametrlar!$F$9*J44+IF(Parametrlar!$F$6>0,(1-Parametrlar!$F$9)/MAX(1,Parametrlar!$F$6)*(I45-IF(J$4-1-Parametrlar!$F$6>=0,INDEX($D$45:$FP$45,1,J$4-Parametrlar!$F$6),0)),0) -> 0 | K46: =Parametrlar!$F$9*K44+IF(Parametrlar!$F$6>0,(1-Parametrlar!$F$9)/MAX(1,Parametrlar!$F$6)*(J45-IF(K$4-1-Parametrlar!$F$6>=0,INDEX($D$45:$FP$45,1,K$4-Parametrlar!$F$6),0)),0) -> 0 | L46: =Parametrlar!$F$9*L44+IF(Parametrlar!$F$6>0,(1-Parametrlar!$F$9)/MAX(1,Parametrlar!$F$6)*(K45-IF(L$4-1-Parametrlar!$F$6>=0,INDEX($D$45:$FP$45,1,L$4-Parametrlar!$F$6),0)),0) -> 0 | ... FP46: =Parametrlar!$F$9*FP44+IF(Parametrlar!$F$6>0,(1-Parametrlar!$F$9)/MAX(1,Parametrlar!$F$6)*(FO45-IF(FP$4-1-Parametrlar!$F$6>=0,INDEX($D$45:$FP$45,1,FP$4-Parametrlar!$F$6),0)),0) -> 0
A47: Komissiya va marketing, $ | C47: =SUM(D47:FP47) -> 0 | D47: =D44*(Kirish!$B$17+Kirish!$B$18) -> 0 | E47: =E44*(Kirish!$B$17+Kirish!$B$18) -> 0 | F47: =F44*(Kirish!$B$17+Kirish!$B$18) -> 0 | G47: =G44*(Kirish!$B$17+Kirish!$B$18) -> 0 | H47: =H44*(Kirish!$B$17+Kirish!$B$18) -> 0 | I47: =I44*(Kirish!$B$17+Kirish!$B$18) -> 0 | J47: =J44*(Kirish!$B$17+Kirish!$B$18) -> 0 | K47: =K44*(Kirish!$B$17+Kirish!$B$18) -> 0 | ... FP47: =FP44*(Kirish!$B$17+Kirish!$B$18) -> 0
A48: Sotuvdan foyda solig'i, $ | C48: =SUM(D48:FP48) -> 0 | D48: =MAX(0,Parametrlar!$F$26)*D46*Kirish!$B$28 -> 0 | E48: =MAX(0,Parametrlar!$F$26)*E46*Kirish!$B$28 -> 0 | F48: =MAX(0,Parametrlar!$F$26)*F46*Kirish!$B$28 -> 0 | G48: =MAX(0,Parametrlar!$F$26)*G46*Kirish!$B$28 -> 0 | H48: =MAX(0,Parametrlar!$F$26)*H46*Kirish!$B$28 -> 0 | I48: =MAX(0,Parametrlar!$F$26)*I46*Kirish!$B$28 -> 0 | J48: =MAX(0,Parametrlar!$F$26)*J46*Kirish!$B$28 -> 0 | K48: =MAX(0,Parametrlar!$F$26)*K46*Kirish!$B$28 -> 0 | ... FP48: =MAX(0,Parametrlar!$F$26)*FP46*Kirish!$B$28 -> 0
A49: Qurilish xarajati (indeksatsiya bilan), $ | C49: =SUM(D49:FP49) -> 3140478.8 | D49: =IF(AND(D$4>=1,D$4<=Parametrlar!$F$4),Parametrlar!$F$17/Parametrlar!$F$4*(1+Kirish!$C$38)^((D$4-1)/12),0) -> 0 | E49: =IF(AND(E$4>=1,E$4<=Parametrlar!$F$4),Parametrlar!$F$17/Parametrlar!$F$4*(1+Kirish!$C$38)^((E$4-1)/12),0) -> 154574.46 | F49: =IF(AND(F$4>=1,F$4<=Parametrlar!$F$4),Parametrlar!$F$17/Parametrlar!$F$4*(1+Kirish!$C$38)^((F$4-1)/12),0) -> 154829.75 | G49: =IF(AND(G$4>=1,G$4<=Parametrlar!$F$4),Parametrlar!$F$17/Parametrlar!$F$4*(1+Kirish!$C$38)^((G$4-1)/12),0) -> 155085.47 | H49: =IF(AND(H$4>=1,H$4<=Parametrlar!$F$4),Parametrlar!$F$17/Parametrlar!$F$4*(1+Kirish!$C$38)^((H$4-1)/12),0) -> 155341.6 | I49: =IF(AND(I$4>=1,I$4<=Parametrlar!$F$4),Parametrlar!$F$17/Parametrlar!$F$4*(1+Kirish!$C$38)^((I$4-1)/12),0) -> 155598.16 | J49: =IF(AND(J$4>=1,J$4<=Parametrlar!$F$4),Parametrlar!$F$17/Parametrlar!$F$4*(1+Kirish!$C$38)^((J$4-1)/12),0) -> 155855.14 | K49: =IF(AND(K$4>=1,K$4<=Parametrlar!$F$4),Parametrlar!$F$17/Parametrlar!$F$4*(1+Kirish!$C$38)^((K$4-1)/12),0) -> 156112.55 | ... FP49: =IF(AND(FP$4>=1,FP$4<=Parametrlar!$F$4),Parametrlar!$F$17/Parametrlar!$F$4*(1+Kirish!$C$38)^((FP$4-1)/12),0) -> 0
A50: Qurilish davridagi soliqlar (yer; muddatdan keyin 2x yer + 3% mol-mulk), $ | C50: =SUM(D50:FP50) -> 10000 | D50: =0 -> 0 | E50: =IF(AND(E$4>=1,E$4<=Parametrlar!$F$4),Kirish!$B$26/12*IF(E$4>Kirish!$B$30,2,1)+IF(E$4>Kirish!$B$30,Kirish!$B$31*SUM($D49:D49)/12,0),0) -> 500 | F50: =IF(AND(F$4>=1,F$4<=Parametrlar!$F$4),Kirish!$B$26/12*IF(F$4>Kirish!$B$30,2,1)+IF(F$4>Kirish!$B$30,Kirish!$B$31*SUM($D49:E49)/12,0),0) -> 500 | G50: =IF(AND(G$4>=1,G$4<=Parametrlar!$F$4),Kirish!$B$26/12*IF(G$4>Kirish!$B$30,2,1)+IF(G$4>Kirish!$B$30,Kirish!$B$31*SUM($D49:F49)/12,0),0) -> 500 | H50: =IF(AND(H$4>=1,H$4<=Parametrlar!$F$4),Kirish!$B$26/12*IF(H$4>Kirish!$B$30,2,1)+IF(H$4>Kirish!$B$30,Kirish!$B$31*SUM($D49:G49)/12,0),0) -> 500 | I50: =IF(AND(I$4>=1,I$4<=Parametrlar!$F$4),Kirish!$B$26/12*IF(I$4>Kirish!$B$30,2,1)+IF(I$4>Kirish!$B$30,Kirish!$B$31*SUM($D49:H49)/12,0),0) -> 500 | J50: =IF(AND(J$4>=1,J$4<=Parametrlar!$F$4),Kirish!$B$26/12*IF(J$4>Kirish!$B$30,2,1)+IF(J$4>Kirish!$B$30,Kirish!$B$31*SUM($D49:I49)/12,0),0) -> 500 | K50: =IF(AND(K$4>=1,K$4<=Parametrlar!$F$4),Kirish!$B$26/12*IF(K$4>Kirish!$B$30,2,1)+IF(K$4>Kirish!$B$30,Kirish!$B$31*SUM($D49:J49)/12,0),0) -> 500 | L50: =IF(AND(L$4>=1,L$4<=Parametrlar!$F$4),Kirish!$B$26/12*IF(L$4>Kirish!$B$30,2,1)+IF(L$4>Kirish!$B$30,Kirish!$B$31*SUM($D49:K49)/12,0),0) -> 500 | ... FP50: =IF(AND(FP$4>=1,FP$4<=Parametrlar!$F$4),Kirish!$B$26/12*IF(FP$4>Kirish!$B$30,2,1)+IF(FP$4>Kirish!$B$30,Kirish!$B$31*SUM($D49:FO49)/12,0),0) -> 0
A51: Ijaradagi maydonni tayyorlash, $ | C51: =SUM(D51:FP51) -> 334802 | D51: =IF(AND(D$4>Parametrlar!$F$4-Parametrlar!$F$19,D$4<=Parametrlar!$F$4),Parametrlar!$F$18/Parametrlar!$F$19,0) -> 0 | E51: =IF(AND(E$4>Parametrlar!$F$4-Parametrlar!$F$19,E$4<=Parametrlar!$F$4),Parametrlar!$F$18/Parametrlar!$F$19,0) -> 0 | F51: =IF(AND(F$4>Parametrlar!$F$4-Parametrlar!$F$19,F$4<=Parametrlar!$F$4),Parametrlar!$F$18/Parametrlar!$F$19,0) -> 0 | G51: =IF(AND(G$4>Parametrlar!$F$4-Parametrlar!$F$19,G$4<=Parametrlar!$F$4),Parametrlar!$F$18/Parametrlar!$F$19,0) -> 0 | H51: =IF(AND(H$4>Parametrlar!$F$4-Parametrlar!$F$19,H$4<=Parametrlar!$F$4),Parametrlar!$F$18/Parametrlar!$F$19,0) -> 0 | I51: =IF(AND(I$4>Parametrlar!$F$4-Parametrlar!$F$19,I$4<=Parametrlar!$F$4),Parametrlar!$F$18/Parametrlar!$F$19,0) -> 0 | J51: =IF(AND(J$4>Parametrlar!$F$4-Parametrlar!$F$19,J$4<=Parametrlar!$F$4),Parametrlar!$F$18/Parametrlar!$F$19,0) -> 0 | K51: =IF(AND(K$4>Parametrlar!$F$4-Parametrlar!$F$19,K$4<=Parametrlar!$F$4),Parametrlar!$F$18/Parametrlar!$F$19,0) -> 0 | ... FP51: =IF(AND(FP$4>Parametrlar!$F$4-Parametrlar!$F$19,FP$4<=Parametrlar!$F$4),Parametrlar!$F$18/Parametrlar!$F$19,0) -> 0
A52: Yer / sarflangan mablag', $ | C52: =SUM(D52:FP52) -> 800000 | D52: =IF(AND(D$4=0,Kirish!$B$11=1),Kirish!$B$10,0) -> 800000 | E52: =IF(AND(E$4=0,Kirish!$B$11=1),Kirish!$B$10,0) -> 0 | F52: =IF(AND(F$4=0,Kirish!$B$11=1),Kirish!$B$10,0) -> 0 | G52: =IF(AND(G$4=0,Kirish!$B$11=1),Kirish!$B$10,0) -> 0 | H52: =IF(AND(H$4=0,Kirish!$B$11=1),Kirish!$B$10,0) -> 0 | I52: =IF(AND(I$4=0,Kirish!$B$11=1),Kirish!$B$10,0) -> 0 | J52: =IF(AND(J$4=0,Kirish!$B$11=1),Kirish!$B$10,0) -> 0 | K52: =IF(AND(K$4=0,Kirish!$B$11=1),Kirish!$B$10,0) -> 0 | ... FP52: =IF(AND(FP$4=0,Kirish!$B$11=1),Kirish!$B$10,0) -> 0
A53: Ekspluatatsiya oyi | D53: =D$4-Parametrlar!$F$4 -> -20 | E53: =E$4-Parametrlar!$F$4 -> -19 | F53: =F$4-Parametrlar!$F$4 -> -18 | G53: =G$4-Parametrlar!$F$4 -> -17 | H53: =H$4-Parametrlar!$F$4 -> -16 | I53: =I$4-Parametrlar!$F$4 -> -15 | J53: =J$4-Parametrlar!$F$4 -> -14 | K53: =K$4-Parametrlar!$F$4 -> -13 | ... FP53: =FP$4-Parametrlar!$F$4 -> 148
A54: Ijara faol (1/0) | D54: =IF(AND(D53>=1,D$4<=Parametrlar!$F$8,Parametrlar!$F$12>0),1,0) -> 0 | E54: =IF(AND(E53>=1,E$4<=Parametrlar!$F$8,Parametrlar!$F$12>0),1,0) -> 0 | F54: =IF(AND(F53>=1,F$4<=Parametrlar!$F$8,Parametrlar!$F$12>0),1,0) -> 0 | G54: =IF(AND(G53>=1,G$4<=Parametrlar!$F$8,Parametrlar!$F$12>0),1,0) -> 0 | H54: =IF(AND(H53>=1,H$4<=Parametrlar!$F$8,Parametrlar!$F$12>0),1,0) -> 0 | I54: =IF(AND(I53>=1,I$4<=Parametrlar!$F$8,Parametrlar!$F$12>0),1,0) -> 0 | J54: =IF(AND(J53>=1,J$4<=Parametrlar!$F$8,Parametrlar!$F$12>0),1,0) -> 0 | K54: =IF(AND(K53>=1,K$4<=Parametrlar!$F$8,Parametrlar!$F$12>0),1,0) -> 0 | ... FP54: =IF(AND(FP53>=1,FP$4<=Parametrlar!$F$8,Parametrlar!$F$12>0),1,0) -> 0
A55: Bandlik | D55: =IF(D54=1,MIN(Kirish!$C$50,Kirish!$B$19+(Kirish!$C$50-Kirish!$B$19)*IF(Kirish!$C$51>0,MIN(1,(D53-1)/Kirish!$C$51),1)),0) -> 0 | E55: =IF(E54=1,MIN(Kirish!$C$50,Kirish!$B$19+(Kirish!$C$50-Kirish!$B$19)*IF(Kirish!$C$51>0,MIN(1,(E53-1)/Kirish!$C$51),1)),0) -> 0 | F55: =IF(F54=1,MIN(Kirish!$C$50,Kirish!$B$19+(Kirish!$C$50-Kirish!$B$19)*IF(Kirish!$C$51>0,MIN(1,(F53-1)/Kirish!$C$51),1)),0) -> 0 | G55: =IF(G54=1,MIN(Kirish!$C$50,Kirish!$B$19+(Kirish!$C$50-Kirish!$B$19)*IF(Kirish!$C$51>0,MIN(1,(G53-1)/Kirish!$C$51),1)),0) -> 0 | H55: =IF(H54=1,MIN(Kirish!$C$50,Kirish!$B$19+(Kirish!$C$50-Kirish!$B$19)*IF(Kirish!$C$51>0,MIN(1,(H53-1)/Kirish!$C$51),1)),0) -> 0 | I55: =IF(I54=1,MIN(Kirish!$C$50,Kirish!$B$19+(Kirish!$C$50-Kirish!$B$19)*IF(Kirish!$C$51>0,MIN(1,(I53-1)/Kirish!$C$51),1)),0) -> 0 | J55: =IF(J54=1,MIN(Kirish!$C$50,Kirish!$B$19+(Kirish!$C$50-Kirish!$B$19)*IF(Kirish!$C$51>0,MIN(1,(J53-1)/Kirish!$C$51),1)),0) -> 0 | K55: =IF(K54=1,MIN(Kirish!$C$50,Kirish!$B$19+(Kirish!$C$50-Kirish!$B$19)*IF(Kirish!$C$51>0,MIN(1,(K53-1)/Kirish!$C$51),1)),0) -> 0 | ... FP55: =IF(FP54=1,MIN(Kirish!$C$50,Kirish!$B$19+(Kirish!$C$50-Kirish!$B$19)*IF(Kirish!$C$51>0,MIN(1,(FP53-1)/Kirish!$C$51),1)),0) -> 0
A56: Indeksatsiya koeffitsiyenti | D56: =IF(D54=1,(1+Kirish!$C$53)^INT((D53-1)/12),1) -> 1 | E56: =IF(E54=1,(1+Kirish!$C$53)^INT((E53-1)/12),1) -> 1 | F56: =IF(F54=1,(1+Kirish!$C$53)^INT((F53-1)/12),1) -> 1 | G56: =IF(G54=1,(1+Kirish!$C$53)^INT((G53-1)/12),1) -> 1 | H56: =IF(H54=1,(1+Kirish!$C$53)^INT((H53-1)/12),1) -> 1 | I56: =IF(I54=1,(1+Kirish!$C$53)^INT((I53-1)/12),1) -> 1 | J56: =IF(J54=1,(1+Kirish!$C$53)^INT((J53-1)/12),1) -> 1 | K56: =IF(K54=1,(1+Kirish!$C$53)^INT((K53-1)/12),1) -> 1 | ... FP56: =IF(FP54=1,(1+Kirish!$C$53)^INT((FP53-1)/12),1) -> 1
A57: Ijara daromadi, $ | C57: =SUM(D57:FP57) -> 4802655.3 | D57: =Parametrlar!$F$16*D55*D56 -> 0 | E57: =Parametrlar!$F$16*E55*E56 -> 0 | F57: =Parametrlar!$F$16*F55*F56 -> 0 | G57: =Parametrlar!$F$16*G55*G56 -> 0 | H57: =Parametrlar!$F$16*H55*H56 -> 0 | I57: =Parametrlar!$F$16*I55*I56 -> 0 | J57: =Parametrlar!$F$16*J55*J56 -> 0 | K57: =Parametrlar!$F$16*K55*K56 -> 0 | ... FP57: =Parametrlar!$F$16*FP55*FP56 -> 0
A58: Avtoturargoh va boshqa, $ | C58: =SUM(D58:FP58) -> 168977.08 | D58: =Kirish!$B$21*Parametrlar!$F$14*D55*D56 -> 0 | E58: =Kirish!$B$21*Parametrlar!$F$14*E55*E56 -> 0 | F58: =Kirish!$B$21*Parametrlar!$F$14*F55*F56 -> 0 | G58: =Kirish!$B$21*Parametrlar!$F$14*G55*G56 -> 0 | H58: =Kirish!$B$21*Parametrlar!$F$14*H55*H56 -> 0 | I58: =Kirish!$B$21*Parametrlar!$F$14*I55*I56 -> 0 | J58: =Kirish!$B$21*Parametrlar!$F$14*J55*J56 -> 0 | K58: =Kirish!$B$21*Parametrlar!$F$14*K55*K56 -> 0 | ... FP58: =Kirish!$B$21*Parametrlar!$F$14*FP55*FP56 -> 0
A59: Samarali yalpi daromad (EGI), $ | C59: =SUM(D59:FP59) -> 4971632.4 | D59: =D57+D58 -> 0 | E59: =E57+E58 -> 0 | F59: =F57+F58 -> 0 | G59: =G57+G58 -> 0 | H59: =H57+H58 -> 0 | I59: =I57+I58 -> 0 | J59: =J57+J58 -> 0 | K59: =K57+K58 -> 0 | ... FP59: =FP57+FP58 -> 0
A60: Ijaraga berish xarajatlari (ta'til + komissiya), $ | C60: =SUM(D60:FP60) -> 105954.13 | D60: =MAX(0,D55-0)*Parametrlar!$F$16*D56*(Kirish!$C$52+12*Kirish!$B$20) -> 0 | E60: =MAX(0,E55-D55)*Parametrlar!$F$16*E56*(Kirish!$C$52+12*Kirish!$B$20) -> 0 | F60: =MAX(0,F55-E55)*Parametrlar!$F$16*F56*(Kirish!$C$52+12*Kirish!$B$20) -> 0 | G60: =MAX(0,G55-F55)*Parametrlar!$F$16*G56*(Kirish!$C$52+12*Kirish!$B$20) -> 0 | H60: =MAX(0,H55-G55)*Parametrlar!$F$16*H56*(Kirish!$C$52+12*Kirish!$B$20) -> 0 | I60: =MAX(0,I55-H55)*Parametrlar!$F$16*I56*(Kirish!$C$52+12*Kirish!$B$20) -> 0 | J60: =MAX(0,J55-I55)*Parametrlar!$F$16*J56*(Kirish!$C$52+12*Kirish!$B$20) -> 0 | K60: =MAX(0,K55-J55)*Parametrlar!$F$16*K56*(Kirish!$C$52+12*Kirish!$B$20) -> 0 | L60: =MAX(0,L55-K55)*Parametrlar!$F$16*L56*(Kirish!$C$52+12*Kirish!$B$20) -> 0 | ... FP60: =MAX(0,FP55-FO55)*Parametrlar!$F$16*FP56*(Kirish!$C$52+12*Kirish!$B$20) -> 0
A61: Doimiy xarajatlar (OPEX, mol-mulk va yer solig'i, sug'urta), $ | C61: =SUM(D61:FP61) -> 1803694.5 | D61: =IF(D54=1,Kirish!$C$55*Parametrlar!$F$12*D56+Parametrlar!$F$23*(Kirish!$B$24+Kirish!$B$25)/12+Kirish!$B$26/12*Parametrlar!$F$14,0) -> 0 | E61: =IF(E54=1,Kirish!$C$55*Parametrlar!$F$12*E56+Parametrlar!$F$23*(Kirish!$B$24+Kirish!$B$25)/12+Kirish!$B$26/12*Parametrlar!$F$14,0) -> 0 | F61: =IF(F54=1,Kirish!$C$55*Parametrlar!$F$12*F56+Parametrlar!$F$23*(Kirish!$B$24+Kirish!$B$25)/12+Kirish!$B$26/12*Parametrlar!$F$14,0) -> 0 | G61: =IF(G54=1,Kirish!$C$55*Parametrlar!$F$12*G56+Parametrlar!$F$23*(Kirish!$B$24+Kirish!$B$25)/12+Kirish!$B$26/12*Parametrlar!$F$14,0) -> 0 | H61: =IF(H54=1,Kirish!$C$55*Parametrlar!$F$12*H56+Parametrlar!$F$23*(Kirish!$B$24+Kirish!$B$25)/12+Kirish!$B$26/12*Parametrlar!$F$14,0) -> 0 | I61: =IF(I54=1,Kirish!$C$55*Parametrlar!$F$12*I56+Parametrlar!$F$23*(Kirish!$B$24+Kirish!$B$25)/12+Kirish!$B$26/12*Parametrlar!$F$14,0) -> 0 | J61: =IF(J54=1,Kirish!$C$55*Parametrlar!$F$12*J56+Parametrlar!$F$23*(Kirish!$B$24+Kirish!$B$25)/12+Kirish!$B$26/12*Parametrlar!$F$14,0) -> 0 | K61: =IF(K54=1,Kirish!$C$55*Parametrlar!$F$12*K56+Parametrlar!$F$23*(Kirish!$B$24+Kirish!$B$25)/12+Kirish!$B$26/12*Parametrlar!$F$14,0) -> 0 | ... FP61: =IF(FP54=1,Kirish!$C$55*Parametrlar!$F$12*FP56+Parametrlar!$F$23*(Kirish!$B$24+Kirish!$B$25)/12+Kirish!$B$26/12*Parametrlar!$F$14,0) -> 0
A62: Boshqaruv va zaxira, $ | C62: =SUM(D62:FP62) -> 248581.62 | D62: =D59*(Kirish!$B$22+Kirish!$B$23) -> 0 | E62: =E59*(Kirish!$B$22+Kirish!$B$23) -> 0 | F62: =F59*(Kirish!$B$22+Kirish!$B$23) -> 0 | G62: =G59*(Kirish!$B$22+Kirish!$B$23) -> 0 | H62: =H59*(Kirish!$B$22+Kirish!$B$23) -> 0 | I62: =I59*(Kirish!$B$22+Kirish!$B$23) -> 0 | J62: =J59*(Kirish!$B$22+Kirish!$B$23) -> 0 | K62: =K59*(Kirish!$B$22+Kirish!$B$23) -> 0 | ... FP62: =FP59*(Kirish!$B$22+Kirish!$B$23) -> 0
A63: Sof operatsion daromad (NOI), $ | C63: =SUM(D63:FP63) -> 2813402.1 | D63: =D59-D60-D61-D62 -> 0 | E63: =E59-E60-E61-E62 -> 0 | F63: =F59-F60-F61-F62 -> 0 | G63: =G59-G60-G61-G62 -> 0 | H63: =H59-H60-H61-H62 -> 0 | I63: =I59-I60-I61-I62 -> 0 | J63: =J59-J60-J61-J62 -> 0 | K63: =K59-K60-K61-K62 -> 0 | ... FP63: =FP59-FP60-FP61-FP62 -> 0
A64: Amortizatsiya (soliq uchun), $ | C64: =SUM(D64:FP64) -> 1737640.4 | D64: =IF(D54=1,Parametrlar!$F$24*Kirish!$B$27/12,0) -> 0 | E64: =IF(E54=1,Parametrlar!$F$24*Kirish!$B$27/12,0) -> 0 | F64: =IF(F54=1,Parametrlar!$F$24*Kirish!$B$27/12,0) -> 0 | G64: =IF(G54=1,Parametrlar!$F$24*Kirish!$B$27/12,0) -> 0 | H64: =IF(H54=1,Parametrlar!$F$24*Kirish!$B$27/12,0) -> 0 | I64: =IF(I54=1,Parametrlar!$F$24*Kirish!$B$27/12,0) -> 0 | J64: =IF(J54=1,Parametrlar!$F$24*Kirish!$B$27/12,0) -> 0 | K64: =IF(K54=1,Parametrlar!$F$24*Kirish!$B$27/12,0) -> 0 | ... FP64: =IF(FP54=1,Parametrlar!$F$24*Kirish!$B$27/12,0) -> 0
A65: Ijaradan foyda solig'i, $ | C65: =SUM(D65:FP65) -> 191548.87 | D65: =MAX(0,D63-D64)*Kirish!$B$28 -> 0 | E65: =MAX(0,E63-E64)*Kirish!$B$28 -> 0 | F65: =MAX(0,F63-F64)*Kirish!$B$28 -> 0 | G65: =MAX(0,G63-G64)*Kirish!$B$28 -> 0 | H65: =MAX(0,H63-H64)*Kirish!$B$28 -> 0 | I65: =MAX(0,I63-I64)*Kirish!$B$28 -> 0 | J65: =MAX(0,J63-J64)*Kirish!$B$28 -> 0 | K65: =MAX(0,K63-K64)*Kirish!$B$28 -> 0 | ... FP65: =MAX(0,FP63-FP64)*Kirish!$B$28 -> 0
A66: Ijaradan sof oqim, $ | C66: =SUM(D66:FP66) -> 2621853.2 | D66: =D63-D65 -> 0 | E66: =E63-E65 -> 0 | F66: =F63-F65 -> 0 | G66: =G63-G65 -> 0 | H66: =H63-H65 -> 0 | I66: =I63-I65 -> 0 | J66: =J63-J65 -> 0 | K66: =K63-K65 -> 0 | ... FP66: =FP63-FP65 -> 0
A67: Terminal qiymat: yalpi daromad ÷ yalpi daromadlilik, sotuv xarajatlaridan keyin, $ | D67: =IF(AND(D54=1,D$4=Parametrlar!$F$8),D59*12*(1+Kirish!$C$53)/Kirish!$C$54*(1-Kirish!$B$29),0) -> 0 | E67: =IF(AND(E54=1,E$4=Parametrlar!$F$8),E59*12*(1+Kirish!$C$53)/Kirish!$C$54*(1-Kirish!$B$29),0) -> 0 | F67: =IF(AND(F54=1,F$4=Parametrlar!$F$8),F59*12*(1+Kirish!$C$53)/Kirish!$C$54*(1-Kirish!$B$29),0) -> 0 | G67: =IF(AND(G54=1,G$4=Parametrlar!$F$8),G59*12*(1+Kirish!$C$53)/Kirish!$C$54*(1-Kirish!$B$29),0) -> 0 | H67: =IF(AND(H54=1,H$4=Parametrlar!$F$8),H59*12*(1+Kirish!$C$53)/Kirish!$C$54*(1-Kirish!$B$29),0) -> 0 | I67: =IF(AND(I54=1,I$4=Parametrlar!$F$8),I59*12*(1+Kirish!$C$53)/Kirish!$C$54*(1-Kirish!$B$29),0) -> 0 | J67: =IF(AND(J54=1,J$4=Parametrlar!$F$8),J59*12*(1+Kirish!$C$53)/Kirish!$C$54*(1-Kirish!$B$29),0) -> 0 | K67: =IF(AND(K54=1,K$4=Parametrlar!$F$8),K59*12*(1+Kirish!$C$53)/Kirish!$C$54*(1-Kirish!$B$29),0) -> 0 | ... FP67: =IF(AND(FP54=1,FP$4=Parametrlar!$F$8),FP59*12*(1+Kirish!$C$53)/Kirish!$C$54*(1-Kirish!$B$29),0) -> 0
A68: Terminal qiymat (soliqdan keyin), $ | C68: =SUM(D68:FP68) -> 4968020.7 | D68: =IF(AND(D54=1,D$4=Parametrlar!$F$8),D67-MAX(0,D67-(Parametrlar!$F$23-SUM($D64:D64)))*Kirish!$B$28,0) -> 0 | E68: =IF(AND(E54=1,E$4=Parametrlar!$F$8),E67-MAX(0,E67-(Parametrlar!$F$23-SUM($D64:E64)))*Kirish!$B$28,0) -> 0 | F68: =IF(AND(F54=1,F$4=Parametrlar!$F$8),F67-MAX(0,F67-(Parametrlar!$F$23-SUM($D64:F64)))*Kirish!$B$28,0) -> 0 | G68: =IF(AND(G54=1,G$4=Parametrlar!$F$8),G67-MAX(0,G67-(Parametrlar!$F$23-SUM($D64:G64)))*Kirish!$B$28,0) -> 0 | H68: =IF(AND(H54=1,H$4=Parametrlar!$F$8),H67-MAX(0,H67-(Parametrlar!$F$23-SUM($D64:H64)))*Kirish!$B$28,0) -> 0 | I68: =IF(AND(I54=1,I$4=Parametrlar!$F$8),I67-MAX(0,I67-(Parametrlar!$F$23-SUM($D64:I64)))*Kirish!$B$28,0) -> 0 | J68: =IF(AND(J54=1,J$4=Parametrlar!$F$8),J67-MAX(0,J67-(Parametrlar!$F$23-SUM($D64:J64)))*Kirish!$B$28,0) -> 0 | K68: =IF(AND(K54=1,K$4=Parametrlar!$F$8),K67-MAX(0,K67-(Parametrlar!$F$23-SUM($D64:K64)))*Kirish!$B$28,0) -> 0 | ... FP68: =IF(AND(FP54=1,FP$4=Parametrlar!$F$8),FP67-MAX(0,FP67-(Parametrlar!$F$23-SUM($D64:FP64)))*Kirish!$B$28,0) -> 0
A69: SOF PUL OQIMI, $ | C69: =SUM(D69:FP69) -> 3304593.2 | D69: =-D52-D49-D50-D51+D46-D47-D48+D66+D68 -> -800000 | E69: =-E52-E49-E50-E51+E46-E47-E48+E66+E68 -> -155074.46 | F69: =-F52-F49-F50-F51+F46-F47-F48+F66+F68 -> -155329.75 | G69: =-G52-G49-G50-G51+G46-G47-G48+G66+G68 -> -155585.47 | H69: =-H52-H49-H50-H51+H46-H47-H48+H66+H68 -> -155841.6 | I69: =-I52-I49-I50-I51+I46-I47-I48+I66+I68 -> -156098.16 | J69: =-J52-J49-J50-J51+J46-J47-J48+J66+J68 -> -156355.14 | K69: =-K52-K49-K50-K51+K46-K47-K48+K66+K68 -> -156612.55 | ... FP69: =-FP52-FP49-FP50-FP51+FP46-FP47-FP48+FP66+FP68 -> 0
A70: Kumulyativ pul oqimi, $ | D70: =D69 -> -800000 | E70: =D70+E69 -> -955074.46 | F70: =E70+F69 -> -1110404.2 | G70: =F70+G69 -> -1265989.7 | H70: =G70+H69 -> -1421831.3 | I70: =H70+I69 -> -1577929.4 | J70: =I70+J69 -> -1734284.6 | K70: =J70+K69 -> -1890897.1 | L70: =K70+L69 -> -2047767.5 | ... FP70: =FO70+FP69 -> 3304593.2
A71: Diskontlangan oqim, $ | C71: =SUM(D71:FP71) -> -1614508.3 | D71: =D69/(1+Kirish!$B$32)^(D$4/12) -> -800000 | E71: =E69/(1+Kirish!$B$32)^(E$4/12) -> -153503.07 | F71: =F69/(1+Kirish!$B$32)^(F$4/12) -> -152197.75 | G71: =G69/(1+Kirish!$B$32)^(G$4/12) -> -150903.54 | H71: =H69/(1+Kirish!$B$32)^(H$4/12) -> -149620.32 | I71: =I69/(1+Kirish!$B$32)^(I$4/12) -> -148348.03 | J71: =J69/(1+Kirish!$B$32)^(J$4/12) -> -147086.55 | K71: =K69/(1+Kirish!$B$32)^(K$4/12) -> -145835.8 | ... FP71: =FP69/(1+Kirish!$B$32)^(FP$4/12) -> 0
A72: Yordamchi: kumulyativ manfiy bo'lgan oy | D72: =IF(D70<-0.000001,D$4,-1) -> 0 | E72: =IF(E70<-0.000001,E$4,-1) -> 1 | F72: =IF(F70<-0.000001,F$4,-1) -> 2 | G72: =IF(G70<-0.000001,G$4,-1) -> 3 | H72: =IF(H70<-0.000001,H$4,-1) -> 4 | I72: =IF(I70<-0.000001,I$4,-1) -> 5 | J72: =IF(J70<-0.000001,J$4,-1) -> 6 | K72: =IF(K70<-0.000001,K$4,-1) -> 7 | ... FP72: =IF(FP70<-0.000001,FP$4,-1) -> -1
A74: Ssenariy: Optimistik
A75: Narx koeffitsiyenti | D75: =IF(D$4<=Parametrlar!$G$4,1+Kirish!$D$44*D$4/Parametrlar!$G$4,(1+Kirish!$D$44)*(1+Kirish!$D$45)^((D$4-Parametrlar!$G$4)/12)) -> 1 | E75: =IF(E$4<=Parametrlar!$G$4,1+Kirish!$D$44*E$4/Parametrlar!$G$4,(1+Kirish!$D$44)*(1+Kirish!$D$45)^((E$4-Parametrlar!$G$4)/12)) -> 1.0178571 | F75: =IF(F$4<=Parametrlar!$G$4,1+Kirish!$D$44*F$4/Parametrlar!$G$4,(1+Kirish!$D$44)*(1+Kirish!$D$45)^((F$4-Parametrlar!$G$4)/12)) -> 1.0357143 | G75: =IF(G$4<=Parametrlar!$G$4,1+Kirish!$D$44*G$4/Parametrlar!$G$4,(1+Kirish!$D$44)*(1+Kirish!$D$45)^((G$4-Parametrlar!$G$4)/12)) -> 1.0535714 | H75: =IF(H$4<=Parametrlar!$G$4,1+Kirish!$D$44*H$4/Parametrlar!$G$4,(1+Kirish!$D$44)*(1+Kirish!$D$45)^((H$4-Parametrlar!$G$4)/12)) -> 1.0714286 | I75: =IF(I$4<=Parametrlar!$G$4,1+Kirish!$D$44*I$4/Parametrlar!$G$4,(1+Kirish!$D$44)*(1+Kirish!$D$45)^((I$4-Parametrlar!$G$4)/12)) -> 1.0892857 | J75: =IF(J$4<=Parametrlar!$G$4,1+Kirish!$D$44*J$4/Parametrlar!$G$4,(1+Kirish!$D$44)*(1+Kirish!$D$45)^((J$4-Parametrlar!$G$4)/12)) -> 1.1071429 | K75: =IF(K$4<=Parametrlar!$G$4,1+Kirish!$D$44*K$4/Parametrlar!$G$4,(1+Kirish!$D$44)*(1+Kirish!$D$45)^((K$4-Parametrlar!$G$4)/12)) -> 1.125 | ... FP75: =IF(FP$4<=Parametrlar!$G$4,1+Kirish!$D$44*FP$4/Parametrlar!$G$4,(1+Kirish!$D$44)*(1+Kirish!$D$45)^((FP$4-Parametrlar!$G$4)/12)) -> 2.067781
A76: Oyda sotilgan ulush | D76: =IF(AND(D$4>=Parametrlar!$G$7,D$4<Parametrlar!$G$7+Parametrlar!$G$5),1/Parametrlar!$G$5,0) -> 0 | E76: =IF(AND(E$4>=Parametrlar!$G$7,E$4<Parametrlar!$G$7+Parametrlar!$G$5),1/Parametrlar!$G$5,0) -> 0.083333333 | F76: =IF(AND(F$4>=Parametrlar!$G$7,F$4<Parametrlar!$G$7+Parametrlar!$G$5),1/Parametrlar!$G$5,0) -> 0.083333333 | G76: =IF(AND(G$4>=Parametrlar!$G$7,G$4<Parametrlar!$G$7+Parametrlar!$G$5),1/Parametrlar!$G$5,0) -> 0.083333333 | H76: =IF(AND(H$4>=Parametrlar!$G$7,H$4<Parametrlar!$G$7+Parametrlar!$G$5),1/Parametrlar!$G$5,0) -> 0.083333333 | I76: =IF(AND(I$4>=Parametrlar!$G$7,I$4<Parametrlar!$G$7+Parametrlar!$G$5),1/Parametrlar!$G$5,0) -> 0.083333333 | J76: =IF(AND(J$4>=Parametrlar!$G$7,J$4<Parametrlar!$G$7+Parametrlar!$G$5),1/Parametrlar!$G$5,0) -> 0.083333333 | K76: =IF(AND(K$4>=Parametrlar!$G$7,K$4<Parametrlar!$G$7+Parametrlar!$G$5),1/Parametrlar!$G$5,0) -> 0.083333333 | ... FP76: =IF(AND(FP$4>=Parametrlar!$G$7,FP$4<Parametrlar!$G$7+Parametrlar!$G$5),1/Parametrlar!$G$5,0) -> 0
A77: Tuzilgan shartnomalar, $ | C77: =SUM(D77:FP77) -> 0 | D77: =D76*Parametrlar!$G$15*D75 -> 0 | E77: =E76*Parametrlar!$G$15*E75 -> 0 | F77: =F76*Parametrlar!$G$15*F75 -> 0 | G77: =G76*Parametrlar!$G$15*G75 -> 0 | H77: =H76*Parametrlar!$G$15*H75 -> 0 | I77: =I76*Parametrlar!$G$15*I75 -> 0 | J77: =J76*Parametrlar!$G$15*J75 -> 0 | K77: =K76*Parametrlar!$G$15*K75 -> 0 | ... FP77: =FP76*Parametrlar!$G$15*FP75 -> 0
A78: Shartnomalar (kumulyativ), $ | D78: =D77 -> 0 | E78: =D78+E77 -> 0 | F78: =E78+F77 -> 0 | G78: =F78+G77 -> 0 | H78: =G78+H77 -> 0 | I78: =H78+I77 -> 0 | J78: =I78+J77 -> 0 | K78: =J78+K77 -> 0 | L78: =K78+L77 -> 0 | ... FP78: =FO78+FP77 -> 0
A79: Sotuvdan tushum (to'lov jadvali bo'yicha), $ | C79: =SUM(D79:FP79) -> 0 | D79: =Parametrlar!$G$9*D77 -> 0 | E79: =Parametrlar!$G$9*E77+IF(Parametrlar!$G$6>0,(1-Parametrlar!$G$9)/MAX(1,Parametrlar!$G$6)*(D78-IF(E$4-1-Parametrlar!$G$6>=0,INDEX($D$78:$FP$78,1,E$4-Parametrlar!$G$6),0)),0) -> 0 | F79: =Parametrlar!$G$9*F77+IF(Parametrlar!$G$6>0,(1-Parametrlar!$G$9)/MAX(1,Parametrlar!$G$6)*(E78-IF(F$4-1-Parametrlar!$G$6>=0,INDEX($D$78:$FP$78,1,F$4-Parametrlar!$G$6),0)),0) -> 0 | G79: =Parametrlar!$G$9*G77+IF(Parametrlar!$G$6>0,(1-Parametrlar!$G$9)/MAX(1,Parametrlar!$G$6)*(F78-IF(G$4-1-Parametrlar!$G$6>=0,INDEX($D$78:$FP$78,1,G$4-Parametrlar!$G$6),0)),0) -> 0 | H79: =Parametrlar!$G$9*H77+IF(Parametrlar!$G$6>0,(1-Parametrlar!$G$9)/MAX(1,Parametrlar!$G$6)*(G78-IF(H$4-1-Parametrlar!$G$6>=0,INDEX($D$78:$FP$78,1,H$4-Parametrlar!$G$6),0)),0) -> 0 | I79: =Parametrlar!$G$9*I77+IF(Parametrlar!$G$6>0,(1-Parametrlar!$G$9)/MAX(1,Parametrlar!$G$6)*(H78-IF(I$4-1-Parametrlar!$G$6>=0,INDEX($D$78:$FP$78,1,I$4-Parametrlar!$G$6),0)),0) -> 0 | J79: =Parametrlar!$G$9*J77+IF(Parametrlar!$G$6>0,(1-Parametrlar!$G$9)/MAX(1,Parametrlar!$G$6)*(I78-IF(J$4-1-Parametrlar!$G$6>=0,INDEX($D$78:$FP$78,1,J$4-Parametrlar!$G$6),0)),0) -> 0 | K79: =Parametrlar!$G$9*K77+IF(Parametrlar!$G$6>0,(1-Parametrlar!$G$9)/MAX(1,Parametrlar!$G$6)*(J78-IF(K$4-1-Parametrlar!$G$6>=0,INDEX($D$78:$FP$78,1,K$4-Parametrlar!$G$6),0)),0) -> 0 | L79: =Parametrlar!$G$9*L77+IF(Parametrlar!$G$6>0,(1-Parametrlar!$G$9)/MAX(1,Parametrlar!$G$6)*(K78-IF(L$4-1-Parametrlar!$G$6>=0,INDEX($D$78:$FP$78,1,L$4-Parametrlar!$G$6),0)),0) -> 0 | ... FP79: =Parametrlar!$G$9*FP77+IF(Parametrlar!$G$6>0,(1-Parametrlar!$G$9)/MAX(1,Parametrlar!$G$6)*(FO78-IF(FP$4-1-Parametrlar!$G$6>=0,INDEX($D$78:$FP$78,1,FP$4-Parametrlar!$G$6),0)),0) -> 0
A80: Komissiya va marketing, $ | C80: =SUM(D80:FP80) -> 0 | D80: =D77*(Kirish!$B$17+Kirish!$B$18) -> 0 | E80: =E77*(Kirish!$B$17+Kirish!$B$18) -> 0 | F80: =F77*(Kirish!$B$17+Kirish!$B$18) -> 0 | G80: =G77*(Kirish!$B$17+Kirish!$B$18) -> 0 | H80: =H77*(Kirish!$B$17+Kirish!$B$18) -> 0 | I80: =I77*(Kirish!$B$17+Kirish!$B$18) -> 0 | J80: =J77*(Kirish!$B$17+Kirish!$B$18) -> 0 | K80: =K77*(Kirish!$B$17+Kirish!$B$18) -> 0 | ... FP80: =FP77*(Kirish!$B$17+Kirish!$B$18) -> 0
A81: Sotuvdan foyda solig'i, $ | C81: =SUM(D81:FP81) -> 0 | D81: =MAX(0,Parametrlar!$G$26)*D79*Kirish!$B$28 -> 0 | E81: =MAX(0,Parametrlar!$G$26)*E79*Kirish!$B$28 -> 0 | F81: =MAX(0,Parametrlar!$G$26)*F79*Kirish!$B$28 -> 0 | G81: =MAX(0,Parametrlar!$G$26)*G79*Kirish!$B$28 -> 0 | H81: =MAX(0,Parametrlar!$G$26)*H79*Kirish!$B$28 -> 0 | I81: =MAX(0,Parametrlar!$G$26)*I79*Kirish!$B$28 -> 0 | J81: =MAX(0,Parametrlar!$G$26)*J79*Kirish!$B$28 -> 0 | K81: =MAX(0,Parametrlar!$G$26)*K79*Kirish!$B$28 -> 0 | ... FP81: =MAX(0,Parametrlar!$G$26)*FP79*Kirish!$B$28 -> 0
A82: Qurilish xarajati (indeksatsiya bilan), $ | C82: =SUM(D82:FP82) -> 2580273.5 | D82: =IF(AND(D$4>=1,D$4<=Parametrlar!$G$4),Parametrlar!$G$17/Parametrlar!$G$4*(1+Kirish!$D$38)^((D$4-1)/12),0) -> 0 | E82: =IF(AND(E$4>=1,E$4<=Parametrlar!$G$4),Parametrlar!$G$17/Parametrlar!$G$4*(1+Kirish!$D$38)^((E$4-1)/12),0) -> 184305.25 | F82: =IF(AND(F$4>=1,F$4<=Parametrlar!$G$4),Parametrlar!$G$17/Parametrlar!$G$4*(1+Kirish!$D$38)^((F$4-1)/12),0) -> 184305.25 | G82: =IF(AND(G$4>=1,G$4<=Parametrlar!$G$4),Parametrlar!$G$17/Parametrlar!$G$4*(1+Kirish!$D$38)^((G$4-1)/12),0) -> 184305.25 | H82: =IF(AND(H$4>=1,H$4<=Parametrlar!$G$4),Parametrlar!$G$17/Parametrlar!$G$4*(1+Kirish!$D$38)^((H$4-1)/12),0) -> 184305.25 | I82: =IF(AND(I$4>=1,I$4<=Parametrlar!$G$4),Parametrlar!$G$17/Parametrlar!$G$4*(1+Kirish!$D$38)^((I$4-1)/12),0) -> 184305.25 | J82: =IF(AND(J$4>=1,J$4<=Parametrlar!$G$4),Parametrlar!$G$17/Parametrlar!$G$4*(1+Kirish!$D$38)^((J$4-1)/12),0) -> 184305.25 | K82: =IF(AND(K$4>=1,K$4<=Parametrlar!$G$4),Parametrlar!$G$17/Parametrlar!$G$4*(1+Kirish!$D$38)^((K$4-1)/12),0) -> 184305.25 | ... FP82: =IF(AND(FP$4>=1,FP$4<=Parametrlar!$G$4),Parametrlar!$G$17/Parametrlar!$G$4*(1+Kirish!$D$38)^((FP$4-1)/12),0) -> 0
A83: Qurilish davridagi soliqlar (yer; muddatdan keyin 2x yer + 3% mol-mulk), $ | C83: =SUM(D83:FP83) -> 7000 | D83: =0 -> 0 | E83: =IF(AND(E$4>=1,E$4<=Parametrlar!$G$4),Kirish!$B$26/12*IF(E$4>Kirish!$B$30,2,1)+IF(E$4>Kirish!$B$30,Kirish!$B$31*SUM($D82:D82)/12,0),0) -> 500 | F83: =IF(AND(F$4>=1,F$4<=Parametrlar!$G$4),Kirish!$B$26/12*IF(F$4>Kirish!$B$30,2,1)+IF(F$4>Kirish!$B$30,Kirish!$B$31*SUM($D82:E82)/12,0),0) -> 500 | G83: =IF(AND(G$4>=1,G$4<=Parametrlar!$G$4),Kirish!$B$26/12*IF(G$4>Kirish!$B$30,2,1)+IF(G$4>Kirish!$B$30,Kirish!$B$31*SUM($D82:F82)/12,0),0) -> 500 | H83: =IF(AND(H$4>=1,H$4<=Parametrlar!$G$4),Kirish!$B$26/12*IF(H$4>Kirish!$B$30,2,1)+IF(H$4>Kirish!$B$30,Kirish!$B$31*SUM($D82:G82)/12,0),0) -> 500 | I83: =IF(AND(I$4>=1,I$4<=Parametrlar!$G$4),Kirish!$B$26/12*IF(I$4>Kirish!$B$30,2,1)+IF(I$4>Kirish!$B$30,Kirish!$B$31*SUM($D82:H82)/12,0),0) -> 500 | J83: =IF(AND(J$4>=1,J$4<=Parametrlar!$G$4),Kirish!$B$26/12*IF(J$4>Kirish!$B$30,2,1)+IF(J$4>Kirish!$B$30,Kirish!$B$31*SUM($D82:I82)/12,0),0) -> 500 | K83: =IF(AND(K$4>=1,K$4<=Parametrlar!$G$4),Kirish!$B$26/12*IF(K$4>Kirish!$B$30,2,1)+IF(K$4>Kirish!$B$30,Kirish!$B$31*SUM($D82:J82)/12,0),0) -> 500 | L83: =IF(AND(L$4>=1,L$4<=Parametrlar!$G$4),Kirish!$B$26/12*IF(L$4>Kirish!$B$30,2,1)+IF(L$4>Kirish!$B$30,Kirish!$B$31*SUM($D82:K82)/12,0),0) -> 500 | ... FP83: =IF(AND(FP$4>=1,FP$4<=Parametrlar!$G$4),Kirish!$B$26/12*IF(FP$4>Kirish!$B$30,2,1)+IF(FP$4>Kirish!$B$30,Kirish!$B$31*SUM($D82:FO82)/12,0),0) -> 0
A84: Ijaradagi maydonni tayyorlash, $ | C84: =SUM(D84:FP84) -> 257540 | D84: =IF(AND(D$4>Parametrlar!$G$4-Parametrlar!$G$19,D$4<=Parametrlar!$G$4),Parametrlar!$G$18/Parametrlar!$G$19,0) -> 0 | E84: =IF(AND(E$4>Parametrlar!$G$4-Parametrlar!$G$19,E$4<=Parametrlar!$G$4),Parametrlar!$G$18/Parametrlar!$G$19,0) -> 0 | F84: =IF(AND(F$4>Parametrlar!$G$4-Parametrlar!$G$19,F$4<=Parametrlar!$G$4),Parametrlar!$G$18/Parametrlar!$G$19,0) -> 0 | G84: =IF(AND(G$4>Parametrlar!$G$4-Parametrlar!$G$19,G$4<=Parametrlar!$G$4),Parametrlar!$G$18/Parametrlar!$G$19,0) -> 0 | H84: =IF(AND(H$4>Parametrlar!$G$4-Parametrlar!$G$19,H$4<=Parametrlar!$G$4),Parametrlar!$G$18/Parametrlar!$G$19,0) -> 0 | I84: =IF(AND(I$4>Parametrlar!$G$4-Parametrlar!$G$19,I$4<=Parametrlar!$G$4),Parametrlar!$G$18/Parametrlar!$G$19,0) -> 0 | J84: =IF(AND(J$4>Parametrlar!$G$4-Parametrlar!$G$19,J$4<=Parametrlar!$G$4),Parametrlar!$G$18/Parametrlar!$G$19,0) -> 0 | K84: =IF(AND(K$4>Parametrlar!$G$4-Parametrlar!$G$19,K$4<=Parametrlar!$G$4),Parametrlar!$G$18/Parametrlar!$G$19,0) -> 0 | ... FP84: =IF(AND(FP$4>Parametrlar!$G$4-Parametrlar!$G$19,FP$4<=Parametrlar!$G$4),Parametrlar!$G$18/Parametrlar!$G$19,0) -> 0
A85: Yer / sarflangan mablag', $ | C85: =SUM(D85:FP85) -> 800000 | D85: =IF(AND(D$4=0,Kirish!$B$11=1),Kirish!$B$10,0) -> 800000 | E85: =IF(AND(E$4=0,Kirish!$B$11=1),Kirish!$B$10,0) -> 0 | F85: =IF(AND(F$4=0,Kirish!$B$11=1),Kirish!$B$10,0) -> 0 | G85: =IF(AND(G$4=0,Kirish!$B$11=1),Kirish!$B$10,0) -> 0 | H85: =IF(AND(H$4=0,Kirish!$B$11=1),Kirish!$B$10,0) -> 0 | I85: =IF(AND(I$4=0,Kirish!$B$11=1),Kirish!$B$10,0) -> 0 | J85: =IF(AND(J$4=0,Kirish!$B$11=1),Kirish!$B$10,0) -> 0 | K85: =IF(AND(K$4=0,Kirish!$B$11=1),Kirish!$B$10,0) -> 0 | ... FP85: =IF(AND(FP$4=0,Kirish!$B$11=1),Kirish!$B$10,0) -> 0
A86: Ekspluatatsiya oyi | D86: =D$4-Parametrlar!$G$4 -> -14 | E86: =E$4-Parametrlar!$G$4 -> -13 | F86: =F$4-Parametrlar!$G$4 -> -12 | G86: =G$4-Parametrlar!$G$4 -> -11 | H86: =H$4-Parametrlar!$G$4 -> -10 | I86: =I$4-Parametrlar!$G$4 -> -9 | J86: =J$4-Parametrlar!$G$4 -> -8 | K86: =K$4-Parametrlar!$G$4 -> -7 | ... FP86: =FP$4-Parametrlar!$G$4 -> 154
A87: Ijara faol (1/0) | D87: =IF(AND(D86>=1,D$4<=Parametrlar!$G$8,Parametrlar!$G$12>0),1,0) -> 0 | E87: =IF(AND(E86>=1,E$4<=Parametrlar!$G$8,Parametrlar!$G$12>0),1,0) -> 0 | F87: =IF(AND(F86>=1,F$4<=Parametrlar!$G$8,Parametrlar!$G$12>0),1,0) -> 0 | G87: =IF(AND(G86>=1,G$4<=Parametrlar!$G$8,Parametrlar!$G$12>0),1,0) -> 0 | H87: =IF(AND(H86>=1,H$4<=Parametrlar!$G$8,Parametrlar!$G$12>0),1,0) -> 0 | I87: =IF(AND(I86>=1,I$4<=Parametrlar!$G$8,Parametrlar!$G$12>0),1,0) -> 0 | J87: =IF(AND(J86>=1,J$4<=Parametrlar!$G$8,Parametrlar!$G$12>0),1,0) -> 0 | K87: =IF(AND(K86>=1,K$4<=Parametrlar!$G$8,Parametrlar!$G$12>0),1,0) -> 0 | ... FP87: =IF(AND(FP86>=1,FP$4<=Parametrlar!$G$8,Parametrlar!$G$12>0),1,0) -> 0
A88: Bandlik | D88: =IF(D87=1,MIN(Kirish!$D$50,Kirish!$B$19+(Kirish!$D$50-Kirish!$B$19)*IF(Kirish!$D$51>0,MIN(1,(D86-1)/Kirish!$D$51),1)),0) -> 0 | E88: =IF(E87=1,MIN(Kirish!$D$50,Kirish!$B$19+(Kirish!$D$50-Kirish!$B$19)*IF(Kirish!$D$51>0,MIN(1,(E86-1)/Kirish!$D$51),1)),0) -> 0 | F88: =IF(F87=1,MIN(Kirish!$D$50,Kirish!$B$19+(Kirish!$D$50-Kirish!$B$19)*IF(Kirish!$D$51>0,MIN(1,(F86-1)/Kirish!$D$51),1)),0) -> 0 | G88: =IF(G87=1,MIN(Kirish!$D$50,Kirish!$B$19+(Kirish!$D$50-Kirish!$B$19)*IF(Kirish!$D$51>0,MIN(1,(G86-1)/Kirish!$D$51),1)),0) -> 0 | H88: =IF(H87=1,MIN(Kirish!$D$50,Kirish!$B$19+(Kirish!$D$50-Kirish!$B$19)*IF(Kirish!$D$51>0,MIN(1,(H86-1)/Kirish!$D$51),1)),0) -> 0 | I88: =IF(I87=1,MIN(Kirish!$D$50,Kirish!$B$19+(Kirish!$D$50-Kirish!$B$19)*IF(Kirish!$D$51>0,MIN(1,(I86-1)/Kirish!$D$51),1)),0) -> 0 | J88: =IF(J87=1,MIN(Kirish!$D$50,Kirish!$B$19+(Kirish!$D$50-Kirish!$B$19)*IF(Kirish!$D$51>0,MIN(1,(J86-1)/Kirish!$D$51),1)),0) -> 0 | K88: =IF(K87=1,MIN(Kirish!$D$50,Kirish!$B$19+(Kirish!$D$50-Kirish!$B$19)*IF(Kirish!$D$51>0,MIN(1,(K86-1)/Kirish!$D$51),1)),0) -> 0 | ... FP88: =IF(FP87=1,MIN(Kirish!$D$50,Kirish!$B$19+(Kirish!$D$50-Kirish!$B$19)*IF(Kirish!$D$51>0,MIN(1,(FP86-1)/Kirish!$D$51),1)),0) -> 0
A89: Indeksatsiya koeffitsiyenti | D89: =IF(D87=1,(1+Kirish!$D$53)^INT((D86-1)/12),1) -> 1 | E89: =IF(E87=1,(1+Kirish!$D$53)^INT((E86-1)/12),1) -> 1 | F89: =IF(F87=1,(1+Kirish!$D$53)^INT((F86-1)/12),1) -> 1 | G89: =IF(G87=1,(1+Kirish!$D$53)^INT((G86-1)/12),1) -> 1 | H89: =IF(H87=1,(1+Kirish!$D$53)^INT((H86-1)/12),1) -> 1 | I89: =IF(I87=1,(1+Kirish!$D$53)^INT((I86-1)/12),1) -> 1 | J89: =IF(J87=1,(1+Kirish!$D$53)^INT((J86-1)/12),1) -> 1 | K89: =IF(K87=1,(1+Kirish!$D$53)^INT((K86-1)/12),1) -> 1 | ... FP89: =IF(FP87=1,(1+Kirish!$D$53)^INT((FP86-1)/12),1) -> 1
A90: Ijara daromadi, $ | C90: =SUM(D90:FP90) -> 6944852.4 | D90: =Parametrlar!$G$16*D88*D89 -> 0 | E90: =Parametrlar!$G$16*E88*E89 -> 0 | F90: =Parametrlar!$G$16*F88*F89 -> 0 | G90: =Parametrlar!$G$16*G88*G89 -> 0 | H90: =Parametrlar!$G$16*H88*H89 -> 0 | I90: =Parametrlar!$G$16*I88*I89 -> 0 | J90: =Parametrlar!$G$16*J88*J89 -> 0 | K90: =Parametrlar!$G$16*K88*K89 -> 0 | ... FP90: =Parametrlar!$G$16*FP88*FP89 -> 0
A91: Avtoturargoh va boshqa, $ | C91: =SUM(D91:FP91) -> 197593.33 | D91: =Kirish!$B$21*Parametrlar!$G$14*D88*D89 -> 0 | E91: =Kirish!$B$21*Parametrlar!$G$14*E88*E89 -> 0 | F91: =Kirish!$B$21*Parametrlar!$G$14*F88*F89 -> 0 | G91: =Kirish!$B$21*Parametrlar!$G$14*G88*G89 -> 0 | H91: =Kirish!$B$21*Parametrlar!$G$14*H88*H89 -> 0 | I91: =Kirish!$B$21*Parametrlar!$G$14*I88*I89 -> 0 | J91: =Kirish!$B$21*Parametrlar!$G$14*J88*J89 -> 0 | K91: =Kirish!$B$21*Parametrlar!$G$14*K88*K89 -> 0 | ... FP91: =Kirish!$B$21*Parametrlar!$G$14*FP88*FP89 -> 0
A92: Samarali yalpi daromad (EGI), $ | C92: =SUM(D92:FP92) -> 7142445.7 | D92: =D90+D91 -> 0 | E92: =E90+E91 -> 0 | F92: =F90+F91 -> 0 | G92: =G90+G91 -> 0 | H92: =H90+H91 -> 0 | I92: =I90+I91 -> 0 | J92: =J90+J91 -> 0 | K92: =K90+K91 -> 0 | ... FP92: =FP90+FP91 -> 0
A93: Ijaraga berish xarajatlari (ta'til + komissiya), $ | C93: =SUM(D93:FP93) -> 86725.716 | D93: =MAX(0,D88-0)*Parametrlar!$G$16*D89*(Kirish!$D$52+12*Kirish!$B$20) -> 0 | E93: =MAX(0,E88-D88)*Parametrlar!$G$16*E89*(Kirish!$D$52+12*Kirish!$B$20) -> 0 | F93: =MAX(0,F88-E88)*Parametrlar!$G$16*F89*(Kirish!$D$52+12*Kirish!$B$20) -> 0 | G93: =MAX(0,G88-F88)*Parametrlar!$G$16*G89*(Kirish!$D$52+12*Kirish!$B$20) -> 0 | H93: =MAX(0,H88-G88)*Parametrlar!$G$16*H89*(Kirish!$D$52+12*Kirish!$B$20) -> 0 | I93: =MAX(0,I88-H88)*Parametrlar!$G$16*I89*(Kirish!$D$52+12*Kirish!$B$20) -> 0 | J93: =MAX(0,J88-I88)*Parametrlar!$G$16*J89*(Kirish!$D$52+12*Kirish!$B$20) -> 0 | K93: =MAX(0,K88-J88)*Parametrlar!$G$16*K89*(Kirish!$D$52+12*Kirish!$B$20) -> 0 | L93: =MAX(0,L88-K88)*Parametrlar!$G$16*L89*(Kirish!$D$52+12*Kirish!$B$20) -> 0 | ... FP93: =MAX(0,FP88-FO88)*Parametrlar!$G$16*FP89*(Kirish!$D$52+12*Kirish!$B$20) -> 0
A94: Doimiy xarajatlar (OPEX, mol-mulk va yer solig'i, sug'urta), $ | C94: =SUM(D94:FP94) -> 1607234.1 | D94: =IF(D87=1,Kirish!$D$55*Parametrlar!$G$12*D89+Parametrlar!$G$23*(Kirish!$B$24+Kirish!$B$25)/12+Kirish!$B$26/12*Parametrlar!$G$14,0) -> 0 | E94: =IF(E87=1,Kirish!$D$55*Parametrlar!$G$12*E89+Parametrlar!$G$23*(Kirish!$B$24+Kirish!$B$25)/12+Kirish!$B$26/12*Parametrlar!$G$14,0) -> 0 | F94: =IF(F87=1,Kirish!$D$55*Parametrlar!$G$12*F89+Parametrlar!$G$23*(Kirish!$B$24+Kirish!$B$25)/12+Kirish!$B$26/12*Parametrlar!$G$14,0) -> 0 | G94: =IF(G87=1,Kirish!$D$55*Parametrlar!$G$12*G89+Parametrlar!$G$23*(Kirish!$B$24+Kirish!$B$25)/12+Kirish!$B$26/12*Parametrlar!$G$14,0) -> 0 | H94: =IF(H87=1,Kirish!$D$55*Parametrlar!$G$12*H89+Parametrlar!$G$23*(Kirish!$B$24+Kirish!$B$25)/12+Kirish!$B$26/12*Parametrlar!$G$14,0) -> 0 | I94: =IF(I87=1,Kirish!$D$55*Parametrlar!$G$12*I89+Parametrlar!$G$23*(Kirish!$B$24+Kirish!$B$25)/12+Kirish!$B$26/12*Parametrlar!$G$14,0) -> 0 | J94: =IF(J87=1,Kirish!$D$55*Parametrlar!$G$12*J89+Parametrlar!$G$23*(Kirish!$B$24+Kirish!$B$25)/12+Kirish!$B$26/12*Parametrlar!$G$14,0) -> 0 | K94: =IF(K87=1,Kirish!$D$55*Parametrlar!$G$12*K89+Parametrlar!$G$23*(Kirish!$B$24+Kirish!$B$25)/12+Kirish!$B$26/12*Parametrlar!$G$14,0) -> 0 | ... FP94: =IF(FP87=1,Kirish!$D$55*Parametrlar!$G$12*FP89+Parametrlar!$G$23*(Kirish!$B$24+Kirish!$B$25)/12+Kirish!$B$26/12*Parametrlar!$G$14,0) -> 0
A95: Boshqaruv va zaxira, $ | C95: =SUM(D95:FP95) -> 357122.29 | D95: =D92*(Kirish!$B$22+Kirish!$B$23) -> 0 | E95: =E92*(Kirish!$B$22+Kirish!$B$23) -> 0 | F95: =F92*(Kirish!$B$22+Kirish!$B$23) -> 0 | G95: =G92*(Kirish!$B$22+Kirish!$B$23) -> 0 | H95: =H92*(Kirish!$B$22+Kirish!$B$23) -> 0 | I95: =I92*(Kirish!$B$22+Kirish!$B$23) -> 0 | J95: =J92*(Kirish!$B$22+Kirish!$B$23) -> 0 | K95: =K92*(Kirish!$B$22+Kirish!$B$23) -> 0 | ... FP95: =FP92*(Kirish!$B$22+Kirish!$B$23) -> 0
A96: Sof operatsion daromad (NOI), $ | C96: =SUM(D96:FP96) -> 5091363.6 | D96: =D92-D93-D94-D95 -> 0 | E96: =E92-E93-E94-E95 -> 0 | F96: =F92-F93-F94-F95 -> 0 | G96: =G92-G93-G94-G95 -> 0 | H96: =H92-H93-H94-H95 -> 0 | I96: =I92-I93-I94-I95 -> 0 | J96: =J92-J93-J94-J95 -> 0 | K96: =K92-K93-K94-K95 -> 0 | ... FP96: =FP92-FP93-FP94-FP95 -> 0
A97: Amortizatsiya (soliq uchun), $ | C97: =SUM(D97:FP97) -> 1418906.7 | D97: =IF(D87=1,Parametrlar!$G$24*Kirish!$B$27/12,0) -> 0 | E97: =IF(E87=1,Parametrlar!$G$24*Kirish!$B$27/12,0) -> 0 | F97: =IF(F87=1,Parametrlar!$G$24*Kirish!$B$27/12,0) -> 0 | G97: =IF(G87=1,Parametrlar!$G$24*Kirish!$B$27/12,0) -> 0 | H97: =IF(H87=1,Parametrlar!$G$24*Kirish!$B$27/12,0) -> 0 | I97: =IF(I87=1,Parametrlar!$G$24*Kirish!$B$27/12,0) -> 0 | J97: =IF(J87=1,Parametrlar!$G$24*Kirish!$B$27/12,0) -> 0 | K97: =IF(K87=1,Parametrlar!$G$24*Kirish!$B$27/12,0) -> 0 | ... FP97: =IF(FP87=1,Parametrlar!$G$24*Kirish!$B$27/12,0) -> 0
A98: Ijaradan foyda solig'i, $ | C98: =SUM(D98:FP98) -> 562058.34 | D98: =MAX(0,D96-D97)*Kirish!$B$28 -> 0 | E98: =MAX(0,E96-E97)*Kirish!$B$28 -> 0 | F98: =MAX(0,F96-F97)*Kirish!$B$28 -> 0 | G98: =MAX(0,G96-G97)*Kirish!$B$28 -> 0 | H98: =MAX(0,H96-H97)*Kirish!$B$28 -> 0 | I98: =MAX(0,I96-I97)*Kirish!$B$28 -> 0 | J98: =MAX(0,J96-J97)*Kirish!$B$28 -> 0 | K98: =MAX(0,K96-K97)*Kirish!$B$28 -> 0 | ... FP98: =MAX(0,FP96-FP97)*Kirish!$B$28 -> 0
A99: Ijaradan sof oqim, $ | C99: =SUM(D99:FP99) -> 4529305.2 | D99: =D96-D98 -> 0 | E99: =E96-E98 -> 0 | F99: =F96-F98 -> 0 | G99: =G96-G98 -> 0 | H99: =H96-H98 -> 0 | I99: =I96-I98 -> 0 | J99: =J96-J98 -> 0 | K99: =K96-K98 -> 0 | ... FP99: =FP96-FP98 -> 0
A100: Terminal qiymat: yalpi daromad ÷ yalpi daromadlilik, sotuv xarajatlaridan keyin, $ | D100: =IF(AND(D87=1,D$4=Parametrlar!$G$8),D92*12*(1+Kirish!$D$53)/Kirish!$D$54*(1-Kirish!$B$29),0) -> 0 | E100: =IF(AND(E87=1,E$4=Parametrlar!$G$8),E92*12*(1+Kirish!$D$53)/Kirish!$D$54*(1-Kirish!$B$29),0) -> 0 | F100: =IF(AND(F87=1,F$4=Parametrlar!$G$8),F92*12*(1+Kirish!$D$53)/Kirish!$D$54*(1-Kirish!$B$29),0) -> 0 | G100: =IF(AND(G87=1,G$4=Parametrlar!$G$8),G92*12*(1+Kirish!$D$53)/Kirish!$D$54*(1-Kirish!$B$29),0) -> 0 | H100: =IF(AND(H87=1,H$4=Parametrlar!$G$8),H92*12*(1+Kirish!$D$53)/Kirish!$D$54*(1-Kirish!$B$29),0) -> 0 | I100: =IF(AND(I87=1,I$4=Parametrlar!$G$8),I92*12*(1+Kirish!$D$53)/Kirish!$D$54*(1-Kirish!$B$29),0) -> 0 | J100: =IF(AND(J87=1,J$4=Parametrlar!$G$8),J92*12*(1+Kirish!$D$53)/Kirish!$D$54*(1-Kirish!$B$29),0) -> 0 | K100: =IF(AND(K87=1,K$4=Parametrlar!$G$8),K92*12*(1+Kirish!$D$53)/Kirish!$D$54*(1-Kirish!$B$29),0) -> 0 | ... FP100: =IF(AND(FP87=1,FP$4=Parametrlar!$G$8),FP92*12*(1+Kirish!$D$53)/Kirish!$D$54*(1-Kirish!$B$29),0) -> 0
A101: Terminal qiymat (soliqdan keyin), $ | C101: =SUM(D101:FP101) -> 8231726.4 | D101: =IF(AND(D87=1,D$4=Parametrlar!$G$8),D100-MAX(0,D100-(Parametrlar!$G$23-SUM($D97:D97)))*Kirish!$B$28,0) -> 0 | E101: =IF(AND(E87=1,E$4=Parametrlar!$G$8),E100-MAX(0,E100-(Parametrlar!$G$23-SUM($D97:E97)))*Kirish!$B$28,0) -> 0 | F101: =IF(AND(F87=1,F$4=Parametrlar!$G$8),F100-MAX(0,F100-(Parametrlar!$G$23-SUM($D97:F97)))*Kirish!$B$28,0) -> 0 | G101: =IF(AND(G87=1,G$4=Parametrlar!$G$8),G100-MAX(0,G100-(Parametrlar!$G$23-SUM($D97:G97)))*Kirish!$B$28,0) -> 0 | H101: =IF(AND(H87=1,H$4=Parametrlar!$G$8),H100-MAX(0,H100-(Parametrlar!$G$23-SUM($D97:H97)))*Kirish!$B$28,0) -> 0 | I101: =IF(AND(I87=1,I$4=Parametrlar!$G$8),I100-MAX(0,I100-(Parametrlar!$G$23-SUM($D97:I97)))*Kirish!$B$28,0) -> 0 | J101: =IF(AND(J87=1,J$4=Parametrlar!$G$8),J100-MAX(0,J100-(Parametrlar!$G$23-SUM($D97:J97)))*Kirish!$B$28,0) -> 0 | K101: =IF(AND(K87=1,K$4=Parametrlar!$G$8),K100-MAX(0,K100-(Parametrlar!$G$23-SUM($D97:K97)))*Kirish!$B$28,0) -> 0 | ... FP101: =IF(AND(FP87=1,FP$4=Parametrlar!$G$8),FP100-MAX(0,FP100-(Parametrlar!$G$23-SUM($D97:FP97)))*Kirish!$B$28,0) -> 0
A102: SOF PUL OQIMI, $ | C102: =SUM(D102:FP102) -> 9116218.1 | D102: =-D85-D82-D83-D84+D79-D80-D81+D99+D101 -> -800000 | E102: =-E85-E82-E83-E84+E79-E80-E81+E99+E101 -> -184805.25 | F102: =-F85-F82-F83-F84+F79-F80-F81+F99+F101 -> -184805.25 | G102: =-G85-G82-G83-G84+G79-G80-G81+G99+G101 -> -184805.25 | H102: =-H85-H82-H83-H84+H79-H80-H81+H99+H101 -> -184805.25 | I102: =-I85-I82-I83-I84+I79-I80-I81+I99+I101 -> -184805.25 | J102: =-J85-J82-J83-J84+J79-J80-J81+J99+J101 -> -184805.25 | K102: =-K85-K82-K83-K84+K79-K80-K81+K99+K101 -> -184805.25 | ... FP102: =-FP85-FP82-FP83-FP84+FP79-FP80-FP81+FP99+FP101 -> 0
A103: Kumulyativ pul oqimi, $ | D103: =D102 -> -800000 | E103: =D103+E102 -> -984805.25 | F103: =E103+F102 -> -1169610.5 | G103: =F103+G102 -> -1354415.7 | H103: =G103+H102 -> -1539221 | I103: =H103+I102 -> -1724026.2 | J103: =I103+J102 -> -1908831.5 | K103: =J103+K102 -> -2093636.7 | L103: =K103+L102 -> -2278442 | ... FP103: =FO103+FP102 -> 9116218.1
A104: Diskontlangan oqim, $ | C104: =SUM(D104:FP104) -> 752876.12 | D104: =D102/(1+Kirish!$B$32)^(D$4/12) -> -800000 | E104: =E102/(1+Kirish!$B$32)^(E$4/12) -> -182932.6 | F104: =F102/(1+Kirish!$B$32)^(F$4/12) -> -181078.92 | G104: =G102/(1+Kirish!$B$32)^(G$4/12) -> -179244.03 | H104: =H102/(1+Kirish!$B$32)^(H$4/12) -> -177427.73 | I104: =I102/(1+Kirish!$B$32)^(I$4/12) -> -175629.83 | J104: =J102/(1+Kirish!$B$32)^(J$4/12) -> -173850.15 | K104: =K102/(1+Kirish!$B$32)^(K$4/12) -> -172088.51 | ... FP104: =FP102/(1+Kirish!$B$32)^(FP$4/12) -> 0
...

Sheet Hisob_C_Gibrid
A1: Oylik hisob — C. Gibrid (3 ssenariy)
A2: Barcha kataklar formula. USD, QQSsiz, foyda solig'idan keyin. 0-oy = hisob boshlanishi; qurilish 1..mc oylar; ekspluatatsiya mc+1 dan.
A4: Oy (m) | C4: Jami | D4: 0 | E4: 1 | F4: 2 | G4: 3 | H4: 4 | I4: 5 | J4: 6 | K4: 7 | L4: 8 | M4: 9 | N4: 10 | O4: 11 | P4: 12 | Q4: 13 | R4: 14 | S4: 15 | T4: 16 | U4: 17 | V4: 18 | W4: 19 | X4: 20 | Y4: 21 | Z4: 22 | AA4: 23 | AB4: 24 | AC4: 25 | AD4: 26 | AE4: 27 | AF4: 28 | AG4: 29 | AH4: 30 | AI4: 31 | AJ4: 32 | AK4: 33 | AL4: 34 | AM4: 35 | AN4: 36 | AO4: 37 | AP4: 38 | AQ4: 39 | AR4: 40 | AS4: 41 | AT4: 42 | AU4: 43 | AV4: 44 | AW4: 45 | AX4: 46 | AY4: 47 | AZ4: 48 | BA4: 49 | BB4: 50 | BC4: 51 | BD4: 52 | BE4: 53 | BF4: 54 | BG4: 55 | BH4: 56 | BI4: 57 | BJ4: 58 | BK4: 59 | BL4: 60 | BM4: 61 | BN4: 62 | BO4: 63 | BP4: 64 | BQ4: 65 | BR4: 66 | BS4: 67 | BT4: 68 | BU4: 69 | BV4: 70 | BW4: 71 | BX4: 72 | BY4: 73 | BZ4: 74 | CA4: 75 | CB4: 76 | CC4: 77 | CD4: 78 | CE4: 79 | CF4: 80 | CG4: 81 | CH4: 82 | CI4: 83 | CJ4: 84 | CK4: 85 | CL4: 86 | CM4: 87 | CN4: 88 | CO4: 89 | CP4: 90 | CQ4: 91 | CR4: 92 | CS4: 93 | CT4: 94 | CU4: 95 | CV4: 96 | CW4: 97 | CX4: 98 | CY4: 99 | CZ4: 100 | DA4: 101 | DB4: 102 | DC4: 103 | DD4: 104 | DE4: 105 | DF4: 106 | DG4: 107 | DH4: 108 | DI4: 109 | DJ4: 110 | DK4: 111 | DL4: 112 | DM4: 113 | DN4: 114 | DO4: 115 | DP4: 116 | DQ4: 117 | DR4: 118 | DS4: 119 | DT4: 120 | DU4: 121 | DV4: 122 | DW4: 123 | DX4: 124 | DY4: 125 | DZ4: 126 | EA4: 127 | EB4: 128 | EC4: 129 | ED4: 130 | EE4: 131 | EF4: 132 | EG4: 133 | EH4: 134 | EI4: 135 | EJ4: 136 | EK4: 137 | EL4: 138 | EM4: 139 | EN4: 140 | EO4: 141 | EP4: 142 | EQ4: 143 | ER4: 144 | ES4: 145 | ET4: 146 | EU4: 147 | EV4: 148 | EW4: 149 | EX4: 150 | EY4: 151 | EZ4: 152 | FA4: 153 | FB4: 154 | FC4: 155 | FD4: 156 | FE4: 157 | FF4: 158 | FG4: 159 | FH4: 160 | FI4: 161 | FJ4: 162 | FK4: 163 | FL4: 164 | FM4: 165 | FN4: 166 | FO4: 167 | FP4: 168
A5: Sana | D5: =DATE(Kirish!$B$6,Kirish!$B$7+D4,1) -> 46296 | E5: =DATE(Kirish!$B$6,Kirish!$B$7+E4,1) -> 46327 | F5: =DATE(Kirish!$B$6,Kirish!$B$7+F4,1) -> 46357 | G5: =DATE(Kirish!$B$6,Kirish!$B$7+G4,1) -> 46388 | H5: =DATE(Kirish!$B$6,Kirish!$B$7+H4,1) -> 46419 | I5: =DATE(Kirish!$B$6,Kirish!$B$7+I4,1) -> 46447 | J5: =DATE(Kirish!$B$6,Kirish!$B$7+J4,1) -> 46478 | K5: =DATE(Kirish!$B$6,Kirish!$B$7+K4,1) -> 46508 | ... FP5: =DATE(Kirish!$B$6,Kirish!$B$7+FP4,1) -> 51410
A6: Kalendar yil | D6: =YEAR(D5) -> 2026 | E6: =YEAR(E5) -> 2026 | F6: =YEAR(F5) -> 2026 | G6: =YEAR(G5) -> 2027 | H6: =YEAR(H5) -> 2027 | I6: =YEAR(I5) -> 2027 | J6: =YEAR(J5) -> 2027 | K6: =YEAR(K5) -> 2027 | ... FP6: =YEAR(FP5) -> 2040
A8: Ssenariy: Konservativ
A9: Narx koeffitsiyenti | D9: =IF(D$4<=Parametrlar!$H$4,1+Kirish!$B$44*D$4/Parametrlar!$H$4,(1+Kirish!$B$44)*(1+Kirish!$B$45)^((D$4-Parametrlar!$H$4)/12)) -> 1 | E9: =IF(E$4<=Parametrlar!$H$4,1+Kirish!$B$44*E$4/Parametrlar!$H$4,(1+Kirish!$B$44)*(1+Kirish!$B$45)^((E$4-Parametrlar!$H$4)/12)) -> 1.0037037 | F9: =IF(F$4<=Parametrlar!$H$4,1+Kirish!$B$44*F$4/Parametrlar!$H$4,(1+Kirish!$B$44)*(1+Kirish!$B$45)^((F$4-Parametrlar!$H$4)/12)) -> 1.0074074 | G9: =IF(G$4<=Parametrlar!$H$4,1+Kirish!$B$44*G$4/Parametrlar!$H$4,(1+Kirish!$B$44)*(1+Kirish!$B$45)^((G$4-Parametrlar!$H$4)/12)) -> 1.0111111 | H9: =IF(H$4<=Parametrlar!$H$4,1+Kirish!$B$44*H$4/Parametrlar!$H$4,(1+Kirish!$B$44)*(1+Kirish!$B$45)^((H$4-Parametrlar!$H$4)/12)) -> 1.0148148 | I9: =IF(I$4<=Parametrlar!$H$4,1+Kirish!$B$44*I$4/Parametrlar!$H$4,(1+Kirish!$B$44)*(1+Kirish!$B$45)^((I$4-Parametrlar!$H$4)/12)) -> 1.0185185 | J9: =IF(J$4<=Parametrlar!$H$4,1+Kirish!$B$44*J$4/Parametrlar!$H$4,(1+Kirish!$B$44)*(1+Kirish!$B$45)^((J$4-Parametrlar!$H$4)/12)) -> 1.0222222 | K9: =IF(K$4<=Parametrlar!$H$4,1+Kirish!$B$44*K$4/Parametrlar!$H$4,(1+Kirish!$B$44)*(1+Kirish!$B$45)^((K$4-Parametrlar!$H$4)/12)) -> 1.0259259 | ... FP9: =IF(FP$4<=Parametrlar!$H$4,1+Kirish!$B$44*FP$4/Parametrlar!$H$4,(1+Kirish!$B$44)*(1+Kirish!$B$45)^((FP$4-Parametrlar!$H$4)/12)) -> 1.1
